Workbook
Name Data24: AFRAPR!$C$5:$W$45
Name Data24: #REF!
Name Data25: AFRAPR!$C$5:$W$45
Name Districtname: #REF!
Name Districtname: Worksheet!$E$7
Name Print_Area_MI: VALTAX26!$B$1:$G$57

Sheet Worksheet
A1: Utah State Board of Education
A2: Local School District
A3: Residual per Student Expenditure
A4: Fund Transfer Worksheet
A5: FY 2026
B7: Type District Name Here: | E7: Alpine
C8: Page # of Report
A9: Items | E9: Total Amounts
A11: Total Expenditures Before Interfund Transfers:
A12: A. Maintenance and Operation Fund (AR) | C12: =VLOOKUP(Districtname,Data,3) -> #NAME? | E12: =VLOOKUP(Districtname,Data25,2,FALSE) -> 851320330
A13: B. Capital Outlay Expenditures | C13: =VLOOKUP(Districtname,Data,3) -> #NAME? | E13: =VLOOKUP(Districtname,Data25,3,FALSE) -> 122436473
A14: C. Less-Site Acquisition (AFR) | C14: =VLOOKUP(Districtname,Data,10) -> #NAME? | E14: =VLOOKUP(Districtname,Data25,6,FALSE)*-1 -> -25963549
A15: D. Less-New Sq. Ft. Construction (AFR) | C15: =VLOOKUP(Districtname,Data,10) -> #NAME? | E15: =VLOOKUP(Districtname,Data25,7,FALSE)*-1 -> -17620423
A16: E. Less-Remodeling (AFR) | C16: =VLOOKUP(Districtname,Data,10) -> #NAME? | E16: =VLOOKUP(Districtname,Data25,8,FALSE)*-1 -> -45334314
A17: F. | B17: Total (A through E) | E17: =+E12+E13+E14+E15+E16 -> 884838517
A19: Less Revenues:
A20: G. Taxes Collected Under MSP Basic Rate (AFR/AR) | E20: =VLOOKUP(Districtname,Data25,12,FALSE) -> 84129829
A21: H. State Revenue [M&O] (AR) | C21: =VLOOKUP(Districtname,Data,3) -> #NAME? | E21: =VLOOKUP(Districtname,Data25,13,FALSE) -> 633990447
A22: I. Federal Revenue [M&O] (AR) | C22: =VLOOKUP(Districtname,Data,3) -> #NAME? | E22: =VLOOKUP(Districtname,Data25,14,FALSE) -> 24984866
A23: J. State Revenue [CO] (AR) | C23: =VLOOKUP(Districtname,Data,3) -> #NAME? | E23: =VLOOKUP(Districtname,Data25,15,FALSE) -> 1379194
A24: K. Federal Revenue [CO] (AR) | C24: =VLOOKUP(Districtname,Data,3) -> #NAME? | E24: =VLOOKUP(Districtname,Data25,16,FALSE) -> 0
A25: L. | B25: Total (G through K) | E25: =+E20+E21+E22+E23+E24 -> 7.4448434e+08
A27: M. | B27: Difference (F minus L) | E27: =-E25+E17 -> 1.4035418e+08
A29: N. | B29: Average Daily Membership | E29: =VLOOKUP(Districtname,Data25,19,FALSE) -> 83660.106
A31: O. | B31: Local Expenditure per Student (Divide M by N) | E31: =IF(E29=0,0,ROUND(E27/E29,2)) -> 1677.67
A33: P. | B33: 50% Allotment (O times 50%) (Not less than zero) | E33: =IF(E31>0,ROUND(E31*0.5,2),0) -> 838.84
A35: Q. | B35: Number of Students Attending other LEAs | E35: 0
A37: R. | B37: Amount Due Other LEA (P times Q) | E37: =IF(E35=0,"",ROUND(E33*E35,2))
A39: Use this worksheet to calculate the per pupil share of local school district funds to
A40: be forwarded to another school district from the school district of residence
A41: for students attending schools within the host school district.
A43: Information for this worksheet is taken from the summary of Annual Financial Reports
A44: of school districts.
A46: Statute and Rule:
A47: UCA 53G-6-405
A48: R277-437

Sheet Summary Sheet
A1: Utah State Board of Education
A2: Local School District
A3: Summary of 50% of Local Expenditure per Student
A4: =Worksheet!A5 -> FY 2026
B6: Amount | C6: Number of
A7: District | B7: per Student | C7: Students | D7: Total
A8: Alpine | B8: =_xlfn.XLOOKUP(A8,AFRAPR!C5:C45,AFRAPR!W5:W45,0,0) -> 838.84 | D8: =+B8*C8 -> 0
A9: Beaver | B9: =_xlfn.XLOOKUP(A9,AFRAPR!C6:C46,AFRAPR!W6:W46,0,0) -> 2057.48 | D9: =+B9*C9 -> 0
A10: Box Elder | B10: =_xlfn.XLOOKUP(A10,AFRAPR!C7:C47,AFRAPR!W7:W47,0,0) -> 1224.79 | D10: =+B10*C10 -> 0
A11: Cache | B11: =_xlfn.XLOOKUP(A11,AFRAPR!C8:C48,AFRAPR!W8:W48,0,0) -> 451.77 | D11: =+B11*C11 -> 0
A12: Carbon | B12: =_xlfn.XLOOKUP(A12,AFRAPR!C9:C49,AFRAPR!W9:W49,0,0) -> 1825.12 | D12: =+B12*C12 -> 0
A13: Daggett | B13: =_xlfn.XLOOKUP(A13,AFRAPR!C10:C50,AFRAPR!W10:W50,0,0) -> 5785.56 | D13: =+B13*C13 -> 0
A14: Davis | B14: =_xlfn.XLOOKUP(A14,AFRAPR!C11:C51,AFRAPR!W11:W51,0,0) -> 1092.59 | D14: =+B14*C14 -> 0
A15: Duchesne | B15: =_xlfn.XLOOKUP(A15,AFRAPR!C12:C52,AFRAPR!W12:W52,0,0) -> 1369.27 | D15: =+B15*C15 -> 0
A16: Emery | B16: =_xlfn.XLOOKUP(A16,AFRAPR!C13:C53,AFRAPR!W13:W53,0,0) -> 3967.51 | D16: =+B16*C16 -> 0
A17: Garfield | B17: =_xlfn.XLOOKUP(A17,AFRAPR!C14:C54,AFRAPR!W14:W54,0,0) -> 353.13 | D17: =+B17*C17 -> 0
A18: Grand | B18: =_xlfn.XLOOKUP(A18,AFRAPR!C15:C55,AFRAPR!W15:W55,0,0) -> 4245.07 | D18: =+B18*C18 -> 0
A19: Granite | B19: =_xlfn.XLOOKUP(A19,AFRAPR!C16:C56,AFRAPR!W16:W56,0,0) -> 1350.46 | D19: =+B19*C19 -> 0
... A48: Canyons | B48: =_xlfn.XLOOKUP(A48,AFRAPR!C45:C85,AFRAPR!W45:W85,0,0) -> 2016.86 | D48: =+B48*C48 -> 0
D49: =SUM(D8:D47) -> 0
A50: AVERAGE | B50: =SUM(B8:B48)/41 -> 1830.068

Sheet AFRAPR
D2: 1 | E2: 2 | F2: 3 | G2: 4 | H2: 5 | I2: 6 | J2: 7 | K2: 8 | L2: 9 | M2: 10 | N2: 11 | O2: 12 | P2: 13 | Q2: 14 | R2: 15 | S2: 16 | T2: 17 | U2: 18 | V2: 19 | W2: 20
D3: General Fund Total Expendutures | E3: Capital Outlay Total Expenditures | F3: Interest | G3: Redemption of Principal | H3: AFR-Total Property | I3: AFR-Total Building | J3: AFR-Total Construction | K3: Total Exp Less Prop, Bldg, Construction | L3: Prop Tax Rev | M3: Rate | N3: Local Rev Collected Under Basic Rate (MSP) | O3: State Revenue Gen Fund | P3: Fed Revenue Gen fund | Q3: State Rev -Cap. Projects | R3: Fed Rev-Cap. Projects | S3: Total Local, State, Federal Rev | T3: Total Exp Less Local, State, Fed Rev & Exp for Prop., Bldg, Construction | U3: K-12 +SC ADM-FY25 | V3: Residual per Student Expenditure | W3: 0.5
A4: ID | C4: Name | D4: A | E4: B | F4: B1 | G4: B2 | H4: C | I4: D | J4: E | K4: F | N4: G | O4: H | P4: I | Q4: J | R4: K | S4: L | T4: M | U4: N | V4: O | W4: P
A5: 001 | B5: 1 | C5: Alpine | D5: 851320330 | E5: 122436473 | F5: 6671878 | G5: 6065422 | H5: 25963549 | I5: 17620423 | J5: 45334314 | K5: =D5+E5-H5-I5-J5 -> 884838517 | L5: 214015548 | M5: =VALTAX26!D10+VALTAX26!E10+VALTAX26!H10 -> 0.003508 | N5: =(VALTAX26!D10/AFRAPR!M5)*AFRAPR!L5 -> 84129829 | O5: 633990447 | P5: 24984866 | Q5: 1379194 | R5: 0 | S5: =SUM(N5:R5) -> 7.4448434e+08 | T5: =K5-S5 -> 1.4035418e+08 | U5: =_xlfn.XLOOKUP(B5,FY26_FE_Data_April15[ID],FY26_FE_Data_April15[FY25 ADM - K-12 + SC],0,0) -> 83660.106 | V5: =T5/U5 -> 1677.6716 | W5: =IF(V5>0,ROUND(V5/2,2),0) -> 838.84
A6: 002 | B6: 2 | C6: Beaver | D6: 23004418 | E6: 1339803.1 | F6: 0 | G6: 0 | H6: 0 | I6: 0 | J6: 459061.51 | K6: =D6+E6-H6-I6-J6 -> 23885159 | L6: 6914115.7 | M6: =VALTAX26!D11+VALTAX26!E11+VALTAX26!H11 -> 0.003937 | N6: =(VALTAX26!D11/AFRAPR!M6)*AFRAPR!L6 -> 2421784.5 | O6: 14863431 | P6: 766693.02 | Q6: 2392.65 | R6: 0 | S6: =SUM(N6:R6) -> 18054301 | T6: =K6-S6 -> 5830858 | U6: =_xlfn.XLOOKUP(B6,FY26_FE_Data_April15[ID],FY26_FE_Data_April15[FY25 ADM - K-12 + SC],0,0) -> 1416.9889 | V6: =T6/U6 -> 4114.9638 | W6: =IF(V6>0,ROUND(V6/2,2),0) -> 2057.48
A7: 003 | B7: 3 | C7: Box Elder | D7: 1.3348363e+08 | E7: 11101409 | F7: 224293.07 | G7: 1671351 | H7: 0 | I7: 866521.11 | J7: 114991.22 | K7: =D7+E7-H7-I7-J7 -> 1.4360353e+08 | L7: 35322558 | M7: =VALTAX26!D12+VALTAX26!E12+VALTAX26!H12 -> 0.004129 | N7: =(VALTAX26!D12/AFRAPR!M7)*AFRAPR!L7 -> 11796999 | O7: 94327918 | P7: 6691444.5 | Q7: 1312515.4 | R7: 20112.3 | S7: =SUM(N7:R7) -> 1.1414899e+08 | T7: =K7-S7 -> 29454539 | U7: =_xlfn.XLOOKUP(B7,FY26_FE_Data_April15[ID],FY26_FE_Data_April15[FY25 ADM - K-12 + SC],0,0) -> 12024.333 | V7: =T7/U7 -> 2449.5777 | W7: =IF(V7>0,ROUND(V7/2,2),0) -> 1224.79
A8: 004 | B8: 4 | C8: Cache | D8: 2.118608e+08 | E8: 54696222 | F8: 0 | G8: 0 | H8: 25000 | I8: 0 | J8: 52089538 | K8: =D8+E8-H8-I8-J8 -> 2.1444248e+08 | L8: 35196846 | M8: =VALTAX26!D13+VALTAX26!E13+VALTAX26!H13 -> 0.002852 | N8: =(VALTAX26!D13/AFRAPR!M8)*AFRAPR!L8 -> 17018391 | O8: 1.6616108e+08 | P8: 8750771.1 | Q8: 4663037.3 | R8: 0 | S8: =SUM(N8:R8) -> 1.9659328e+08 | T8: =K8-S8 -> 17849197 | U8: =_xlfn.XLOOKUP(B8,FY26_FE_Data_April15[ID],FY26_FE_Data_April15[FY25 ADM - K-12 + SC],0,0) -> 19754.767 | V8: =T8/U8 -> 903.53876 | W8: =IF(V8>0,ROUND(V8/2,2),0) -> 451.77
A9: 005 | B9: 5 | C9: Carbon | D9: 43398401 | E9: 6068891.4 | F9: 0 | G9: 0 | H9: 0 | I9: 124118.31 | J9: 3822069.8 | K9: =D9+E9-H9-I9-J9 -> 45521105 | L9: 11447410 | M9: =VALTAX26!D14+VALTAX26!E14+VALTAX26!H14 -> 0.004517 | N9: =(VALTAX26!D14/AFRAPR!M9)*AFRAPR!L9 -> 3494792.7 | O9: 27728265 | P9: 2459452.4 | Q9: 322911.98 | R9: 0 | S9: =SUM(N9:R9) -> 34005422 | T9: =K9-S9 -> 11515683 | U9: =_xlfn.XLOOKUP(B9,FY26_FE_Data_April15[ID],FY26_FE_Data_April15[FY25 ADM - K-12 + SC],0,0) -> 3154.7778 | V9: =T9/U9 -> 3650.2359 | W9: =IF(V9>0,ROUND(V9/2,2),0) -> 1825.12
A10: 006 | B10: 6 | C10: Daggett | D10: 6065843 | E10: 420441 | F10: 0 | G10: 0 | H10: 22850 | I10: 62496 | J10: 0 | K10: =D10+E10-H10-I10-J10 -> 6400938 | L10: 1513442 | M10: =VALTAX26!D15+VALTAX26!E15+VALTAX26!H15 -> 0.002746 | N10: =(VALTAX26!D15/AFRAPR!M10)*AFRAPR!L10 -> 760027.87 | O10: 3491467 | P10: 274419 | Q10: 50000 | R10: 0 | S10: =SUM(N10:R10) -> 4575913.9 | T10: =K10-S10 -> 1825024.1 | U10: =_xlfn.XLOOKUP(B10,FY26_FE_Data_April15[ID],FY26_FE_Data_April15[FY25 ADM - K-12 + SC],0,0) -> 157.72222 | V10: =T10/U10 -> 11571.129 | W10: =IF(V10>0,ROUND(V10/2,2),0) -> 5785.56
A11: 007 | B11: 7 | C11: Davis | D11: 7.6528678e+08 | E11: 2.0783479e+08 | F11: 0 | G11: 1500000 | H11: 433194.64 | I11: 0 | J11: 1.831261e+08 | K11: =D11+E11-H11-I11-J11 -> 7.8956228e+08 | L11: 1.7551597e+08 | M11: =VALTAX26!D16+VALTAX26!E16+VALTAX26!H16 -> 0.004094 | N11: =(VALTAX26!D16/AFRAPR!M11)*AFRAPR!L11 -> 59119817 | O11: 5.4233968e+08 | P11: 37595690 | Q11: 656071.15 | R11: 0 | S11: =SUM(N11:R11) -> 6.3971126e+08 | T11: =K11-S11 -> 1.4985102e+08 | U11: =_xlfn.XLOOKUP(B11,FY26_FE_Data_April15[ID],FY26_FE_Data_April15[FY25 ADM - K-12 + SC],0,0) -> 68576.311 | V11: =T11/U11 -> 2185.1718 | W11: =IF(V11>0,ROUND(V11/2,2),0) -> 1092.59
A12: 008 | B12: 8 | C12: Duchesne | D12: 66317893 | E12: 24741960 | F12: 2248323.9 | G12: 4251718.6 | H12: 0 | I12: 0 | J12: 17878142 | K12: =D12+E12-H12-I12-J12 -> 73181711 | L12: 16897873 | M12: =VALTAX26!D17+VALTAX26!E17+VALTAX26!H17 -> 0.003636 | N12: =(VALTAX26!D17/AFRAPR!M12)*AFRAPR!L12 -> 6408736.7 | O12: 45119796 | P12: 3309179.2 | Q12: 4834937.4 | R12: 0 | S12: =SUM(N12:R12) -> 59672649 | T12: =K12-S12 -> 13509061 | U12: =_xlfn.XLOOKUP(B12,FY26_FE_Data_April15[ID],FY26_FE_Data_April15[FY25 ADM - K-12 + SC],0,0) -> 4932.9444 | V12: =T12/U12 -> 2738.5391 | W12: =IF(V12>0,ROUND(V12/2,2),0) -> 1369.27
A13: 009 | B13: 9 | C13: Emery | D13: 42285439 | E13: 942946 | F13: 0 | G13: 0 | H13: 0 | I13: 0 | J13: 350393 | K13: =D13+E13-H13-I13-J13 -> 42877992 | L13: 12289897 | M13: =VALTAX26!D18+VALTAX26!E18+VALTAX26!H18 -> 0.005282 | N13: =(VALTAX26!D18/AFRAPR!M13)*AFRAPR!L13 -> 3208589.2 | O13: 23044446 | P13: 1282033 | Q13: 0 | R13: 0 | S13: =SUM(N13:R13) -> 27535068 | T13: =K13-S13 -> 15342924 | U13: =_xlfn.XLOOKUP(B13,FY26_FE_Data_April15[ID],FY26_FE_Data_April15[FY25 ADM - K-12 + SC],0,0) -> 1933.5722 | V13: =T13/U13 -> 7935.0146 | W13: =IF(V13>0,ROUND(V13/2,2),0) -> 3967.51
A14: 010 | B14: 10 | C14: Garfield | D14: 19519193 | E14: 4859972 | F14: 210648 | G14: 1325705 | H14: 17173 | I14: 0 | J14: 3050070 | K14: =D14+E14-H14-I14-J14 -> 21311922 | L14: 3734784 | M14: =VALTAX26!D19+VALTAX26!E19+VALTAX26!H19 -> 0.003379 | N14: =(VALTAX26!D19/AFRAPR!M14)*AFRAPR!L14 -> 1524198.6 | O14: 17846827 | P14: 635382 | Q14: 234672 | R14: 10820 | S14: =SUM(N14:R14) -> 20251900 | T14: =K14-S14 -> 1060022.4 | U14: =_xlfn.XLOOKUP(B14,FY26_FE_Data_April15[ID],FY26_FE_Data_April15[FY25 ADM - K-12 + SC],0,0) -> 1500.9 | V14: =T14/U14 -> 706.25783 | W14: =IF(V14>0,ROUND(V14/2,2),0) -> 353.13
A15: 011 | B15: 11 | C15: Grand | D15: 24496900 | E15: 7233026.4 | F15: 1222252.2 | G15: 1190000 | H15: 0 | I15: 0 | J15: 4097259.9 | K15: =D15+E15-H15-I15-J15 -> 27632667 | L15: 14773788 | M15: =VALTAX26!D20+VALTAX26!E20+VALTAX26!H20 -> 0.003768 | N15: =(VALTAX26!D20/AFRAPR!M15)*AFRAPR!L15 -> 5406861.4 | O15: 9140538.2 | P15: 1529560.2 | Q15: 0 | R15: 0 | S15: =SUM(N15:R15) -> 16076960 | T15: =K15-S15 -> 11555707 | U15: =_xlfn.XLOOKUP(B15,FY26_FE_Data_April15[ID],FY26_FE_Data_April15[FY25 ADM - K-12 + SC],0,0) -> 1361.0722 | V15: =T15/U15 -> 8490.1499 | W15: =IF(V15>0,ROUND(V15/2,2),0) -> 4245.07
A16: 012 | B16: 12 | C16: Granite | D16: 6.7577125e+08 | E16: 1.049858e+08 | F16: 40532.01 | G16: 365969.2 | H16: 499122.18 | I16: 0 | J16: 79115228 | K16: =D16+E16-H16-I16-J16 -> 7.011427e+08 | L16: 1.9604844e+08 | M16: =VALTAX26!D21+VALTAX26!E21+VALTAX26!H21 -> 0.0036 | N16: =(VALTAX26!D21/AFRAPR!M16)*AFRAPR!L16 -> 75097446 | O16: 4.2117754e+08 | P16: 45601525 | Q16: 1908047.8 | R16: 8053505.7 | S16: =SUM(N16:R16) -> 5.5183806e+08 | T16: =K16-S16 -> 1.4930464e+08 | U16: =_xlfn.XLOOKUP(B16,FY26_FE_Data_April15[ID],FY26_FE_Data_April15[FY25 ADM - K-12 + SC],0,0) -> 55278.978 | V16: =T16/U16 -> 2700.9298 | W16: =IF(V16>0,ROUND(V16/2,2),0) -> 1350.46
... A45: 042 | B45: 42 | C45: Canyons | D45: 3.9222523e+08 | E45: 1.0372713e+08 | F45: 5612478.7 | G45: 3525663.8 | H45: 59517568 | I45: 10178410 | J45: 14865848 | K45: =D45+E45-H45-I45-J45 -> 4.1139054e+08 | L45: 1.4695769e+08 | M45: =VALTAX26!D50+VALTAX26!E50+VALTAX26!H50 -> 0.003716 | N45: =(VALTAX26!D50/AFRAPR!M45)*AFRAPR!L45 -> 54535697 | O45: 2.0731116e+08 | P45: 18814122 | Q45: 2312836.6 | R45: 0 | S45: =SUM(N45:R45) -> 2.8297382e+08 | T45: =K45-S45 -> 1.2841672e+08 | U45: =_xlfn.XLOOKUP(B45,FY26_FE_Data_April15[ID],FY26_FE_Data_April15[FY25 ADM - K-12 + SC],0,0) -> 31835.772 | V45: =T45/U45 -> 4033.724 | W45: =IF(V45>0,ROUND(V45/2,2),0) -> 2016.86
D46: =SUM(D5:D45) -> 6.7165643e+09 | E46: =SUM(E5:E45) -> 1.5665501e+09 | F46: =SUM(F5:F45) -> 58018240 | G46: =SUM(G5:G45) -> 80825225 | H46: =SUM(H5:H45) -> 1.0416431e+08 | I46: =SUM(I5:I45) -> 2.5477113e+08 | J46: =SUM(J5:J45) -> 8.4562732e+08 | K46: =SUM(K5:K45) -> 7.0785516e+09 | L46: =SUM(L5:L45) -> 1.9846801e+09 | M46: =AVERAGE(M5:M45) -> 0.0035249268 | N46: =SUM(N5:N45) -> 7.8188584e+08 | O46: =SUM(O5:O45) -> 4.3666381e+09 | P46: =SUM(P5:P45) -> 3.220182e+08 | Q46: =SUM(Q5:Q45) -> 86707920 | R46: =SUM(R5:R45) -> 15654397 | S46: =SUM(S5:S45) -> 5.5729045e+09 | T46: =SUM(T5:T45) -> 1.5056472e+09 | U46: =SUM(U5:U45) -> 576537.05 | V46: =MEDIAN(V5:V45) -> 2994.4708 | W46: =AVERAGE(W5:W45) -> 1830.068
D48: General Fund 10 less local replacement (5619) | E48: Fund 32 Less Local Replacement (5619) | F48: Fund 32 Func 5* Obj 83* Not Used? | G48: Fund 32 Func 5* Obj 84* Not Used? | H48: Fund 32 Func 4* Obj 710 | I48: Fund 32 Func 4* Obj 720 | J48: Fund 32 Func 4* Obj 450 | L48: Fund 10 Revenue 1100s Property Taxes | M48: VALTAX | N48: VALTAX | O48: Fund 10 Rev 3* | P48: Fund 10 Rev 4* | Q48: Fund 32 Rev 3* | R48: Fund 32 Rev 4*

Sheet VALTAX26
B1: Estimated Assessed Valuations and Final Approved School District Tax Rates
B2: (Source: Utah State Tax Commission, Property Tax Division)
B3: Tax Year 2025 - FY 2025-26
B4: Statutory Maximum | E4: 0.0025 | G4: 0.003 | H4: 0.002 | I4: None
B5: USTC Budget Code | D5: 210 | E5: 525 | F5: 527 | G5: 246 | H5: 510 | I5: 230 | J5: 190 | K5: Total | M5: Total
C6: ***Initial | D6: Required Basic | E6: Board | F6: Charter | G6: Capital | H6: Voted | I6: Debt | J6: Discharge | K6: TY2024-25 | M6: Rate
B7: District | C7: Values Adj. for | D7: State-Supported | E7: Local Levy | F7: School Levy | G7: Local | H7: Local | I7: Service**** | J7: of | K7: Total Final | M7: W/O Charter
C8: RDA & BOE | D8: Program | G8: Levy | H8: Levy | J8: Judgement | K8: Local School | M8: Local Levy
C9: November 2024 | D9: 53F-2-301.5** | E9: 53F-8-302** | F9: 53F-2-703,704 | G9: 53F-8-303** | H9: 53F-8-301** | I9: 11-14-310** | J9: 59-2-1330** | K9: District Levy
A10: 1 | B10: Alpine | C10: 61247296364 | D10: 0.001379 | E10: 0.000977 | F10: 9.3e-05 | G10: 0.001729 | H10: 0.001152 | I10: 0.000444 | J10: 0 | K10: =+SUM(D10:J10) -> 0.005774 | M10: =K10-F10 -> 0.005681
A11: 2 | B11: Beaver | C11: 1630411251 | D11: 0.001379 | E11: 0.001705 | F11: 2e-06 | G11: 0.000925 | H11: 0.000853 | I11: 0.000326 | J11: 0 | K11: =+SUM(D11:J11) -> 0.00519 | M11: =K11-F11 -> 0.005188
A12: 3 | B12: Box Elder | C12: 8597963778 | D12: 0.001379 | E12: 0.00221 | F12: 5.3e-05 | G12: 0.002368 | H12: 0.00054 | I12: 0.000428 | J12: 0 | K12: =+SUM(D12:J12) -> 0.006978 | M12: =K12-F12 -> 0.006925
A13: 4 | B13: Cache | C13: 12161551799 | D13: 0.001379 | E13: 0.000711 | F13: 3.5e-05 | G13: 0.000423 | H13: 0.000762 | I13: 0.001326 | J13: 0 | K13: =+SUM(D13:J13) -> 0.004636 | M13: =K13-F13 -> 0.004601
A14: 5 | B14: Carbon | C14: 2556730265 | D14: 0.001379 | E14: 0.002038 | F14: 0.000101 | G14: 0.001437 | H14: 0.0011 | I14: 0.001042 | J14: 0 | K14: =+SUM(D14:J14) -> 0.007097 | M14: =K14-F14 -> 0.006996
A15: 6 | B15: Daggett | C15: 543618703 | D15: 0.001379 | E15: 0.001367 | F15: 0 | G15: 0.000684 | H15: 0 | I15: 0.000249 | J15: 0 | K15: =+SUM(D15:J15) -> 0.003679 | M15: =K15-F15 -> 0.003679
A16: 7 | B16: Davis | C16: 44631657076 | D16: 0.001379 | E16: 0.001306 | F16: 7.9e-05 | G16: 0.000518 | H16: 0.001409 | I16: 0.001615 | J16: 0 | K16: =+SUM(D16:J16) -> 0.006306 | M16: =K16-F16 -> 0.006227
A17: 8 | B17: Duchesne | C17: 4566450496 | D17: 0.001379 | E17: 0.001091 | F17: 3.1e-05 | G17: 0.002502 | H17: 0.001166 | I17: 0.001252 | J17: 0 | K17: =+SUM(D17:J17) -> 0.007421 | M17: =K17-F17 -> 0.00739
A18: 9 | B18: Emery | C18: 2155778876 | D18: 0.001379 | E18: 0.002193 | F18: 2.6e-05 | G18: 0.001152 | H18: 0.00171 | I18: 0.002211 | J18: 0 | K18: =+SUM(D18:J18) -> 0.008671 | M18: =K18-F18 -> 0.008645
A19: 10 | B19: Garfield | C19: 1204482674 | D19: 0.001379 | E19: 0.0007 | F19: 0 | G19: 0.00225 | H19: 0.0013 | I19: 0 | J19: 0 | K19: =+SUM(D19:J19) -> 0.005629 | M19: =K19-F19 -> 0.005629
A20: 11 | B20: Grand | C20: 3986040280 | D20: 0.001379 | E20: 0.001507 | F20: 4.2e-05 | G20: 0.001344 | H20: 0.000882 | I20: 0.000559 | J20: 0 | K20: =+SUM(D20:J20) -> 0.005713 | M20: =K20-F20 -> 0.005671
A21: 12 | B21: Granite | C21: 53371491285 | D21: 0.001379 | E21: 0.001514 | F21: 0.000142 | G21: 0.001484 | H21: 0.000707 | I21: 0.000634 | J21: 0 | K21: =+SUM(D21:J21) -> 0.00586 | M21: =K21-F21 -> 0.005718
... A50: 42 | B50: Canyons | C50: 39681302772 | D50: 0.001379 | E50: 0.001156 | F50: 5.6e-05 | G50: 0.000716 | H50: 0.001181 | I50: 0.001168 | J50: 0 | K50: =+SUM(D50:J50) -> 0.005656 | M50: =K50-F50 -> 0.0056
B51: Total | C51: =SUM(C10:C50) -> 583324806979
B52: Average Levies | D52: =AVERAGE(D10:D50) -> 0.001379 | E52: =AVERAGE(E10:E50) -> 0.0012205366 | F52: =AVERAGE(F10:F50) -> 4.9731707e-05 | G52: =AVERAGE(G10:G50) -> 0.0011598049 | H52: =AVERAGE(H10:H50) -> 0.00092539024 | I52: =AVERAGE(I10:I50) -> 0.00072102439 | J52: =AVERAGE(J10:J50) -> 1.5853659e-06 | K52: =AVERAGE(K10:K50) -> 0.0054570732 | M52: =AVERAGE(M10:M51) -> 0.0054073415
B53: *From initial Roll Values from the State Tax Commission with estimated fees-in-lieu, less adjustments calculated from estimated redevelopment increment data from
B54: redevelopment agencies.
B55: **Section of Utah Code 2018 that authorizes levy.
B56: ***Adjusted for redevelopment & board of equalization
B57: ****General Obligation Bond Debt

Sheet Data Table 4.15.2026
A1: ID | B1: Phase | C1: LEA Name | D1: Type | E1: In Operation in FY25? | F1: In Operation in FY26? | G1: In Operation in FY27 | H1: FY22ADM - SPED Resource | I1: FY22ADM - SPED Self-Contained | J1: FY22 ADM - Total SPED | K1: Oct 1, 2022 - K | L1: Oct 1, 2022 - Grades 1-6 | M1: Oct 1, 2022 - Grades 7-8 | N1: Oct 1, 2022 - Grades 9-12 | O1: Oct 1, 2022 - Grades K-12 | P1: Oct 1, 2022 - Grades 1-12 | Q1: Oct 1, 2022 - Grades K-8 | R1: Oct 1, 2022 - Self-Contained | S1: FY23 ADM - K | T1: FY23 ADM - Grade 1 | U1: FY23 ADM - Grade 2 | V1: FY23 ADM - Grade 3 | W1: FY23 ADM - Grade 4 | X1: FY23 ADM - Grade 5 | Y1: FY23 ADM - Grade 6 | Z1: FY23 ADM - Grade 7 | AA1: FY23 ADM - Grade 8 | AB1: FY23 ADM - Grade 9 | AC1: FY23 ADM - Grade 10 | AD1: FY23 ADM - Grade 11 | AE1: FY23 ADM - Grade 12 | AF1: FY23 ADM - Grades 1-6 | AG1: FY23 ADM - Grades 7-8 | AH1: FY23 ADM - Grades 9-12 | AI1: FY23 ADM - Grades K-8 | AJ1: FY23 ADM - Grades 1-12 | AK1: FY23 ADM - Grades K-12 | AL1: FY23 ADM - SPED Resource | AM1: FY23 ADM - SPED Self-Contained | AN1: FY23 ADM - Total SPED | AO1: FY23 ADM - K-12 + SC | AP1: Oct. 1, 2023 - K | AQ1: Oct. 1, 2023 - Grade 1 | AR1: Oct. 1, 2023 - Grade 2 | AS1: Oct. 1, 2023 - Grade 3 | AT1: Oct. 1, 2023 - Grade 4 | AU1: Oct. 1, 2023 - Grade 5 | AV1: Oct. 1, 2023 - Grade 6 | AW1: Oct. 1, 2023 - Grade 7 | AX1: Oct. 1, 2023 - Grade 8 | AY1: Oct. 1, 2023 - Grade 9 | AZ1: Oct. 1, 2023 - Grade 10 | BA1: Oct. 1, 2023 - Grade 11 | BB1: Oct. 1, 2023 - Grade 12 | BC1: Oct. 1, 2023 - Grades 1-6 | BD1: Oct. 1, 2023 - Grades 7-8 | BE1: Oct. 1, 2023 - Grades 9-12 | BF1: Oct. 1, 2023 - Grades K-8 | BG1: Oct. 1, 2023 - Grades 1-12 | BH1: Oct. 1, 2023 - Grades K-12 | BI1: Oct. 1, 2023 - FDK Counts | BJ1: Oct. 1, 2023 - HDK Counts | BK1: Oct. 1, 2023 - Foreign Exchange | BL1: Oct. 1, 2023 - Econ. Disadv. | BM1: Oct. 1, 2023 - SPED Resource | BN1: Oct. 1, 2023 - SPED Self-Contained | BO1: Oct. 1, 2023 - Total SPED | BP1: Oct. 1, 2023 - LEP | BQ1: Prostaff Ratios | BR1: ESA - All - FY24 | BS1: ESA - Educators Only - FY24 | BT1: TSM FTE - FY24 | BU1: Educ. Prof. Hrs. FTE - FY24 | BV1: Oct 1 2020 Counts - Online Students >180 Days | BW1: Oct 1 2023 Counts - Online Students >180 Days in FY2023/Still Online on Oct 1 | BX1: FY23 ADM - Online Students >180 Days | BY1: FY24 ADM - Half Day K | BZ1: FY24 ADM - Full Day K | CA1: FY24 ADM - Total K | CB1: FY24 ADM - Grade 1 | CC1: FY24 ADM - Grade 2 | CD1: FY24 ADM - Grade 3 | CE1: FY24 ADM - Grade 4 | CF1: FY24 ADM - Grade 5 | CG1: FY24 ADM - Grade 6 | CH1: FY24 ADM - Grade 7 | CI1: FY24 ADM - Grade 8 | CJ1: FY24 ADM - Grade 9 | CK1: FY24 ADM - Grade 10 | CL1: FY24 ADM - Grade 11 | CM1: FY24 ADM - Grade 12 | CN1: FY24 ADM - Grades 1-6 | CO1: FY24 ADM - Grades 7-8 | CP1: FY24 ADM - Grades 9-12 | CQ1: FY24 ADM - Grades K-8 | CR1: FY24 ADM - Grades 1-12 | CS1: FY24 ADM - Grades K-12 | CT1: FY24 ADM - SPED Resource | CU1: FY24 ADM - SPED Self-Contained | CV1: FY24 ADM - Total SPED | CW1: FY24 ADM - K-12 + SC | CX1: FY24 ADM - Online Students - Online All 180 Days | CY1: Oct. 1, 2024 - FDK | CZ1: Oct. 1, 2024 - HDK | DA1: Oct. 1, 2024 - Total K | DB1: Oct. 1, 2024 - Grade 1 | DC1: Oct. 1, 2024 - Grade 2 | DD1: Oct. 1, 2024 - Grade 3 | DE1: Oct. 1, 2024 - Grade 4 | DF1: Oct. 1, 2024 - Grade 5 | DG1: Oct. 1, 2024 - Grade 6 | DH1: Oct. 1, 2024 - Grade 7 | DI1: Oct. 1, 2024 - Grade 8 | DJ1: Oct. 1, 2024 - Grade 9 | DK1: Oct. 1, 2024 - Grade 10 | DL1: Oct. 1, 2024 - Grade 11 | DM1: Oct. 1, 2024 - Grade 12 | DN1: Oct. 1, 2024 - Grades 1-6 | DO1: Oct. 1, 2024 - Grades 7-8 | DP1: Oct. 1, 2024 - Grades 9-12 | DQ1: Oct. 1, 2024 - Grades K-8 | DR1: Oct. 1, 2024 - Grades 1-12 | DS1: Oct. 1, 2024 - Grades K-12 | DT1: Oct. 1, 2024 - Foreign Exchange | DU1: Oct. 1, 2024 - Econ. Disadv. | DV1: Oct. 1, 2024 - SPED Resource | DW1: Oct. 1, 2024 - SPED Self-Contained | DX1: Oct. 1, 2024 - Total SPED | DY1: Oct. 1, 2024 - K12+SC | DZ1: Oct. 1, 2024 - LEP | EA1: ESA - All - FY25 | EB1: ESA - Educators Only - FY25 | EC1: TSM FTE - Elementary - FY25 | ED1: TSM FTE - Secondary - FY25 | EE1: TSM FTE - Reg. Pre-K - FY25 | EF1: Educ. Prof. Hrs. FTE - FY25 | EG1: ProStaff Ratios - FY24 YE | EH1: Oct 1 2024 Counts - Online Students >=180 Days in FY2024/Still Online on Oct 1 | EI1: Oct 1, 2025 (CDC) - K | EJ1: Oct 1, 2025 (CDC) - Grades 1-12 | EK1: Oct 1, 2025 (CDC) - Grades 1-6 | EL1: Oct 1, 2025 (CDC) - Grades 7-8 | EM1: Oct 1, 2025 (CDC) - Grades 9-12 | EN1: Oct 1, 2025 (CDC) - Grades K-12 | EO1: December 1, 2024 - SPED Pre-K 3-5 Count | EP1: December 1, 2024 - SPED K-12 | EQ1: December 1, 2024 - SPED PreK-12 - All Ages | ER1: December 1, 2024 - SPED Resource | ES1: December 1, 2024 - SPED Self-Contained | ET1: FY24 ESY Count | EU1: FY24 Classified FTE: Instructional Paraprofessionals | EV1: FY24 Classified FTE: Library Paraprofessionals | EW1: FY24 Classified FTE: School Support | EX1: FY24 Classified FTE: Student Support | EY1: FY24 Classified FTE: Other Support Staff | EZ1: FY24 Classified FTE: All Qualifying FTE | FA1: FY25 ADM - Half Day K | FB1: FY25 ADM - Full Day K | FC1: FY25 ADM - Total K | FD1: FY25 ADM - Grade 1 | FE1: FY25 ADM - Grade 2 | FF1: FY25 ADM - Grade 3 | FG1: FY25 ADM - Grade 4 | FH1: FY25 ADM - Grade 5 | FI1: FY25 ADM - Grade 6 | FJ1: FY25 ADM - Grade 7 | FK1: FY25 ADM - Grade 8 | FL1: FY25 ADM - Grade 9 | FM1: FY25 ADM - Grade 10 | FN1: FY25 ADM - Grade 11 | FO1: FY25 ADM - Grade 12 | FP1: FY25 ADM - Grades 1-6 | FQ1: FY25 ADM - Grades 7-8 | FR1: FY25 ADM - Grades 9-12 | FS1: FY25 ADM - Grades K-8 | FT1: FY25 ADM - Grades 1-12 | FU1: FY25 ADM - Grades K-12 | FV1: FY25 ADM - SPED Resource | FW1: FY25 ADM - SPED Self-Contained | FX1: FY25 ADM - Total SPED | FY1: FY25 ADM - K-12 + SC | FZ1: Oct. 1, 2025 - HDK | GA1: Oct. 1, 2025 - FDK | GB1: Oct. 1, 2025 - Total K | GC1: Oct. 1, 2025 - Grade 1 | GD1: Oct. 1, 2025 - Grade 2 | GE1: Oct. 1, 2025 - Grade 3 | GF1: Oct. 1, 2025 - Grade 4 | GG1: Oct. 1, 2025 - Grade 5 | GH1: Oct. 1, 2025 - Grade 6 | GI1: Oct. 1, 2025 - Grade 7 | GJ1: Oct. 1, 2025 - Grade 8 | GK1: Oct. 1, 2025 - Grade 9 | GL1: Oct. 1, 2025 - Grade 10 | GM1: Oct. 1, 2025 - Grade 11 | GN1: Oct. 1, 2025 - Grade 12 | GO1: Oct. 1, 2025 - Grades 1-6 | GP1: Oct. 1, 2025 - Grades 7-8 | GQ1: Oct. 1, 2025 - Grades 9-12 | GR1: Oct. 1, 2025 - Grades K-8 | GS1: Oct. 1, 2025 - Grades 1-12 | GT1: Oct. 1, 2025 - Grades K-12 | GU1: Oct. 1, 2025 - Foreign Exchange | GV1: Oct. 1, 2025 - Econ. Disadv. | GW1: Oct. 1, 2025 - SPED Resource | GX1: Oct. 1, 2025 - SPED Self-Contained | GY1: Oct. 1, 2025 - Total SPED | GZ1: Oct. 1, 2025 - K-12 +SC | HA1: Oct. 1, 2025 - LEP | HB1: ESA - All - FY26 | HC1: ESA - Educators Only - FY26 | HD1: TSM FTE - Elementary - FY26 | HE1: TSM FTE - Secondary - FY26 | HF1: TSM FTE - Reg. Pre-K - FY26 | HG1: Educ. Prof. Hrs. FTE - FY26 | HH1: December 1, 2025 - SPED Pre-K 3-5 Total | HI1: December 1, 2025 - SPED K-12 | HJ1: December 1, 2025 - SPED PreK-12 - All Ages | HK1: December 1, 2025 - SPED Resource | HL1: December 1, 2025 - SPED Self-Contained | HM1: FY25 ESY Count | HN1: Oct 1, 2026 (CDC) - K | HO1: Oct 1, 2026 (CDC) - Grades 1-12 | HP1: Oct 1, 2026 (CDC) - Grades 1-6 | HQ1: Oct 1, 2026 (CDC) - Grades 7-8 | HR1: Oct 1, 2026 (CDC) - Grades 9-12 | HS1: Oct 1, 2026 (CDC) - Grades K-12 | HT1: Oct 1, 2026 (CDC) - Grades K-8 | HU1: FY25 ADM - Online Students - Online All 180 Days
A2: 1 | B2: 010 | C2: Alpine School District | D2: District | E2: Yes | F2: Yes | H2: 6976.2333 | I2: 1584.7278 | J2: 8560.9611 | K2: 5738 | L2: 37703 | M2: 13519 | N2: 27706 | O2: 84666 | P2: 78928 | Q2: 56960 | R2: 1484 | S2: 5611.5833 | T2: 6203.1556 | U2: 6133.1611 | V2: 6039.7778 | W2: 6224.9889 | X2: 6179.3889 | Y2: 6201.1333 | Z2: 6599.9444 | AA2: 6694.3444 | AB2: 6778.8611 | AC2: 7091.3556 | AD2: 6596.4167 | AE2: 5788.6944 | AF2: 36981.606 | AG2: 13294.289 | AH2: 26255.328 | AI2: 55887.478 | AJ2: 76531.222 | AK2: 82142.806 | AL2: 7415.7333 | AM2: 1644.0556 | AN2: 9059.7889 | AO2: 83786.861 | AP2: 5514 | AQ2: 5789 | AR2: 6303 | AS2: 6262 | AT2: 6151 | AU2: 6391 | AV2: 6333 | AW2: 6727 | AX2: 6839 | AY2: 6960 | AZ2: 7302 | BA2: 7272 | BB2: 6867 | BC2: 37229 | BD2: 13566 | BE2: 28401 | BF2: 56309 | BG2: 79196 | BH2: 84710 | BI2: 2456 | BJ2: 3058 | BK2: 50 | BL2: 18369 | BM2: 7750 | BN2: 1707 | BO2: 9457 | BP2: 4859 | BQ2: 0.082795505 | BR2: 4244.267 | BS2: 4031.267 | BT2: 3763.1394 | BU2: 4153.4164 | BV2: 251 | BW2: 26 | BX2: 1686.7833 | BY2: 2930.1444 | BZ2: 2450.6889 | CA2: 5380.8333 | CB2: 5702.3056 | CC2: 6176.4833 | CD2: 6127.5 | CE2: 6026.8444 | CF2: 6270.3667 | CG2: 6217.7 | CH2: 6604.7556 | CI2: 6719.7722 | CJ2: 6810.4556 | CK2: 7122.7333 | CL2: 7028.8389 | CM2: 5858.8056 | CN2: 36521.2 | CO2: 13324.528 | CP2: 26820.833 | CQ2: 55226.561 | CR2: 76666.561 | CS2: 82047.394 | CT2: 7661.65 | CU2: 1690.6056 | CV2: 9352.2556 | CW2: 83738 | CX2: 1734.5722 | CY2: 5171 | CZ2: 264 | DA2: 5435 | DB2: 5655 | DC2: 5877 | DD2: 6358 | DE2: 6326 | DF2: 6248 | DG2: 6522 | DH2: 6847 | DI2: 6832 | DJ2: 6942 | DK2: 7223 | DL2: 7251 | DM2: 7241 | DN2: 36986 | DO2: 13679 | DP2: 28657 | DQ2: 56100 | DR2: 79322 | DS2: 84757 | DT2: 58 | DU2: 16760 | DV2: 7822 | DW2: 1736 | DX2: 9558 | DY2: 86493 | DZ2: 4917 | EA2: 4326.752 | EB2: 4113.752 | EC2: 1890.559 | ED2: 1669.714 | EE2: 9.333 | EF2: 4396.838 | EG2: 0.084767337 | EI2: 5380 | EJ2: 78520 | EN2: 83900 | EO2: 1113 | EP2: 9587 | EQ2: 10700 | ER2: 7854 | ES2: 1733 | ET2: 330 | EU2: 11.625 | EV2: 73 | EW2: 182.72 | EX2: 149.3 | EY2: 260.938 | EZ2: 677.583 | FA2: 225.15556 | FB2: 5075.9667 | FC2: 5301.1222 | FD2: 5496.8889 | FE2: 5755.9389 | FF2: 6227.2111 | FG2: 6204.5722 | FH2: 6120.1667 | FI2: 6401.0389 | FJ2: 6678.9667 | FK2: 6686.2056 | FL2: 6791.1889 | FM2: 7064.7944 | FN2: 7039.8611 | FO2: 6166.8833 | FP2: 36205.817 | FQ2: 13365.172 | FR2: 27062.728 | FS2: 54872.111 | FT2: 76633.717 | FU2: 81934.839 | FV2: 7829.1222 | FW2: 1725.2667 | FX2: 9554.3889 | FY2: 83660.106 | FZ2: 757 | GA2: 4699 | GB2: 5456 | GC2: 5501 | GD2: 5626 | GE2: 5954 | GF2: 6383 | GG2: 6354 | GH2: 6287 | GI2: 7039 | GJ2: 6859 | GK2: 6919 | GL2: 7259 | GM2: 7249 | GN2: 7329 | GO2: 36105 | GP2: 13898 | GQ2: 28756 | GR2: 55459 | GS2: 78759 | GT2: 84215 | GU2: 50 | GV2: 16670 | GW2: 8046 | GX2: 1769 | GY2: 9815 | GZ2: 85984 | HA2: 4849 | HB2: 4371.091 | HC2: 4145.091 | HD2: 1914.448 | HE2: 1686.107 | HG2: 4411.213 | HH2: 981 | HI2: 9810 | HJ2: 10791 | HK2: 8076 | HL2: 1734 | HM2: 301 | HN2: 5377 | HO2: 77623 | HP2: 0 | HQ2: 0 | HR2: 0 | HS2: 83000 | HT2: =FY26_FE_Data_April15[[#This Row],[Oct 1, 2026 (CDC) - K]]+FY26_FE_Data_April15[[#This Row],[Oct 1, 2026 (CDC) - Grades 1-6]]+FY26_FE_Data_April15[[#This Row],[Oct 1, 2026 (CDC) - Grades 7-8]] -> 5377 | HU2: 1765.5722
A3: 2 | B3: 020 | C3: Beaver Co School District | D3: District | E3: Yes | F3: Yes | H3: 201.9 | I3: 19.711111 | J3: 221.61111 | K3: 102 | L3: 672 | M3: 247 | N3: 486 | O3: 1507 | P3: 1405 | Q3: 1021 | R3: 21 | S3: 102.63889 | T3: 117.03889 | U3: 105.44444 | V3: 111.28889 | W3: 114.83333 | X3: 109.15556 | Y3: 108.29444 | Z3: 128.25556 | AA3: 114.07222 | AB3: 138.60556 | AC3: 101.6 | AD3: 106.8 | AE3: 110.68333 | AF3: 666.05556 | AG3: 242.32778 | AH3: 457.68889 | AI3: 1011.0222 | AJ3: 1366.0722 | AK3: 1468.7111 | AL3: 208.84444 | AM3: 20.805556 | AN3: 229.65 | AO3: 1489.5167 | AP3: 102 | AQ3: 103 | AR3: 121 | AS3: 107 | AT3: 114 | AU3: 115 | AV3: 112 | AW3: 110 | AX3: 127 | AY3: 115 | AZ3: 139 | BA3: 97 | BB3: 106 | BC3: 672 | BD3: 237 | BE3: 457 | BF3: 1011 | BG3: 1366 | BH3: 1468 | BI3: 100 | BJ3: 2 | BK3: 0 | BL3: 738 | BM3: 205 | BN3: 16 | BO3: 221 | BP3: 28 | BQ3: 0.083648213 | BR3: 94.15 | BS3: 89.52 | BT3: 88.52 | BU3: 95.15 | BV3: 92 | BW3: 66 | BX3: 106.80555 | BY3: 0.627777 | BZ3: 100.53889 | CA3: 101.16667 | CB3: 101.04444 | CC3: 119.33333 | CD3: 106.80556 | CE3: 112.35 | CF3: 115.41111 | CG3: 107.11111 | CH3: 107.79444 | CI3: 127.25 | CJ3: 110.36111 | CK3: 136.5 | CL3: 93.133333 | CM3: 95.266667 | CN3: 662.05556 | CO3: 235.04444 | CP3: 435.26111 | CQ3: 998.26667 | CR3: 1332.3611 | CS3: 1433.5278 | CT3: 211.18333 | CU3: 16.505556 | CV3: 227.68889 | CW3: 1450.0333 | CX3: 0 | CY3: 95 | CZ3: 1 | DA3: 96 | DB3: 98 | DC3: 106 | DD3: 119 | DE3: 113 | DF3: 110 | DG3: 115 | DH3: 111 | DI3: 105 | DJ3: 129 | DK3: 108 | DL3: 135 | DM3: 89 | DN3: 661 | DO3: 216 | DP3: 461 | DQ3: 973 | DR3: 1338 | DS3: 1434 | DT3: 0 | DU3: 663 | DV3: 207 | DW3: 20 | DX3: 227 | DY3: 1454 | DZ3: 23 | EA3: 95.4 | EB3: 90.78 | EC3: 46.286 | ED3: 33.961 | EE3: 0 | EF3: 98.633 | EG3: 0.084503109 | EI3: 95 | EJ3: 1325 | EN3: 1420 | EO3: 22 | EP3: 236 | EQ3: 258 | ER3: 215 | ES3: 21 | ET3: 34 | EU3: 42.12 | EV3: 4.54 | EW3: 6.5 | EX3: 2 | EY3: 24.5 | EZ3: 79.66 | FA3: 2 | FB3: 89.816667 | FC3: 91.816667 | FD3: 97.566667 | FE3: 106.95 | FF3: 116.17222 | FG3: 109.43333 | FH3: 110.6 | FI3: 114.27778 | FJ3: 105.51111 | FK3: 102.93333 | FL3: 126.78333 | FM3: 102.12778 | FN3: 128.05 | FO3: 83.616667 | FP3: 655 | FQ3: 208.44444 | FR3: 440.57778 | FS3: 955.26111 | FT3: 1304.0222 | FU3: 1395.8389 | FV3: 216.81667 | FW3: 21.15 | FX3: 237.96667 | FY3: 1416.9889 | FZ3: 0 | GA3: 89 | GB3: 89 | GC3: 93 | GD3: 105 | GE3: 108 | GF3: 117 | GG3: 120 | GH3: 117 | GI3: 121 | GJ3: 109 | GK3: 107 | GL3: 126 | GM3: 102 | GN3: 138 | GO3: 660 | GP3: 230 | GQ3: 473 | GR3: 979 | GS3: 1363 | GT3: 1452 | GU3: 0 | GV3: 675 | GW3: 232 | GX3: 22 | GY3: 254 | GZ3: 1474 | HA3: 21 | HB3: 95.203 | HC3: 90.583 | HD3: 46.166 | HE3: 35.022 | HG3: 99.433 | HH3: 19 | HI3: 262 | HJ3: 281 | HK3: 239 | HL3: 23 | HM3: 27 | HN3: 87 | HO3: 1332 | HP3: 0 | HQ3: 0 | HR3: 0 | HS3: 1419 | HT3: =FY26_FE_Data_April15[[#This Row],[Oct 1, 2026 (CDC) - K]]+FY26_FE_Data_April15[[#This Row],[Oct 1, 2026 (CDC) - Grades 1-6]]+FY26_FE_Data_April15[[#This Row],[Oct 1, 2026 (CDC) - Grades 7-8]] -> 87 | HU3: 0
A4: 3 | B4: 030 | C4: Box Elder Co School District | D4: District | E4: Yes | F4: Yes | H4: 1172.0667 | I4: 202.26667 | J4: 1374.3333 | K4: 831 | L4: 5633 | M4: 1960 | N4: 3914 | O4: 12338 | P4: 11507 | Q4: 8424 | R4: 206 | S4: 820.28889 | T4: 926.06667 | U4: 966.77778 | V4: 892.28889 | W4: 919.16111 | X4: 879.82778 | Y4: 929.98333 | Z4: 933.1 | AA4: 982.95 | AB4: 972.89444 | AC4: 1029.1056 | AD4: 949.69444 | AE4: 769.27778 | AF4: 5514.1056 | AG4: 1916.05 | AH4: 3720.9722 | AI4: 8250.4444 | AJ4: 11151.128 | AK4: 11971.417 | AL4: 1197.4889 | AM4: 204.15556 | AN4: 1401.6444 | AO4: 12175.572 | AP4: 821 | AQ4: 847 | AR4: 937 | AS4: 985 | AT4: 912 | AU4: 938 | AV4: 911 | AW4: 943 | AX4: 971 | AY4: 1041 | AZ4: 1000 | BA4: 1003 | BB4: 959 | BC4: 5530 | BD4: 1914 | BE4: 4003 | BF4: 8265 | BG4: 11447 | BH4: 12268 | BI4: 813 | BJ4: 8 | BK4: 6 | BL4: 4025 | BM4: 1265 | BN4: 224 | BO4: 1489 | BP4: 441 | BQ4: 0.083906684 | BR4: 687.82 | BS4: 657.85 | BT4: 623.95 | BU4: 704.72 | BV4: 0 | BW4: 0 | BX4: 0 | BY4: 21.522222 | BZ4: 791.4 | CA4: 812.92222 | CB4: 826.92222 | CC4: 916.30556 | CD4: 962.38889 | CE4: 905.43889 | CF4: 923.65 | CG4: 889.66667 | CH4: 918.56667 | CI4: 938.22222 | CJ4: 1010.3167 | CK4: 963.15556 | CL4: 966.97778 | CM4: 836.31667 | CN4: 5424.3722 | CO4: 1856.7889 | CP4: 3776.7667 | CQ4: 8094.0833 | CR4: 11057.928 | CS4: 11870.85 | CT4: 1279.0722 | CU4: 224.73333 | CV4: 1503.8056 | CW4: 12095.583 | CX4: 0 | CY4: 836 | CZ4: 46 | DA4: 882 | DB4: 822 | DC4: 850 | DD4: 931 | DE4: 980 | DF4: 911 | DG4: 960 | DH4: 919 | DI4: 972 | DJ4: 1014 | DK4: 1038 | DL4: 982 | DM4: 983 | DN4: 5454 | DO4: 1891 | DP4: 4017 | DQ4: 8227 | DR4: 11362 | DS4: 12244 | DT4: 9 | DU4: 3924 | DV4: 1388 | DW4: 227 | DX4: 1615 | DY4: 12471 | DZ4: 441 | EA4: 711.63 | EB4: 681.63 | EC4: 311.632 | ED4: 268.228 | EE4: 0 | EF4: 735.51 | EG4: 0.083551313 | EI4: 886 | EJ4: 11414 | EN4: 12300 | EO4: 231 | EP4: 1590 | EQ4: 1821 | ER4: 1358 | ES4: 232 | ET4: 40 | EU4: 310.923 | EV4: 9.175 | EW4: 44.866 | EX4: 5.875 | EY4: 242.107 | EZ4: 612.946 | FA4: 20 | FB4: 838.58889 | FC4: 858.58889 | FD4: 805.18889 | FE4: 829.12778 | FF4: 907.51667 | FG4: 955.91111 | FH4: 891.27778 | FI4: 931.87778 | FJ4: 889.15 | FK4: 947.97222 | FL4: 989.17778 | FM4: 1003.8944 | FN4: 942.39444 | FO4: 838.22778 | FP4: 5320.9 | FQ4: 1837.1222 | FR4: 3773.6944 | FS4: 8016.6111 | FT4: 10931.717 | FU4: 11790.306 | FV4: 1360.3944 | FW4: 234.02778 | FX4: 1594.4222 | FY4: 12024.333 | FZ4: 29 | GA4: 779 | GB4: 808 | GC4: 867 | GD4: 832 | GE4: 842 | GF4: 942 | GG4: 1001 | GH4: 917 | GI4: 958 | GJ4: 940 | GK4: 986 | GL4: 1023 | GM4: 999 | GN4: 972 | GO4: 5401 | GP4: 1898 | GQ4: 3980 | GR4: 8107 | GS4: 11279 | GT4: 12087 | GU4: 6 | GV4: 3621 | GW4: 1399 | GX4: 226 | GY4: 1625 | GZ4: 12313 | HA4: 415 | HB4: 717.09 | HC4: 683.09 | HD4: 304.151 | HE4: 264.259 | HG4: 724.09 | HH4: 218 | HI4: 1613 | HJ4: 1831 | HK4: 1395 | HL4: 218 | HM4: 58 | HN4: 795 | HO4: 11105 | HP4: 0 | HQ4: 0 | HR4: 0 | HS4: 11900 | HT4: =FY26_FE_Data_April15[[#This Row],[Oct 1, 2026 (CDC) - K]]+FY26_FE_Data_April15[[#This Row],[Oct 1, 2026 (CDC) - Grades 1-6]]+FY26_FE_Data_April15[[#This Row],[Oct 1, 2026 (CDC) - Grades 7-8]] -> 795 | HU4: 0
A5: 4 | B5: 040 | C5: Cache Co School District | D5: District | E5: Yes | F5: Yes | H5: 1942.4444 | I5: 316.53333 | J5: 2258.9778 | K5: 1308 | L5: 8695 | M5: 3029 | N5: 6699 | O5: 19731 | P5: 18423 | Q5: 13032 | R5: 347 | S5: 1265.2667 | T5: 1389.1111 | U5: 1360.4778 | V5: 1390.9944 | W5: 1428.8278 | X5: 1451.7278 | Y5: 1518.1111 | Z5: 1474.7444 | AA5: 1515.2667 | AB5: 1684.7333 | AC5: 1700.6056 | AD5: 1626.4889 | AE5: 1489.3222 | AF5: 8539.25 | AG5: 2990.0111 | AH5: 6501.15 | AI5: 12794.528 | AJ5: 18030.411 | AK5: 19295.678 | AL5: 1883.4 | AM5: 342.18333 | AN5: 2225.5833 | AO5: 19637.861 | AP5: 1275 | AQ5: 1343 | AR5: 1426 | AS5: 1421 | AT5: 1449 | AU5: 1479 | AV5: 1518 | AW5: 1603 | AX5: 1493 | AY5: 1720 | AZ5: 1695 | BA5: 1711 | BB5: 1661 | BC5: 8636 | BD5: 3096 | BE5: 6787 | BF5: 13007 | BG5: 18519 | BH5: 19794 | BI5: 613 | BJ5: 662 | BK5: 21 | BL5: 5235 | BM5: 1999 | BN5: 324 | BO5: 2323 | BP5: 697 | BQ5: 0.088204922 | BR5: 1047.843 | BS5: 1011.843 | BT5: 938.45598 | BU5: 1033.624 | BV5: 0 | BW5: 0 | BX5: 0 | BY5: 651.46667 | BZ5: 599.53333 | CA5: 1251 | CB5: 1306.8722 | CC5: 1393.4667 | CD5: 1409.0556 | CE5: 1419.0278 | CF5: 1452.3389 | CG5: 1502.0222 | CH5: 1571.6278 | CI5: 1481.0222 | CJ5: 1696.3389 | CK5: 1664.5056 | CL5: 1673.9222 | CM5: 1557.7944 | CN5: 8482.7833 | CO5: 3052.65 | CP5: 6592.5611 | CQ5: 12786.433 | CR5: 18127.994 | CS5: 19378.994 | CT5: 1931.2833 | CU5: 321.56667 | CV5: 2252.85 | CW5: 19700.561 | CX5: 0 | CY5: 1018 | CZ5: 200 | DA5: 1218 | DB5: 1316 | DC5: 1358 | DD5: 1456 | DE5: 1458 | DF5: 1483 | DG5: 1502 | DH5: 1590 | DI5: 1623 | DJ5: 1716 | DK5: 1740 | DL5: 1676 | DM5: 1711 | DN5: 8573 | DO5: 3213 | DP5: 6843 | DQ5: 13004 | DR5: 18629 | DS5: 19847 | DT5: 24 | DU5: 5515 | DV5: 1968 | DW5: 337 | DX5: 2305 | DY5: 20184 | DZ5: 735 | EA5: 1062.375 | EB5: 1026.375 | EC5: 454.337 | ED5: 413.829 | EE5: 2.957 | EF5: 1074.58 | EG5: 0.089839445 | EI5: 1215 | EJ5: 18584 | EN5: 19799 | EO5: 357 | EP5: 2250 | EQ5: 2607 | ER5: 1911 | ES5: 339 | ET5: 226 | EU5: 890 | EV5: 15 | EW5: 59 | EX5: 12 | EY5: 330 | EZ5: 1306 | FA5: 180.21111 | FB5: 1010.0944 | FC5: 1190.3056 | FD5: 1282.9222 | FE5: 1329.5167 | FF5: 1421.8167 | FG5: 1434.6444 | FH5: 1450.6167 | FI5: 1467.5667 | FJ5: 1568.75 | FK5: 1600.4667 | FL5: 1688.9611 | FM5: 1709.3333 | FN5: 1645.1 | FO5: 1617.65 | FP5: 8387.0833 | FQ5: 3169.2167 | FR5: 6661.0444 | FS5: 12746.606 | FT5: 18217.344 | FU5: 19407.65 | FV5: 1911.5722 | FW5: 347.11667 | FX5: 2258.6889 | FY5: 19754.767 | FZ5: 152 | GA5: 1034 | GB5: 1186 | GC5: 1235 | GD5: 1320 | GE5: 1369 | GF5: 1471 | GG5: 1488 | GH5: 1517 | GI5: 1544 | GJ5: 1610 | GK5: 1822 | GL5: 1714 | GM5: 1732 | GN5: 1712 | GO5: 8400 | GP5: 3154 | GQ5: 6980 | GR5: 12740 | GS5: 18534 | GT5: 19720 | GU5: 15 | GV5: 4982 | GW5: 1921 | GX5: 382 | GY5: 2303 | GZ5: 20102 | HA5: 685 | HB5: 1075.368 | HC5: 1038.868 | HD5: 453.66 | HE5: 420.446 | HG5: 1090.048 | HH5: 341 | HI5: 2264 | HJ5: 2605 | HK5: 1886 | HL5: 378 | HM5: 264 | HN5: 1158 | HO5: 18092 | HP5: 0 | HQ5: 0 | HR5: 0 | HS5: 19250 | HT5: =FY26_FE_Data_April15[[#This Row],[Oct 1, 2026 (CDC) - K]]+FY26_FE_Data_April15[[#This Row],[Oct 1, 2026 (CDC) - Grades 1-6]]+FY26_FE_Data_April15[[#This Row],[Oct 1, 2026 (CDC) - Grades 7-8]] -> 1158 | HU5: 0
A6: 5 | B6: 050 | C6: Carbon Co School District | D6: District | E6: Yes | F6: Yes | H6: 438.91111 | I6: 67.177778 | J6: 506.08889 | K6: 213 | L6: 1521 | M6: 548 | N6: 1052 | O6: 3334 | P6: 3121 | Q6: 2282 | R6: 56 | S6: 206.18333 | T6: 247.58889 | U6: 230.10556 | V6: 213.96667 | W6: 287.01111 | X6: 253.4 | Y6: 260.86111 | Z6: 263.42778 | AA6: 274.1 | AB6: 263.95 | AC6: 284.13333 | AD6: 236.12778 | AE6: 223.07778 | AF6: 1492.9333 | AG6: 537.52778 | AH6: 1007.2889 | AI6: 2236.6444 | AJ6: 3037.75 | AK6: 3243.9333 | AL6: 477.15556 | AM6: 50.672222 | AN6: 527.82778 | AO6: 3294.6056 | AP6: 201 | AQ6: 200 | AR6: 244 | AS6: 226 | AT6: 219 | AU6: 287 | AV6: 253 | AW6: 265 | AX6: 252 | AY6: 273 | AZ6: 263 | BA6: 267 | BB6: 228 | BC6: 1429 | BD6: 517 | BE6: 1031 | BF6: 2147 | BG6: 2977 | BH6: 3178 | BI6: 201 | BJ6: 0 | BK6: 5 | BL6: 1449 | BM6: 454 | BN6: 39 | BO6: 493 | BP6: 78 | BQ6: 0.083952468 | BR6: 217.95 | BS6: 205.95 | BT6: 196.75 | BU6: 220.95 | BV6: 0 | BW6: 0 | BX6: 0 | BY6: 0 | BZ6: 197.73889 | CA6: 197.73889 | CB6: 201.18333 | CC6: 241.00556 | CD6: 222.83333 | CE6: 219.38333 | CF6: 283.72778 | CG6: 257.2 | CH6: 267.42778 | CI6: 256.01667 | CJ6: 271.58333 | CK6: 249.87222 | CL6: 256.48333 | CM6: 212.13333 | CN6: 1425.3333 | CO6: 523.44444 | CP6: 990.07222 | CQ6: 2146.5167 | CR6: 2938.85 | CS6: 3136.5889 | CT6: 482.05 | CU6: 43.416667 | CV6: 525.46667 | CW6: 3180.0056 | CX6: 0 | CY6: 239 | CZ6: 0 | DA6: 239 | DB6: 198 | DC6: 197 | DD6: 251 | DE6: 230 | DF6: 229 | DG6: 294 | DH6: 266 | DI6: 261 | DJ6: 246 | DK6: 277 | DL6: 248 | DM6: 250 | DN6: 1399 | DO6: 527 | DP6: 1021 | DQ6: 2165 | DR6: 2947 | DS6: 3186 | DT6: 6 | DU6: 1536 | DV6: 480 | DW6: 39 | DX6: 519 | DY6: 3225 | DZ6: 84 | EA6: 219 | EB6: 207 | EC6: 88.6 | ED6: 84.29 | EE6: 0.5 | EF6: 220 | EG6: 0.083312661 | EI6: 235 | EJ6: 2897 | EN6: 3132 | EO6: 77 | EP6: 512 | EQ6: 590 | ER6: 476 | ES6: 36 | ET6: 48 | EU6: 120.1 | EV6: 4.8 | EW6: 19.73 | EX6: 15.5 | EY6: 89.32 | EZ6: 249.45 | FA6: 1 | FB6: 236.72778 | FC6: 237.72778 | FD6: 190.9 | FE6: 192.51111 | FF6: 246.56667 | FG6: 226.85 | FH6: 227.80556 | FI6: 288.72222 | FJ6: 261.04444 | FK6: 257.43889 | FL6: 241.08889 | FM6: 265.12778 | FN6: 240.22778 | FO6: 239.84444 | FP6: 1373.3556 | FQ6: 518.48333 | FR6: 986.28889 | FS6: 2129.5667 | FT6: 2878.1278 | FU6: 3115.8556 | FV6: 463.11667 | FW6: 38.922222 | FX6: 502.03889 | FY6: 3154.7778 | FZ6: 0 | GA6: 236 | GB6: 236 | GC6: 237 | GD6: 194 | GE6: 197 | GF6: 254 | GG6: 225 | GH6: 236 | GI6: 296 | GJ6: 259 | GK6: 263 | GL6: 243 | GM6: 259 | GN6: 236 | GO6: 1343 | GP6: 555 | GQ6: 1001 | GR6: 2134 | GS6: 2899 | GT6: 3135 | GU6: 1 | GV6: 1300 | GW6: 441 | GX6: 51 | GY6: 492 | GZ6: 3186 | HA6: 87 | HB6: 212 | HC6: 200 | HD6: 88.74 | HE6: 81.02 | HG6: 213.5 | HH6: 58 | HI6: 501 | HJ6: 559 | HK6: 449 | HL6: 52 | HM6: 49 | HN6: 233 | HO6: 2861 | HP6: 0 | HQ6: 0 | HR6: 0 | HS6: 3094 | HT6: =FY26_FE_Data_April15[[#This Row],[Oct 1, 2026 (CDC) - K]]+FY26_FE_Data_April15[[#This Row],[Oct 1, 2026 (CDC) - Grades 1-6]]+FY26_FE_Data_April15[[#This Row],[Oct 1, 2026 (CDC) - Grades 7-8]] -> 233 | HU6: 0
A7: 6 | B7: 060 | C7: Daggett Co School District | D7: District | E7: Yes | F7: Yes | H7: 27.161111 | I7: 3.5666667 | J7: 30.727778 | K7: 9 | L7: 78 | M7: 24 | N7: 66 | O7: 177 | P7: 168 | Q7: 111 | R7: 2 | S7: 8.6111111 | T7: 13 | U7: 12.777778 | V7: 9.15 | W7: 13.372222 | X7: 11.288889 | Y7: 15.772222 | Z7: 11.1 | AA7: 13 | AB7: 16.377778 | AC7: 16.627778 | AD7: 15.388889 | AE7: 16.483333 | AF7: 75.361111 | AG7: 24.1 | AH7: 64.877778 | AI7: 108.07222 | AJ7: 164.33889 | AK7: 172.95 | AL7: 19.805556 | AM7: 1.4444444 | AN7: 21.25 | AO7: 174.39444 | AP7: 11 | AQ7: 8 | AR7: 14 | AS7: 14 | AT7: 10 | AU7: 15 | AV7: 11 | AW7: 19 | AX7: 11 | AY7: 13 | AZ7: 17 | BA7: 16 | BB7: 18 | BC7: 72 | BD7: 30 | BE7: 64 | BF7: 113 | BG7: 166 | BH7: 177 | BI7: 11 | BJ7: 0 | BK7: 0 | BL7: 40 | BM7: 19 | BN7: 0 | BO7: 19 | BP7: 0 | BQ7: 0.068478261 | BR7: 22.008 | BS7: 21.458 | BT7: 21.458 | BU7: 22.008 | BV7: 0 | BW7: 0 | BX7: 0 | BY7: 0 | BZ7: 10.9 | CA7: 10.9 | CB7: 8.0944444 | CC7: 13.066667 | CD7: 14 | CE7: 9.9 | CF7: 15.255556 | CG7: 11.972222 | CH7: 18.533333 | CI7: 11 | CJ7: 12.75 | CK7: 17 | CL7: 15.744444 | CM7: 17.922222 | CN7: 72.288889 | CO7: 29.533333 | CP7: 63.416667 | CQ7: 112.72222 | CR7: 165.23889 | CS7: 176.13889 | CT7: 23.622222 | CU7: 0 | CV7: 23.622222 | CW7: 176.13889 | CX7: 0 | CY7: 6 | CZ7: 1 | DA7: 7 | DB7: 8 | DC7: 9 | DD7: 12 | DE7: 13 | DF7: 9 | DG7: 15 | DH7: 14 | DI7: 17 | DJ7: 12 | DK7: 13 | DL7: 16 | DM7: 16 | DN7: 66 | DO7: 31 | DP7: 57 | DQ7: 104 | DR7: 154 | DS7: 161 | DT7: 0 | DU7: 38 | DV7: 23 | DW7: 1 | DX7: 24 | DY7: 162 | DZ7: 0 | EA7: 20.8 | EB7: 20.25 | EC7: 7.92 | ED7: 9.53 | EE7: 1 | EF7: 22.1 | EG7: 0.073958333 | EI7: 6 | EJ7: 139 | EN7: 145 | EO7: 2 | EP7: 25 | EQ7: 27 | ER7: 25 | ES7: 0 | ET7: 2 | EU7: 6.04 | EV7: 0 | EW7: 2.46 | EX7: 0.17 | EY7: 12.01 | EZ7: 20.68 | FA7: 0 | FB7: 6.7222222 | FC7: 6.7222222 | FD7: 8.6833333 | FE7: 8.0833333 | FF7: 11.638889 | FG7: 12.25 | FH7: 9.0166667 | FI7: 15 | FJ7: 12.655556 | FK7: 17.466667 | FL7: 12 | FM7: 12.761111 | FN7: 15.433333 | FO7: 16 | FP7: 64.672222 | FQ7: 30.122222 | FR7: 56.194444 | FS7: 101.51667 | FT7: 150.98889 | FU7: 157.71111 | FV7: 22.972222 | FW7: 0.011111111 | FX7: 22.983333 | FY7: 157.72222 | FZ7: 0 | GA7: 7 | GB7: 7 | GC7: 5 | GD7: 7 | GE7: 7 | GF7: 11 | GG7: 12 | GH7: 10 | GI7: 14 | GJ7: 11 | GK7: 16 | GL7: 13 | GM7: 13 | GN7: 14 | GO7: 52 | GP7: 25 | GQ7: 56 | GR7: 84 | GS7: 133 | GT7: 140 | GU7: 0 | GV7: 24 | GW7: 22 | GX7: 0 | GY7: 22 | GZ7: 140 | HA7: 0 | HB7: 22.2 | HC7: 21.25 | HD7: 9.59 | HE7: 9.86 | HG7: 24.5 | HH7: 3 | HI7: 26 | HJ7: 29 | HK7: 26 | HL7: 0 | HM7: 2 | HN7: 7 | HO7: 124 | HP7: 0 | HQ7: 0 | HR7: 0 | HS7: 131 | HT7: =FY26_FE_Data_April15[[#This Row],[Oct 1, 2026 (CDC) - K]]+FY26_FE_Data_April15[[#This Row],[Oct 1, 2026 (CDC) - Grades 1-6]]+FY26_FE_Data_April15[[#This Row],[Oct 1, 2026 (CDC) - Grades 7-8]] -> 7 | HU7: 0
A8: 7 | B8: 070 | C8: Davis Co School District | D8: District | E8: Yes | F8: Yes | H8: 7830.7444 | I8: 870.86667 | J8: 8701.6111 | K8: 4304 | L8: 31131 | M8: 11895 | N8: 24234 | O8: 71564 | P8: 67260 | Q8: 47330 | R8: 888 | S8: 4248.4833 | T8: 4942.4222 | U8: 4841.1889 | V8: 5122.4667 | W8: 5250.8556 | X8: 5283.4611 | Y8: 5319.7389 | Z8: 5800.0833 | AA8: 5860.6833 | AB8: 5968.2111 | AC8: 6221.8944 | AD8: 5824.2056 | AE8: 5190.5722 | AF8: 30760.133 | AG8: 11660.767 | AH8: 23204.883 | AI8: 46669.383 | AJ8: 65625.783 | AK8: 69874.267 | AL8: 8288.8667 | AM8: 882.98333 | AN8: 9171.85 | AO8: 70757.25 | AP8: 4232 | AQ8: 4404 | AR8: 5024 | AS8: 4965 | AT8: 5196 | AU8: 5375 | AV8: 5395 | AW8: 5675 | AX8: 5901 | AY8: 5995 | AZ8: 6205 | BA8: 6279 | BB8: 6057 | BC8: 30359 | BD8: 11576 | BE8: 24536 | BF8: 46167 | BG8: 66471 | BH8: 70703 | BI8: 3851 | BJ8: 381 | BK8: 31 | BL8: 13128 | BM8: 8526 | BN8: 914 | BO8: 9440 | BP8: 3167 | BQ8: 0.09328973 | BR8: 3895.298 | BS8: 3692.998 | BT8: 3505.474 | BU8: 3864.61 | BV8: 2962 | BW8: 198 | BX8: 1239.4278 | BY8: 382.88889 | BZ8: 3830.7389 | CA8: 4213.6278 | CB8: 4352.1222 | CC8: 4968.7556 | CD8: 4908.8 | CE8: 5147.3944 | CF8: 5303.6167 | CG8: 5328.6444 | CH8: 5579.5667 | CI8: 5767.3833 | CJ8: 5879.9722 | CK8: 6096.6889 | CL8: 6088.2722 | CM8: 5350.9444 | CN8: 30009.333 | CO8: 11346.95 | CP8: 23415.878 | CQ8: 45569.911 | CR8: 64772.161 | CS8: 68985.789 | CT8: 8591.8111 | CU8: 871.87778 | CV8: 9463.6889 | CW8: 69857.667 | CX8: 1204.0944 | CY8: 3915 | CZ8: 153 | DA8: 4068 | DB8: 4328 | DC8: 4478 | DD8: 5089 | DE8: 5020 | DF8: 5238 | DG8: 5406 | DH8: 5727 | DI8: 5716 | DJ8: 5867 | DK8: 6224 | DL8: 6113 | DM8: 6328 | DN8: 29559 | DO8: 11443 | DP8: 24532 | DQ8: 45070 | DR8: 65534 | DS8: 69602 | DT8: 31 | DU8: 13152 | DV8: 8876 | DW8: 897 | DX8: 9773 | DY8: 70499 | DZ8: 3206 | EA8: 3917.818 | EB8: 3692.088 | EC8: 1626.304 | ED8: 1493.749 | EE8: 0 | EF8: 3969.828 | EG8: 0.094095448 | EI8: 3951 | EJ8: 63649 | EN8: 67600 | EO8: 849 | EP8: 9722 | EQ8: 10571 | ER8: 8809 | ES8: 913 | ET8: 132 | EU8: 1674.33 | EV8: 50.9 | EW8: 220.14 | EX8: 41.58 | EY8: 1066.11 | EZ8: 3053.06 | FA8: 143.25556 | FB8: 3874.3222 | FC8: 4017.5778 | FD8: 4246.2389 | FE8: 4395.3722 | FF8: 5013.7944 | FG8: 4937.3 | FH8: 5179.4722 | FI8: 5335.0611 | FJ8: 5622.0333 | FK8: 5599.3333 | FL8: 5732.0444 | FM8: 6075.8111 | FN8: 5946.1667 | FO8: 5558.3167 | FP8: 29107.239 | FQ8: 11221.367 | FR8: 23312.339 | FS8: 44346.183 | FT8: 63640.944 | FU8: 67658.522 | FV8: 8743.7111 | FW8: 917.78889 | FX8: 9661.5 | FY8: 68576.311 | FZ8: 86 | GA8: 3555 | GB8: 3641 | GC8: 4020 | GD8: 4306 | GE8: 4472 | GF8: 5082 | GG8: 4993 | GH8: 5237 | GI8: 5789 | GJ8: 5750 | GK8: 5766 | GL8: 6053 | GM8: 6146 | GN8: 6211 | GO8: 28110 | GP8: 11539 | GQ8: 24176 | GR8: 43290 | GS8: 63825 | GT8: 67466 | GU8: 33 | GV8: 12844 | GW8: 8647 | GX8: 1032 | GY8: 9679 | GZ8: 68498 | HA8: 3057 | HB8: 3973.067 | HC8: 3728.368 | HD8: 1644.49 | HE8: 1456.441 | HG8: 3992.699 | HH8: 769 | HI8: 9665 | HJ8: 10434 | HK8: 8547 | HL8: 1118 | HM8: 169 | HN8: 3524 | HO8: 61781 | HP8: 0 | HQ8: 0 | HR8: 0 | HS8: 65305 | HT8: =FY26_FE_Data_April15[[#This Row],[Oct 1, 2026 (CDC) - K]]+FY26_FE_Data_April15[[#This Row],[Oct 1, 2026 (CDC) - Grades 1-6]]+FY26_FE_Data_April15[[#This Row],[Oct 1, 2026 (CDC) - Grades 7-8]] -> 3524 | HU8: 1191.0111
A9: 8 | B9: 080 | C9: Duchesne Co School District | D9: District | E9: Yes | F9: Yes | H9: 828.65556 | I9: 125.00556 | J9: 953.66111 | K9: 360 | L9: 2338 | M9: 841 | N9: 1685 | O9: 5224 | P9: 4864 | Q9: 3539 | R9: 126 | S9: 347.52222 | T9: 351.76667 | U9: 375.95556 | V9: 381.68333 | W9: 420.06667 | X9: 368.30556 | Y9: 374.99444 | Z9: 391.88333 | AA9: 412.13889 | AB9: 474.45 | AC9: 412.11111 | AD9: 374.48333 | AE9: 278.40556 | AF9: 2272.7722 | AG9: 804.02222 | AH9: 1539.45 | AI9: 3424.3167 | AJ9: 4616.2444 | AK9: 4963.7667 | AL9: 866.79444 | AM9: 125.29444 | AN9: 992.08889 | AO9: 5089.0611 | AP9: 367 | AQ9: 352 | AR9: 352 | AS9: 371 | AT9: 382 | AU9: 428 | AV9: 380 | AW9: 391 | AX9: 413 | AY9: 445 | AZ9: 472 | BA9: 411 | BB9: 379 | BC9: 2265 | BD9: 804 | BE9: 1707 | BF9: 3436 | BG9: 4776 | BH9: 5143 | BI9: 356 | BJ9: 11 | BK9: 3 | BL9: 1999 | BM9: 888 | BN9: 123 | BO9: 1011 | BP9: 128 | BQ9: 0.092211698 | BR9: 332.462 | BS9: 313.462 | BT9: 296.912 | BU9: 330.092 | BV9: 0 | BW9: 15 | BX9: 152.41667 | BY9: 7.855555 | BZ9: 354.7 | CA9: 362.55556 | CB9: 343.26667 | CC9: 337.3 | CD9: 371.27222 | CE9: 366.89444 | CF9: 423.58889 | CG9: 356.3 | CH9: 368.97222 | CI9: 397.00556 | CJ9: 426.23889 | CK9: 450 | CL9: 383.61667 | CM9: 289.67222 | CN9: 2198.6222 | CO9: 765.97778 | CP9: 1549.5278 | CQ9: 3327.1556 | CR9: 4514.1278 | CS9: 4876.6833 | CT9: 874.53333 | CU9: 123.37778 | CV9: 997.91111 | CW9: 5000.0611 | CX9: 147.37778 | CY9: 341 | CZ9: 7 | DA9: 348 | DB9: 368 | DC9: 353 | DD9: 350 | DE9: 385 | DF9: 381 | DG9: 430 | DH9: 374 | DI9: 395 | DJ9: 449 | DK9: 449 | DL9: 442 | DM9: 380 | DN9: 2267 | DO9: 769 | DP9: 1720 | DQ9: 3384 | DR9: 4756 | DS9: 5104 | DT9: 1 | DU9: 1831 | DV9: 869 | DW9: 120 | DX9: 989 | DY9: 5224 | DZ9: 120 | EA9: 334.636 | EB9: 316.636 | EC9: 145.233 | ED9: 128.248 | EE9: 1 | EF9: 343.016 | EG9: 0.094805244 | EI9: 342 | EJ9: 4667 | EN9: 5009 | EO9: 80 | EP9: 979 | EQ9: 1059 | ER9: 862 | ES9: 117 | ET9: 22 | EU9: 179.456 | EV9: 7.625 | EW9: 22.2 | EX9: 1.068 | EY9: 105.993 | EZ9: 316.342 | FA9: 7.0666667 | FB9: 331.59444 | FC9: 338.66111 | FD9: 361.92778 | FE9: 342.19444 | FF9: 335.8 | FG9: 375.98889 | FH9: 368.71111 | FI9: 417.79444 | FJ9: 351.02222 | FK9: 370.98889 | FL9: 425.67778 | FM9: 417.75 | FN9: 421.80556 | FO9: 288.48333 | FP9: 2202.4167 | FQ9: 722.01111 | FR9: 1553.7167 | FS9: 3263.0889 | FT9: 4478.1444 | FU9: 4816.8056 | FV9: 872.08333 | FW9: 116.13889 | FX9: 988.22222 | FY9: 4932.9444 | FZ9: 4 | GA9: 331 | GB9: 335 | GC9: 333 | GD9: 364 | GE9: 353 | GF9: 339 | GG9: 373 | GH9: 380 | GI9: 426 | GJ9: 363 | GK9: 426 | GL9: 434 | GM9: 398 | GN9: 418 | GO9: 2142 | GP9: 789 | GQ9: 1676 | GR9: 3266 | GS9: 4607 | GT9: 4942 | GU9: 4 | GV9: 1622 | GW9: 895 | GX9: 109 | GY9: 1004 | GZ9: 5051 | HA9: 140 | HB9: 333.928 | HC9: 314.928 | HD9: 140.795 | HE9: 119.906 | HG9: 337.928 | HH9: 67 | HI9: 987 | HJ9: 1054 | HK9: 880 | HL9: 107 | HM9: 15 | HN9: 325 | HO9: 4475 | HP9: 0 | HQ9: 0 | HR9: 0 | HS9: 4800 | HT9: =FY26_FE_Data_April15[[#This Row],[Oct 1, 2026 (CDC) - K]]+FY26_FE_Data_April15[[#This Row],[Oct 1, 2026 (CDC) - Grades 1-6]]+FY26_FE_Data_April15[[#This Row],[Oct 1, 2026 (CDC) - Grades 7-8]] -> 325 | HU9: 139.83889
A10: 9 | B10: 090 | C10: Emery School District | D10: District | E10: Yes | F10: Yes | H10: 376.78889 | I10: 28.038889 | J10: 404.82778 | K10: 139 | L10: 923 | M10: 329 | N10: 694 | O10: 2085 | P10: 1946 | Q10: 1391 | R10: 30 | S10: 136.69444 | T10: 128.39444 | U10: 166.65 | V10: 140.32222 | W10: 159.62778 | X10: 155.9 | Y10: 152.73333 | Z10: 152.31667 | AA10: 170.67222 | AB10: 178.89444 | AC10: 171.16111 | AD10: 158.11111 | AE10: 136.46667 | AF10: 903.62778 | AG10: 322.98889 | AH10: 644.63333 | AI10: 1363.3111 | AJ10: 1871.25 | AK10: 2007.9444 | AL10: 354.35556 | AM10: 29.388889 | AN10: 383.74444 | AO10: 2037.3333 | AP10: 150 | AQ10: 137 | AR10: 130 | AS10: 170 | AT10: 136 | AU10: 168 | AV10: 163 | AW10: 161 | AX10: 161 | AY10: 182 | AZ10: 179 | BA10: 165 | BB10: 156 | BC10: 904 | BD10: 322 | BE10: 682 | BF10: 1376 | BG10: 1908 | BH10: 2058 | BI10: 150 | BJ10: 0 | BK10: 4 | BL10: 942 | BM10: 354 | BN10: 26 | BO10: 380 | BP10: 62 | BQ10: 0.089690242 | BR10: 147.64 | BS10: 136.64 | BT10: 133.68 | BU10: 151.14 | BV10: 0 | BW10: 0 | BX10: 0 | BY10: 31.705555 | BZ10: 113.95556 | CA10: 145.66111 | CB10: 132.98889 | CC10: 128.04444 | CD10: 164.42222 | CE10: 132.36111 | CF10: 163.01111 | CG10: 159.97222 | CH10: 153.82778 | CI10: 151.72778 | CJ10: 177.80556 | CK10: 173.17222 | CL10: 160.22778 | CM10: 124.26111 | CN10: 880.8 | CO10: 305.55556 | CP10: 635.46667 | CQ10: 1332.0167 | CR10: 1821.8222 | CS10: 1967.4833 | CT10: 351.72222 | CU10: 24.361111 | CV10: 376.08333 | CW10: 1991.8444 | CX10: 0 | CY10: 123 | CZ10: 1 | DA10: 124 | DB10: 145 | DC10: 129 | DD10: 134 | DE10: 167 | DF10: 133 | DG10: 167 | DH10: 164 | DI10: 154 | DJ10: 156 | DK10: 178 | DL10: 179 | DM10: 156 | DN10: 875 | DO10: 318 | DP10: 669 | DQ10: 1317 | DR10: 1862 | DS10: 1986 | DT10: 1 | DU10: 935 | DV10: 367 | DW10: 20 | DX10: 387 | DY10: 2006 | DZ10: 52 | EA10: 144.355 | EB10: 133.355 | EC10: 56.753 | ED10: 60.92 | EE10: 0 | EF10: 148.505 | EG10: 0.090573152 | EI10: 119 | EJ10: 1785 | EN10: 1904 | EO10: 40 | EP10: 389 | EQ10: 429 | ER10: 367 | ES10: 22 | ET10: 24 | EU10: 74.331 | EV10: 4.45 | EW10: 11.875 | EX10: 2 | EY10: 51.325 | EZ10: 143.981 | FA10: 1 | FB10: 118.77222 | FC10: 119.77222 | FD10: 142.66667 | FE10: 127.38333 | FF10: 129.46667 | FG10: 163.42778 | FH10: 129.83333 | FI10: 163.03333 | FJ10: 157.86667 | FK10: 153.42778 | FL10: 151.03889 | FM10: 169.97778 | FN10: 169.68889 | FO10: 134.42778 | FP10: 855.81111 | FQ10: 311.29444 | FR10: 625.13333 | FS10: 1286.8778 | FT10: 1792.2389 | FU10: 1912.0111 | FV10: 351.95 | FW10: 21.561111 | FX10: 373.51111 | FY10: 1933.5722 | FZ10: 1 | GA10: 106 | GB10: 107 | GC10: 119 | GD10: 144 | GE10: 134 | GF10: 127 | GG10: 169 | GH10: 132 | GI10: 161 | GJ10: 169 | GK10: 160 | GL10: 153 | GM10: 171 | GN10: 161 | GO10: 825 | GP10: 330 | GQ10: 645 | GR10: 1262 | GS10: 1800 | GT10: 1907 | GU10: 4 | GV10: 897 | GW10: 354 | GX10: 15 | GY10: 369 | GZ10: 1922 | HA10: 60 | HB10: 144.295 | HC10: 133.295 | HD10: 58.19 | HE10: 58.757 | HG10: 148.695 | HH10: 40 | HI10: 372 | HJ10: 412 | HK10: 356 | HL10: 16 | HM10: 13 | HN10: 102 | HO10: 1724 | HP10: 0 | HQ10: 0 | HR10: 0 | HS10: 1826 | HT10: =FY26_FE_Data_April15[[#This Row],[Oct 1, 2026 (CDC) - K]]+FY26_FE_Data_April15[[#This Row],[Oct 1, 2026 (CDC) - Grades 1-6]]+FY26_FE_Data_April15[[#This Row],[Oct 1, 2026 (CDC) - Grades 7-8]] -> 102 | HU10: 0
A11: 10 | B11: 100 | C11: Garfield Co School District | D11: District | E11: Yes | F11: Yes | H11: 112.87222 | I11: 11.822222 | J11: 124.69444 | K11: 118 | L11: 686 | M11: 139 | N11: 300 | O11: 1243 | P11: 1125 | Q11: 943 | R11: 10 | S11: 113.17222 | T11: 125.28889 | U11: 136.16111 | V11: 118.62778 | W11: 107.32222 | X11: 94.338889 | Y11: 80.883333 | Z11: 69.622222 | AA11: 67.672222 | AB11: 73.938889 | AC11: 83.161111 | AD11: 65.155556 | AE11: 68.516667 | AF11: 662.62222 | AG11: 137.29444 | AH11: 290.77222 | AI11: 913.08889 | AJ11: 1090.6889 | AK11: 1203.8611 | AL11: 119.38889 | AM11: 9.9444444 | AN11: 129.33333 | AO11: 1213.8056 | AP11: 175 | AQ11: 179 | AR11: 163 | AS11: 183 | AT11: 150 | AU11: 142 | AV11: 108 | AW11: 62 | AX11: 67 | AY11: 66 | AZ11: 70 | BA11: 81 | BB11: 65 | BC11: 925 | BD11: 129 | BE11: 282 | BF11: 1229 | BG11: 1336 | BH11: 1511 | BI11: 175 | BJ11: 0 | BK11: 0 | BL11: 474 | BM11: 133 | BN11: 10 | BO11: 143 | BP11: 85 | BQ11: 0.087009986 | BR11: 77.862 | BS11: 73.412 | BT11: 72.462 | BU11: 77.162 | BV11: 0 | BW11: 207 | BX11: 298.91111 | BY11: 103.46667 | BZ11: 58.777777 | CA11: 162.24444 | CB11: 171.44444 | CC11: 153.58889 | CD11: 174.81111 | CE11: 143.72222 | CF11: 136 | CG11: 104.32222 | CH11: 62.188889 | CI11: 65.661111 | CJ11: 65.905556 | CK11: 71.483333 | CL11: 80.733333 | CM11: 62.094444 | CN11: 883.88889 | CO11: 127.85 | CP11: 280.21667 | CQ11: 1173.9833 | CR11: 1291.9556 | CS11: 1454.2 | CT11: 130.55556 | CU11: 8.9666667 | CV11: 139.52222 | CW11: 1463.1667 | CX11: 427.45556 | CY11: 225 | CZ11: 1 | DA11: 226 | DB11: 187 | DC11: 163 | DD11: 155 | DE11: 162 | DF11: 134 | DG11: 122 | DH11: 64 | DI11: 65 | DJ11: 63 | DK11: 71 | DL11: 67 | DM11: 82 | DN11: 923 | DO11: 129 | DP11: 283 | DQ11: 1278 | DR11: 1335 | DS11: 1561 | DT11: 1 | DU11: 348 | DV11: 114 | DW11: 9 | DX11: 123 | DY11: 1570 | DZ11: 86 | EA11: 82.29 | EB11: 76.59 | EC11: 37.3 | ED11: 32 | EE11: 0 | EF11: 84.5 | EG11: 0.087595607 | EI11: 230 | EJ11: 1361 | EN11: 1591 | EO11: 8 | EP11: 133 | EQ11: 141 | ER11: 123 | ES11: 10 | ET11: 14 | EU11: 31.39 | EV11: 1.6 | EW11: 7 | EX11: 10.5 | EY11: 19.5 | EZ11: 69.99 | FA11: 2 | FB11: 209.63333 | FC11: 211.63333 | FD11: 177.02222 | FE11: 158.22222 | FF11: 150.68333 | FG11: 153.71111 | FH11: 127.88889 | FI11: 116.78889 | FJ11: 62.127778 | FK11: 62.405556 | FL11: 61.222222 | FM11: 67.788889 | FN11: 67.7 | FO11: 74.8 | FP11: 884.31667 | FQ11: 124.53333 | FR11: 271.51111 | FS11: 1220.4833 | FT11: 1280.3611 | FU11: 1491.9944 | FV11: 125.87222 | FW11: 8.9055556 | FX11: 134.77778 | FY11: 1500.9 | FZ11: 0 | GA11: 145 | GB11: 145 | GC11: 162 | GD11: 149 | GE11: 137 | GF11: 126 | GG11: 119 | GH11: 106 | GI11: 61 | GJ11: 62 | GK11: 62 | GL11: 58 | GM11: 66 | GN11: 66 | GO11: 799 | GP11: 123 | GQ11: 252 | GR11: 1067 | GS11: 1174 | GT11: 1319 | GU11: 4 | GV11: 415 | GW11: 114 | GX11: 12 | GY11: 126 | GZ11: 1331 | HA11: 59 | HB11: 80.39 | HC11: 75.34 | HD11: 37.95 | HE11: 30.2 | HG11: 83.1 | HH11: 5 | HI11: 127 | HJ11: 132 | HK11: 117 | HL11: 10 | HM11: 3 | HN11: 140 | HO11: 1135 | HP11: 0 | HQ11: 0 | HR11: 0 | HS11: 1275 | HT11: =FY26_FE_Data_April15[[#This Row],[Oct 1, 2026 (CDC) - K]]+FY26_FE_Data_April15[[#This Row],[Oct 1, 2026 (CDC) - Grades 1-6]]+FY26_FE_Data_April15[[#This Row],[Oct 1, 2026 (CDC) - Grades 7-8]] -> 140 | HU11: 598.24444
A12: 11 | B12: 110 | C12: Grand Co School District | D12: District | E12: Yes | F12: Yes | H12: 205.7 | I12: 11.711111 | J12: 217.41111 | K12: 88 | L12: 645 | M12: 239 | N12: 463 | O12: 1435 | P12: 1347 | Q12: 972 | R12: 9 | S12: 85.905556 | T12: 102.46111 | U12: 100.63333 | V12: 100.81111 | W12: 108.11667 | X12: 104.60556 | Y12: 119.46667 | Z12: 116.2 | AA12: 124.42778 | AB12: 118.96111 | AC12: 115.62222 | AD12: 103.99444 | AE12: 107.36111 | AF12: 636.09444 | AG12: 240.62778 | AH12: 445.93889 | AI12: 962.62778 | AJ12: 1322.6611 | AK12: 1408.5667 | AL12: 196.62222 | AM12: 10.477778 | AN12: 207.1 | AO12: 1419.0444 | AP12: 88 | AQ12: 93 | AR12: 110 | AS12: 93 | AT12: 98 | AU12: 110 | AV12: 107 | AW12: 129 | AX12: 116 | AY12: 129 | AZ12: 117 | BA12: 109 | BB12: 98 | BC12: 611 | BD12: 245 | BE12: 453 | BF12: 944 | BG12: 1309 | BH12: 1397 | BI12: 88 | BJ12: 0 | BK12: 0 | BL12: 453 | BM12: 189 | BN12: 12 | BO12: 201 | BP12: 117 | BQ12: 0.084317964 | BR12: 90.744 | BS12: 86.244 | BT12: 82.761 | BU12: 95.2345 | BV12: 0 | BW12: 0 | BX12: 0 | BY12: 0.616666 | BZ12: 82.788888 | CA12: 83.405556 | CB12: 87.455556 | CC12: 105.25556 | CD12: 92.794444 | CE12: 96.266667 | CF12: 110.95 | CG12: 102.58333 | CH12: 127.46111 | CI12: 112.73889 | CJ12: 126.55 | CK12: 119.04444 | CL12: 109.43889 | CM12: 99.794444 | CN12: 595.30556 | CO12: 240.2 | CP12: 454.82778 | CQ12: 918.91111 | CR12: 1290.3333 | CS12: 1373.7389 | CT12: 181.21111 | CU12: 15.311111 | CV12: 196.52222 | CW12: 1389.05 | CX12: 0 | CY12: 67 | CZ12: 0 | DA12: 67 | DB12: 92 | DC12: 90 | DD12: 110 | DE12: 100 | DF12: 106 | DG12: 117 | DH12: 103 | DI12: 117 | DJ12: 115 | DK12: 121 | DL12: 121 | DM12: 112 | DN12: 615 | DO12: 220 | DP12: 469 | DQ12: 902 | DR12: 1304 | DS12: 1371 | DT12: 0 | DU12: 580 | DV12: 164 | DW12: 22 | DX12: 186 | DY12: 1393 | DZ12: 117 | EA12: 95.914 | EB12: 91.414 | EC12: 36.45 | ED12: 43.364 | EE12: 0 | EF12: 101.0115 | EG12: 0.08809508 | EI12: 66 | EJ12: 1276 | EN12: 1342 | EO12: 29 | EP12: 198 | EQ12: 227 | ER12: 171 | ES12: 27 | ET12: 22 | EU12: 30 | EV12: 4 | EW12: 11 | EX12: 6 | EY12: 35 | EZ12: 86 | FA12: 0 | FB12: 69.105556 | FC12: 69.105556 | FD12: 87.305556 | FE12: 84.694444 | FF12: 106.96667 | FG12: 95.544444 | FH12: 103.25 | FI12: 112.14444 | FJ12: 99.805556 | FK12: 116.07778 | FL12: 115.52778 | FM12: 116.37222 | FN12: 120.61667 | FO12: 105.97778 | FP12: 589.90556 | FQ12: 215.88333 | FR12: 458.49444 | FS12: 874.89444 | FT12: 1264.2833 | FU12: 1333.3889 | FV12: 164.5 | FW12: 27.683333 | FX12: 192.18333 | FY12: 1361.0722 | FZ12: 0 | GA12: 79 | GB12: 79 | GC12: 79 | GD12: 88 | GE12: 94 | GF12: 116 | GG12: 107 | GH12: 109 | GI12: 120 | GJ12: 104 | GK12: 128 | GL12: 112 | GM12: 119 | GN12: 121 | GO12: 593 | GP12: 224 | GQ12: 480 | GR12: 896 | GS12: 1297 | GT12: 1376 | GU12: 0 | GV12: 540 | GW12: 183 | GX12: 29 | GY12: 212 | GZ12: 1405 | HA12: 121 | HB12: 96.748 | HC12: 91.414 | HD12: 37.45 | HE12: 41.364 | HG12: 97.8455 | HH12: 16 | HI12: 205 | HJ12: 221 | HK12: 176 | HL12: 29 | HM12: 0 | HN12: 77 | HO12: 1263 | HP12: 0 | HQ12: 0 | HR12: 0 | HS12: 1340 | HT12: =FY26_FE_Data_April15[[#This Row],[Oct 1, 2026 (CDC) - K]]+FY26_FE_Data_April15[[#This Row],[Oct 1, 2026 (CDC) - Grades 1-6]]+FY26_FE_Data_April15[[#This Row],[Oct 1, 2026 (CDC) - Grades 7-8]] -> 77 | HU12: 0
A13: 12 | B13: 120 | C13: Granite School District | D13: District | E13: Yes | F13: Yes | H13: 6036.1 | I13: 1356.5667 | J13: 7392.6667 | K13: 3811 | L13: 25494 | M13: 9436 | N13: 20380 | O13: 59121 | P13: 55310 | Q13: 38741 | R13: 1388 | S13: 3659.1222 | T13: 3996.65 | U13: 3965.5278 | V13: 4144.3056 | W13: 4299.5556 | X13: 4149.4278 | Y13: 4244.7222 | Z13: 4441.5 | AA13: 4653.4 | AB13: 5039.25 | AC13: 5010 | AD13: 4659.2333 | AE13: 3840.8611 | AF13: 24800.189 | AG13: 9094.9 | AH13: 18549.344 | AI13: 37554.211 | AJ13: 52444.433 | AK13: 56103.556 | AL13: 6121.1056 | AM13: 1400.6056 | AN13: 7521.7111 | AO13: 57504.161 | AP13: 3540 | AQ13: 3956 | AR13: 4136 | AS13: 4117 | AT13: 4185 | AU13: 4474 | AV13: 4303 | AW13: 4586 | AX13: 4655 | AY13: 5250 | AZ13: 5226 | BA13: 5121 | BB13: 4763 | BC13: 25171 | BD13: 9241 | BE13: 20360 | BF13: 37952 | BG13: 54772 | BH13: 58312 | BI13: 3477 | BJ13: 63 | BK13: 20 | BL13: 29058 | BM13: 6181 | BN13: 1405 | BO13: 7586 | BP13: 13759 | BQ13: 0.096793861 | BR13: 3508.879 | BS13: 3352.879 | BT13: 3119.189 | BU13: 3504.493 | BV13: 0 | BW13: 0 | BX13: 0 | BY13: 54.211111 | BZ13: 3448.1167 | CA13: 3502.3278 | CB13: 3885.0611 | CC13: 4092.55 | CD13: 4027.1889 | CE13: 4124.3889 | CF13: 4375.6556 | CG13: 4166.8167 | CH13: 4425.0389 | CI13: 4491.6667 | CJ13: 4960.3389 | CK13: 4971.7667 | CL13: 4833.2389 | CM13: 3752.0944 | CN13: 24671.661 | CO13: 8916.7056 | CP13: 18517.439 | CQ13: 37090.694 | CR13: 52105.806 | CS13: 55608.133 | CT13: 6352.3556 | CU13: 1421.3889 | CV13: 7773.7444 | CW13: 57029.522 | CX13: 0 | CY13: 3606 | CZ13: 52 | DA13: 3658 | DB13: 3700 | DC13: 3961 | DD13: 4173 | DE13: 4122 | DF13: 4164 | DG13: 4436 | DH13: 4359 | DI13: 4535 | DJ13: 4993 | DK13: 5076 | DL13: 4986 | DM13: 4875 | DN13: 24556 | DO13: 8894 | DP13: 19930 | DQ13: 37108 | DR13: 53380 | DS13: 57038 | DT13: 2 | DU13: 24087 | DV13: 5984 | DW13: 1311 | DX13: 7295 | DY13: 58349 | DZ13: 14536 | EA13: 3375.848 | EB13: 3208.848 | EC13: 1330.57 | ED13: 1187.827 | EE13: 0 | EF13: 3444.427 | EG13: 0.097952968 | EI13: 3591 | EJ13: 52409 | EN13: 56000 | EO13: 717 | EP13: 7356 | EQ13: 8073 | ER13: 6024 | ES13: 1332 | ET13: 60 | EU13: 697.094 | EV13: 60.371 | EW13: 214.585 | EX13: 212.811 | EY13: 993.466 | EZ13: 2178.327 | FA13: 22.811111 | FB13: 3513.4667 | FC13: 3536.2778 | FD13: 3622.95 | FE13: 3835.7222 | FF13: 4062.8 | FG13: 3979.6 | FH13: 4035.5333 | FI13: 4276.6444 | FJ13: 4198.1556 | FK13: 4349.05 | FL13: 4729.9333 | FM13: 4806.2056 | FN13: 4649.1056 | FO13: 3851.4944 | FP13: 23813.25 | FQ13: 8547.2056 | FR13: 18036.739 | FS13: 35896.733 | FT13: 50397.194 | FU13: 53933.472 | FV13: 6185.2778 | FW13: 1345.5056 | FX13: 7530.7833 | FY13: 55278.978 | FZ13: 26 | GA13: 3363 | GB13: 3389 | GC13: 3588 | GD13: 3586 | GE13: 3858 | GF13: 4042 | GG13: 3965 | GH13: 4096 | GI13: 4451 | GJ13: 4338 | GK13: 4780 | GL13: 4848 | GM13: 4868 | GN13: 4658 | GO13: 23135 | GP13: 8789 | GQ13: 19154 | GR13: 35313 | GS13: 51078 | GT13: 54467 | GU13: 17 | GV13: 26013 | GW13: 6098 | GX13: 1330 | GY13: 7428 | GZ13: 55797 | HA13: 14136 | HB13: 3283.555 | HC13: 3112.555 | HD13: 1273.239 | HE13: 1149.216 | HG13: 3316.248 | HH13: 679 | HI13: 7560 | HJ13: 8239 | HK13: 6148 | HL13: 1412 | HM13: 0 | HN13: 3232 | HO13: 48716 | HP13: 0 | HQ13: 0 | HR13: 0 | HS13: 51948 | HT13: =FY26_FE_Data_April15[[#This Row],[Oct 1, 2026 (CDC) - K]]+FY26_FE_Data_April15[[#This Row],[Oct 1, 2026 (CDC) - Grades 1-6]]+FY26_FE_Data_April15[[#This Row],[Oct 1, 2026 (CDC) - Grades 7-8]] -> 3232 | HU13: 0
... A41: 40 | B41: 400 | C41: Murray School District | D41: District | E41: Yes | F41: Yes | H41: 820.70556 | I41: 74.983333 | J41: 895.68889 | K41: 416 | L41: 2559 | M41: 942 | N41: 1851 | O41: 5768 | P41: 5352 | Q41: 3917 | R41: 84 | S41: 408.27222 | T41: 407.95 | U41: 409.85556 | V41: 433.31667 | W41: 429.34444 | X41: 414.45556 | Y41: 425.57222 | Z41: 476.66111 | AA41: 457.28333 | AB41: 447.09444 | AC41: 460.75556 | AD41: 452.03889 | AE41: 418.50556 | AF41: 2520.4944 | AG41: 933.94444 | AH41: 1778.3944 | AI41: 3862.7111 | AJ41: 5232.8333 | AK41: 5641.1056 | AL41: 791.46667 | AM41: 80.05 | AN41: 871.51667 | AO41: 5721.1556 | AP41: 348 | AQ41: 422 | AR41: 416 | AS41: 419 | AT41: 440 | AU41: 416 | AV41: 404 | AW41: 441 | AX41: 479 | AY41: 445 | AZ41: 452 | BA41: 465 | BB41: 454 | BC41: 2517 | BD41: 920 | BE41: 1816 | BF41: 3785 | BG41: 5253 | BH41: 5601 | BI41: 339 | BJ41: 9 | BK41: 6 | BL41: 2201 | BM41: 745 | BN41: 81 | BO41: 826 | BP41: 605 | BQ41: 0.097313073 | BR41: 352.31 | BS41: 334.31 | BT41: 299.56 | BU41: 346.61 | BV41: 0 | BW41: 0 | BX41: 0 | BY41: 11.066666 | BZ41: 339.05556 | CA41: 350.12222 | CB41: 408.22222 | CC41: 413.19444 | CD41: 411.52222 | CE41: 433.53889 | CF41: 420.86667 | CG41: 397.59444 | CH41: 427.97778 | CI41: 469.95556 | CJ41: 435.07778 | CK41: 438.68333 | CL41: 446.45 | CM41: 424.27222 | CN41: 2484.9389 | CO41: 897.93333 | CP41: 1744.4833 | CQ41: 3732.9944 | CR41: 5127.3556 | CS41: 5477.4778 | CT41: 758.61667 | CU41: 70.177778 | CV41: 828.79444 | CW41: 5547.6556 | CX41: 0 | CY41: 361 | CZ41: 20 | DA41: 381 | DB41: 363 | DC41: 417 | DD41: 424 | DE41: 410 | DF41: 444 | DG41: 423 | DH41: 412 | DI41: 443 | DJ41: 462 | DK41: 460 | DL41: 445 | DM41: 455 | DN41: 2481 | DO41: 855 | DP41: 1822 | DQ41: 3717 | DR41: 5158 | DS41: 5539 | DT41: 7 | DU41: 2178 | DV41: 727 | DW41: 71 | DX41: 798 | DY41: 5610 | DZ41: 644 | EA41: 353.375 | EB41: 335.375 | EC41: 147.7 | ED41: 120.24 | EE41: 0 | EF41: 357.375 | EG41: 0.096809763 | EI41: 377 | EJ41: 5108 | EN41: 5485 | EO41: 44 | EP41: 807 | EQ41: 851 | ER41: 729 | ES41: 78 | ET41: 58 | EU41: 166.819 | EV41: 6.575 | EW41: 26.175 | EX41: 8.025 | EY41: 95.481 | EZ41: 303.075 | FA41: 13.472222 | FB41: 362.58889 | FC41: 376.06111 | FD41: 353.84444 | FE41: 399.51111 | FF41: 418.01667 | FG41: 400.58333 | FH41: 438.56111 | FI41: 416.73889 | FJ41: 403.17222 | FK41: 428.80556 | FL41: 457.22222 | FM41: 445.11667 | FN41: 429.03333 | FO41: 418.32222 | FP41: 2427.2556 | FQ41: 831.97778 | FR41: 1749.6944 | FS41: 3635.2944 | FT41: 5008.9278 | FU41: 5384.9889 | FV41: 734.00556 | FW41: 70.483333 | FX41: 804.48889 | FY41: 5455.4722 | FZ41: 5 | GA41: 377 | GB41: 382 | GC41: 381 | GD41: 338 | GE41: 408 | GF41: 424 | GG41: 400 | GH41: 445 | GI41: 425 | GJ41: 434 | GK41: 420 | GL41: 474 | GM41: 436 | GN41: 437 | GO41: 2396 | GP41: 859 | GQ41: 1767 | GR41: 3637 | GS41: 5022 | GT41: 5404 | GU41: 4 | GV41: 1696 | GW41: 717 | GX41: 85 | GY41: 802 | GZ41: 5489 | HA41: 592 | HB41: 346.152 | HC41: 328.152 | HD41: 143.15 | HE41: 118.975 | HG41: 353.428 | HH41: 42 | HI41: 795 | HJ41: 837 | HK41: 712 | HL41: 83 | HM41: 54 | HN41: 369 | HO41: 4848 | HP41: 0 | HQ41: 0 | HR41: 0 | HS41: 5217 | HT41: =FY26_FE_Data_April15[[#This Row],[Oct 1, 2026 (CDC) - K]]+FY26_FE_Data_April15[[#This Row],[Oct 1, 2026 (CDC) - Grades 1-6]]+FY26_FE_Data_April15[[#This Row],[Oct 1, 2026 (CDC) - Grades 7-8]] -> 369 | HU41: 0
A42: 41 | B42: 410 | C42: Utah Schools for the Deaf and Blind | D42: Other | E42: Yes | F42: Yes | H42: 0 | I42: 182.65 | J42: 182.65 | K42: 30 | L42: 93 | M42: 16 | N42: 47 | O42: 186 | P42: 156 | Q42: 139 | R42: 174 | S42: 3.2888889 | T42: 0.31666667 | U42: 1.6277778 | V42: 0.0055555556 | W42: 0.11666667 | X42: 2.3222222 | Y42: 1.4166667 | Z42: 0.011111111 | AA42: 0 | AB42: 0.033333333 | AC42: 2.0444444 | AD42: 0.077777778 | AE42: 0 | AF42: 5.8055556 | AG42: 0.011111111 | AH42: 2.1555556 | AI42: 9.1055556 | AJ42: 7.9722222 | AK42: 11.261111 | AL42: 0 | AM42: 172.96667 | AN42: 172.96667 | AO42: 184.22778 | AP42: 33 | AQ42: 27 | AR42: 21 | AS42: 17 | AT42: 13 | AU42: 15 | AV42: 14 | AW42: 5 | AX42: 7 | AY42: 9 | AZ42: 12 | BA42: 13 | BB42: 10 | BC42: 107 | BD42: 12 | BE42: 44 | BF42: 152 | BG42: 163 | BH42: 196 | BI42: 33 | BJ42: 0 | BK42: 0 | BL42: 68 | BM42: 0 | BN42: 178 | BO42: 178 | BP42: 0 | BQ42: 0.10238701 | BR42: 191.289 | BS42: 186.33 | BT42: 165.62 | BU42: 194.289 | BV42: 0 | BW42: 0 | BX42: 0 | BY42: 0 | BZ42: 4.866666 | CA42: 4.8666667 | CB42: 2.3722222 | CC42: 1.0277778 | CD42: 3.2222222 | CE42: 0.17222222 | CF42: 1.05 | CG42: 2 | CH42: 0 | CI42: 0.027777778 | CJ42: 0 | CK42: 0.022222222 | CL42: 2 | CM42: 0.0055555556 | CN42: 9.8444444 | CO42: 0.027777778 | CP42: 2.0277778 | CQ42: 14.738889 | CR42: 11.9 | CS42: 16.766667 | CT42: 0 | CU42: 179.54444 | CV42: 179.54444 | CW42: 196.31111 | CX42: 0 | CY42: 0 | CZ42: 0 | DA42: 0 | DB42: 0 | DC42: 0 | DD42: 0 | DE42: 0 | DF42: 0 | DG42: 0 | DH42: 0 | DI42: 0 | DJ42: 0 | DK42: 0 | DL42: 0 | DM42: 0 | DN42: 0 | DO42: 0 | DP42: 0 | DQ42: 0 | DR42: 0 | DS42: 0 | DT42: 0 | DU42: 0 | DV42: 0 | DW42: 0 | DX42: 0 | DY42: 0 | DZ42: 0 | EA42: 197.5325 | EB42: 192.37 | EC42: 89.99 | ED42: 73.59 | EE42: 0 | EF42: 216.236 | EG42: 0.10137975 | EI42: 0 | EJ42: 0 | EN42: 0 | EO42: 86 | EP42: 191 | EQ42: 277 | ER42: 0 | ES42: 191 | ET42: 37 | EU42: 126 | EV42: 7 | EW42: 17 | EX42: 64 | EY42: 53 | EZ42: 267 | FA42: 0 | FB42: 2.6055556 | FC42: 2.6055556 | FD42: 4.4277778 | FE42: 2.3833333 | FF42: 1.7166667 | FG42: 3.9944444 | FH42: 1.1055556 | FI42: 1 | FJ42: 1.9277778 | FK42: 0.55555556 | FL42: 0.21111111 | FM42: 0.40555556 | FN42: 0.0055555556 | FO42: 1.9444444 | FP42: 14.627778 | FQ42: 2.4833333 | FR42: 2.5666667 | FS42: 19.716667 | FT42: 19.677778 | FU42: 22.283333 | FV42: 0 | FW42: 189.34444 | FX42: 189.34444 | FY42: 211.62778 | FZ42: 0 | GA42: 27 | GB42: 27 | GC42: 23 | GD42: 23 | GE42: 27 | GF42: 19 | GG42: 12 | GH42: 12 | GI42: 13 | GJ42: 16 | GK42: 8 | GL42: 15 | GM42: 10 | GN42: 25 | GO42: 116 | GP42: 29 | GQ42: 58 | GR42: 172 | GS42: 203 | GT42: 230 | GU42: 0 | GV42: 62 | GW42: 1 | GX42: 203 | GY42: 204 | GZ42: 433 | HA42: 5 | HB42: 200.2705 | HC42: 196.567 | HD42: 91.487 | HE42: 73.38 | HG42: 209.974 | HH42: 90 | HI42: 207 | HJ42: 297 | HK42: 0 | HL42: 207 | HM42: 55 | HN42: 0 | HO42: 0 | HP42: 0 | HQ42: 0 | HR42: 0 | HS42: 0 | HT42: =FY26_FE_Data_April15[[#This Row],[Oct 1, 2026 (CDC) - K]]+FY26_FE_Data_April15[[#This Row],[Oct 1, 2026 (CDC) - Grades 1-6]]+FY26_FE_Data_April15[[#This Row],[Oct 1, 2026 (CDC) - Grades 7-8]] -> 0 | HU42: 0
A43: 42 | B43: 420 | C43: Canyons School District | D43: District | E43: Yes | F43: Yes | H43: 3224.7944 | I43: 555.25556 | J43: 3780.05 | K43: 2067 | L43: 14189 | M43: 5322 | N43: 11355 | O43: 32933 | P43: 30866 | Q43: 21578 | R43: 656 | S43: 2030.2444 | T43: 2186.9 | U43: 2289.1778 | V43: 2415.9889 | W43: 2340.1 | X43: 2376.25 | Y43: 2358.9944 | Z43: 2562.6778 | AA43: 2603.1722 | AB43: 2939.0833 | AC43: 2847.15 | AD43: 2768.8944 | AE43: 2350.9167 | AF43: 13967.411 | AG43: 5165.85 | AH43: 10906.044 | AI43: 21163.506 | AJ43: 30039.306 | AK43: 32069.55 | AL43: 3258.5444 | AM43: 616.02778 | AN43: 3874.5722 | AO43: 32685.578 | AP43: 1948 | AQ43: 2197 | AR43: 2216 | AS43: 2363 | AT43: 2488 | AU43: 2384 | AV43: 2421 | AW43: 2469 | AX43: 2667 | AY43: 2922 | AZ43: 3037 | BA43: 2832 | BB43: 2789 | BC43: 14069 | BD43: 5136 | BE43: 11580 | BF43: 21153 | BG43: 30785 | BH43: 32733 | BI43: 1875 | BJ43: 73 | BK43: 20 | BL43: 8945 | BM43: 3283 | BN43: 620 | BO43: 3903 | BP43: 3486 | BQ43: 0.084486001 | BR43: 1965.1003 | BS43: 1877.4333 | BT43: 1666.1375 | BU43: 1901.0335 | BV43: 0 | BW43: 0 | BX43: 724.53889 | BY43: 60.633333 | BZ43: 1863.55 | CA43: 1924.1833 | CB43: 2164.5667 | CC43: 2194.0944 | CD43: 2331.1444 | CE43: 2444.1833 | CF43: 2346.0056 | CG43: 2388.45 | CH43: 2402.2389 | CI43: 2612.3167 | CJ43: 2887.6833 | CK43: 2972.1056 | CL43: 2763.9111 | CM43: 2360.5333 | CN43: 13868.444 | CO43: 5014.5556 | CP43: 10984.233 | CQ43: 20807.183 | CR43: 29867.233 | CS43: 31791.417 | CT43: 3350.9778 | CU43: 613.82778 | CV43: 3964.8056 | CW43: 32405.244 | CX43: 0 | CY43: 1877 | CZ43: 53 | DA43: 1930 | DB43: 1983 | DC43: 2241 | DD43: 2234 | DE43: 2359 | DF43: 2499 | DG43: 2416 | DH43: 2487 | DI43: 2455 | DJ43: 2933 | DK43: 2955 | DL43: 2990 | DM43: 2807 | DN43: 13732 | DO43: 4942 | DP43: 11685 | DQ43: 20604 | DR43: 30359 | DS43: 32289 | DT43: 15 | DU43: 8184 | DV43: 3225 | DW43: 596 | DX43: 3821 | DY43: 32885 | DZ43: 3591 | EA43: 1965.8377 | EB43: 1870.1567 | EC43: 758.88 | ED43: 761.762 | EE43: 0 | EF43: 1982.8397 | EG43: 0.084448972 | EI43: 1910 | EJ43: 30052 | EN43: 31962 | EO43: 332 | EP43: 3825 | EQ43: 4157 | ER43: 3244 | ES43: 581 | ET43: 270 | EU43: 602.31 | EV43: 34.12 | EW43: 118.91 | EX43: 41.12 | EY43: 532.8 | EZ43: 1329.26 | FA43: 53.111111 | FB43: 1857.7667 | FC43: 1910.8778 | FD43: 1940.4333 | FE43: 2193.5889 | FF43: 2185.0611 | FG43: 2317.1889 | FH43: 2432.8556 | FI43: 2365.5611 | FJ43: 2444.3778 | FK43: 2408.9111 | FL43: 2870.4944 | FM43: 2880.7167 | FN43: 2906.8444 | FO43: 2396.5333 | FP43: 13434.689 | FQ43: 4853.2889 | FR43: 11054.589 | FS43: 20198.856 | FT43: 29342.567 | FU43: 31253.444 | FV43: 3255.35 | FW43: 582.32778 | FX43: 3837.6778 | FY43: 31835.772 | FZ43: 26 | GA43: 1755 | GB43: 1781 | GC43: 1970 | GD43: 2004 | GE43: 2258 | GF43: 2252 | GG43: 2318 | GH43: 2477 | GI43: 2474 | GJ43: 2481 | GK43: 2724 | GL43: 2904 | GM43: 2896 | GN43: 2960 | GO43: 13279 | GP43: 4955 | GQ43: 11484 | GR43: 20015 | GS43: 29718 | GT43: 31499 | GU43: 15 | GV43: 7723 | GW43: 3239 | GX43: 618 | GY43: 3857 | GZ43: 32117 | HA43: 3045 | HB43: 1951.482 | HC43: 1846.482 | HD43: 733.538 | HE43: 763.979 | HG43: 1963.607 | HH43: 326 | HI43: 3829 | HJ43: 4155 | HK43: 3186 | HL43: 643 | HM43: 422 | HN43: 1715 | HO43: 28616 | HP43: 0 | HQ43: 0 | HR43: 0 | HS43: 30331 | HT43: =FY26_FE_Data_April15[[#This Row],[Oct 1, 2026 (CDC) - K]]+FY26_FE_Data_April15[[#This Row],[Oct 1, 2026 (CDC) - Grades 1-6]]+FY26_FE_Data_April15[[#This Row],[Oct 1, 2026 (CDC) - Grades 7-8]] -> 1715 | HU43: 0
A44: 68 | B44: 680 | C44: Ogden Preparatory Academy | D44: Charter | E44: Yes | F44: Yes | H44: 120.40556 | I44: 7.2333333 | J44: 127.63889 | K44: 100 | L44: 594 | M44: 221 | N44: 108 | O44: 1023 | P44: 923 | Q44: 915 | R44: 7 | S44: 98.488889 | T44: 100.84444 | U44: 97.311111 | V44: 101.72778 | W44: 96.911111 | X44: 88.527778 | Y44: 99.877778 | Z44: 112.67222 | AA44: 105.02222 | AB44: 103.75556 | AC44: 0 | AD44: 0 | AE44: 0 | AF44: 585.2 | AG44: 217.69444 | AH44: 103.75556 | AI44: 901.38333 | AJ44: 906.65 | AK44: 1005.1389 | AL44: 131.34444 | AM44: 11.122222 | AN44: 142.46667 | AO44: 1016.2611 | AP44: 98 | AQ44: 101 | AR44: 95 | AS44: 98 | AT44: 106 | AU44: 111 | AV44: 93 | AW44: 108 | AX44: 106 | AY44: 99 | AZ44: 0 | BA44: 0 | BB44: 0 | BC44: 604 | BD44: 214 | BE44: 99 | BF44: 916 | BG44: 917 | BH44: 1015 | BI44: 98 | BJ44: 0 | BK44: 0 | BL44: 705 | BM44: 161 | BN44: 19 | BO44: 180 | BP44: 280 | BQ44: 0.072108161 | BR44: 75.372 | BS44: 71.372 | BT44: 68.472 | BU44: 76.372 | BV44: 0 | BW44: 0 | BX44: 0 | BY44: 0 | BZ44: 95.561111 | CA44: 95.561111 | CB44: 97.716667 | CC44: 93.561111 | CD44: 94.177778 | CE44: 101.17778 | CF44: 105.6 | CG44: 85.055556 | CH44: 101.3 | CI44: 102.93333 | CJ44: 95.444444 | CK44: 0 | CL44: 0 | CM44: 0 | CN44: 577.28889 | CO44: 204.23333 | CP44: 95.444444 | CQ44: 877.08333 | CR44: 876.96667 | CS44: 972.52778 | CT44: 160.95 | CU44: 22.994444 | CV44: 183.94444 | CW44: 995.52222 | CX44: 0 | CY44: 102 | CZ44: 0 | DA44: 102 | DB44: 97 | DC44: 101 | DD44: 91 | DE44: 90 | DF44: 103 | DG44: 112 | DH44: 87 | DI44: 100 | DJ44: 104 | DK44: 0 | DL44: 0 | DM44: 0 | DN44: 594 | DO44: 187 | DP44: 104 | DQ44: 883 | DR44: 885 | DS44: 987 | DT44: 0 | DU44: 649 | DV44: 144 | DW44: 26 | DX44: 170 | DY44: 1013 | DZ44: 253 | EA44: 75.139 | EB44: 70.139 | EC44: 33.75 | ED44: 21.42 | EE44: 0 | EF44: 77.689 | EG44: 0.065101541 | EI44: 97 | EJ44: 904 | EK44: 586 | EL44: 212 | EM44: 106 | EN44: 1001 | EO44: 0 | EP44: 175 | EQ44: 175 | ER44: 153 | ES44: 22 | ET44: 25 | EU44: 29.469 | EV44: 3 | EW44: 10 | EX44: 0.337 | EY44: 15.621 | EZ44: 58.427 | FA44: 0 | FB44: 102.50556 | FC44: 102.50556 | FD44: 93.244444 | FE44: 99.411111 | FF44: 87.566667 | FG44: 89.894444 | FH44: 97.022222 | FI44: 106.81667 | FJ44: 83.661111 | FK44: 95.3 | FL44: 96.377778 | FM44: 0 | FN44: 0 | FO44: 0 | FP44: 573.95556 | FQ44: 178.96111 | FR44: 96.377778 | FS44: 855.42222 | FT44: 849.29444 | FU44: 951.8 | FV44: 158.46667 | FW44: 19.527778 | FX44: 177.99444 | FY44: 971.32778 | FZ44: 0 | GA44: 100 | GB44: 100 | GC44: 105 | GD44: 95 | GE44: 107 | GF44: 83 | GG44: 101 | GH44: 94 | GI44: 103 | GJ44: 85 | GK44: 101 | GL44: 0 | GM44: 0 | GN44: 0 | GO44: 585 | GP44: 188 | GQ44: 101 | GR44: 873 | GS44: 874 | GT44: 974 | GU44: 0 | GV44: 646 | GW44: 164 | GX44: 18 | GY44: 182 | GZ44: 992 | HA44: 244 | HB44: 74.063 | HC44: 68.283 | HD44: 31.8 | HE44: 20.57 | HG44: 76.313 | HH44: 0 | HI44: 192 | HJ44: 192 | HK44: 172 | HL44: 20 | HM44: 18 | HN44: 90 | HO44: 928 | HP44: 612 | HQ44: 211 | HR44: 105 | HS44: 1018 | HT44: =FY26_FE_Data_April15[[#This Row],[Oct 1, 2026 (CDC) - K]]+FY26_FE_Data_April15[[#This Row],[Oct 1, 2026 (CDC) - Grades 1-6]]+FY26_FE_Data_April15[[#This Row],[Oct 1, 2026 (CDC) - Grades 7-8]] -> 913 | HU44: 0
A45: 70 | B45: 700 | C45: Sevier School District (CUES) | D45: Other | E45: Yes | F45: Yes | H45: 0 | I45: 0 | J45: 0 | K45: 0 | L45: 0 | M45: 0 | N45: 0 | O45: 0 | P45: 0 | Q45: 0 | R45: 0 | S45: 0 | T45: 0 | U45: 0 | V45: 0 | W45: 0 | X45: 0 | Y45: 0 | Z45: 0 | AA45: 0 | AB45: 0 | AC45: 0 | AD45: 0 | AE45: 0 | AF45: 0 | AG45: 0 | AH45: 0 | AI45: 0 | AJ45: 0 | AK45: 0 | AL45: 0 | AM45: 0 | AN45: 0 | AO45: 0 | AP45: 0 | AQ45: 0 | AR45: 0 | AS45: 0 | AT45: 0 | AU45: 0 | AV45: 0 | AW45: 0 | AX45: 0 | AY45: 0 | AZ45: 0 | BA45: 0 | BB45: 0 | BC45: 0 | BD45: 0 | BE45: 0 | BF45: 0 | BG45: 0 | BH45: 0 | BI45: 0 | BJ45: 0 | BK45: 0 | BL45: 0 | BM45: 0 | BN45: 0 | BO45: 0 | BP45: 0 | BQ45: 0 | BR45: 0 | BS45: 0 | BT45: 0 | BU45: 0 | BV45: 0 | BW45: 0 | BX45: 0 | BY45: 0 | BZ45: 0 | CA45: 0 | CB45: 0 | CC45: 0 | CD45: 0 | CE45: 0 | CF45: 0 | CG45: 0 | CH45: 0 | CI45: 0 | CJ45: 0 | CK45: 0 | CL45: 0 | CM45: 0 | CN45: 0 | CO45: 0 | CP45: 0 | CQ45: 0 | CR45: 0 | CS45: 0 | CT45: 0 | CU45: 0 | CV45: 0 | CW45: 0 | CX45: 0 | CY45: 0 | CZ45: 0 | DA45: 0 | DB45: 0 | DC45: 0 | DD45: 0 | DE45: 0 | DF45: 0 | DG45: 0 | DH45: 0 | DI45: 0 | DJ45: 0 | DK45: 0 | DL45: 0 | DM45: 0 | DN45: 0 | DO45: 0 | DP45: 0 | DQ45: 0 | DR45: 0 | DS45: 0 | DT45: 0 | DU45: 0 | DV45: 0 | DW45: 0 | DX45: 0 | DY45: 0 | DZ45: 0 | EA45: 3 | EB45: 3 | EC45: 0 | ED45: 0 | EE45: 0 | EF45: 0 | EG45: 0 | EI45: 0 | EJ45: 0 | EK45: 0 | EL45: 0 | EM45: 0 | EN45: 0 | EO45: 0 | EP45: 0 | EQ45: 0 | ER45: 0 | ES45: 0 | ET45: 0 | EU45: 0 | EV45: 0 | EW45: 0 | EX45: 0 | EY45: 0 | EZ45: 0 | FA45: 0 | FB45: 0 | FC45: 0 | FD45: 0 | FE45: 0 | FF45: 0 | FG45: 0 | FH45: 0 | FI45: 0 | FJ45: 0 | FK45: 0 | FL45: 0 | FM45: 0 | FN45: 0 | FO45: 0 | FP45: 0 | FQ45: 0 | FR45: 0 | FS45: 0 | FT45: 0 | FU45: 0 | FV45: 0 | FW45: 0 | FX45: 0 | FY45: 0 | FZ45: 0 | GA45: 0 | GB45: 0 | GC45: 0 | GD45: 0 | GE45: 0 | GF45: 0 | GG45: 0 | GH45: 0 | GI45: 0 | GJ45: 0 | GK45: 0 | GL45: 0 | GM45: 0 | GN45: 0 | GO45: 0 | GP45: 0 | GQ45: 0 | GR45: 0 | GS45: 0 | GT45: 0 | GU45: 0 | GV45: 0 | GW45: 0 | GX45: 0 | GY45: 0 | GZ45: 0 | HA45: 0 | HB45: 3 | HC45: 3 | HD45: 0 | HE45: 0 | HG45: 0 | HH45: 0 | HI45: 0 | HJ45: 0 | HK45: 0 | HL45: 0 | HM45: 0 | HN45: 0 | HO45: 0 | HP45: 0 | HQ45: 0 | HR45: 0 | HS45: 0 | HT45: =FY26_FE_Data_April15[[#This Row],[Oct 1, 2026 (CDC) - K]]+FY26_FE_Data_April15[[#This Row],[Oct 1, 2026 (CDC) - Grades 1-6]]+FY26_FE_Data_April15[[#This Row],[Oct 1, 2026 (CDC) - Grades 7-8]] -> 0 | HU45: 0
A46: 71 | B46: 710 | C46: Wasatch School District (NUES) | D46: Other | E46: Yes | F46: Yes | H46: 0 | I46: 0 | J46: 0 | K46: 0 | L46: 0 | M46: 0 | N46: 0 | O46: 0 | P46: 0 | Q46: 0 | R46: 0 | S46: 0 | T46: 0 | U46: 0 | V46: 0 | W46: 0 | X46: 0 | Y46: 0 | Z46: 0 | AA46: 0 | AB46: 0 | AC46: 0 | AD46: 0 | AE46: 0 | AF46: 0 | AG46: 0 | AH46: 0 | AI46: 0 | AJ46: 0 | AK46: 0 | AL46: 0 | AM46: 0 | AN46: 0 | AO46: 0 | AP46: 0 | AQ46: 0 | AR46: 0 | AS46: 0 | AT46: 0 | AU46: 0 | AV46: 0 | AW46: 0 | AX46: 0 | AY46: 0 | AZ46: 0 | BA46: 0 | BB46: 0 | BC46: 0 | BD46: 0 | BE46: 0 | BF46: 0 | BG46: 0 | BH46: 0 | BI46: 0 | BJ46: 0 | BK46: 0 | BL46: 0 | BM46: 0 | BN46: 0 | BO46: 0 | BP46: 0 | BQ46: 0 | BR46: 0 | BS46: 0 | BT46: 0 | BU46: 0 | BV46: 0 | BW46: 0 | BX46: 0 | BY46: 0 | BZ46: 0 | CA46: 0 | CB46: 0 | CC46: 0 | CD46: 0 | CE46: 0 | CF46: 0 | CG46: 0 | CH46: 0 | CI46: 0 | CJ46: 0 | CK46: 0 | CL46: 0 | CM46: 0 | CN46: 0 | CO46: 0 | CP46: 0 | CQ46: 0 | CR46: 0 | CS46: 0 | CT46: 0 | CU46: 0 | CV46: 0 | CW46: 0 | CX46: 0 | CY46: 0 | CZ46: 0 | DA46: 0 | DB46: 0 | DC46: 0 | DD46: 0 | DE46: 0 | DF46: 0 | DG46: 0 | DH46: 0 | DI46: 0 | DJ46: 0 | DK46: 0 | DL46: 0 | DM46: 0 | DN46: 0 | DO46: 0 | DP46: 0 | DQ46: 0 | DR46: 0 | DS46: 0 | DT46: 0 | DU46: 0 | DV46: 0 | DW46: 0 | DX46: 0 | DY46: 0 | DZ46: 0 | EA46: 6 | EB46: 6 | EC46: 0 | ED46: 0 | EE46: 0 | EF46: 0 | EG46: 0 | EI46: 0 | EJ46: 0 | EK46: 0 | EL46: 0 | EM46: 0 | EN46: 0 | EO46: 0 | EP46: 0 | EQ46: 0 | ER46: 0 | ES46: 0 | ET46: 0 | EU46: 0 | EV46: 0 | EW46: 0 | EX46: 0 | EY46: 0 | EZ46: 0 | FA46: 0 | FB46: 0 | FC46: 0 | FD46: 0 | FE46: 0 | FF46: 0 | FG46: 0 | FH46: 0 | FI46: 0 | FJ46: 0 | FK46: 0 | FL46: 0 | FM46: 0 | FN46: 0 | FO46: 0 | FP46: 0 | FQ46: 0 | FR46: 0 | FS46: 0 | FT46: 0 | FU46: 0 | FV46: 0 | FW46: 0 | FX46: 0 | FY46: 0 | FZ46: 0 | GA46: 0 | GB46: 0 | GC46: 0 | GD46: 0 | GE46: 0 | GF46: 0 | GG46: 0 | GH46: 0 | GI46: 0 | GJ46: 0 | GK46: 0 | GL46: 0 | GM46: 0 | GN46: 0 | GO46: 0 | GP46: 0 | GQ46: 0 | GR46: 0 | GS46: 0 | GT46: 0 | GU46: 0 | GV46: 0 | GW46: 0 | GX46: 0 | GY46: 0 | GZ46: 0 | HA46: 0 | HB46: 8 | HC46: 8 | HD46: 0 | HE46: 0 | HG46: 0 | HH46: 0 | HI46: 0 | HJ46: 0 | HK46: 0 | HL46: 0 | HM46: 0 | HN46: 0 | HO46: 0 | HP46: 0 | HQ46: 0 | HR46: 0 | HS46: 0 | HT46: =FY26_FE_Data_April15[[#This Row],[Oct 1, 2026 (CDC) - K]]+FY26_FE_Data_April15[[#This Row],[Oct 1, 2026 (CDC) - Grades 1-6]]+FY26_FE_Data_April15[[#This Row],[Oct 1, 2026 (CDC) - Grades 7-8]] -> 0 | HU46: 0
A47: 72 | B47: 720 | C47: Carbon Co School District (SESC) | D47: Other | E47: Yes | F47: Yes | H47: 0 | I47: 0 | J47: 0 | K47: 0 | L47: 0 | M47: 0 | N47: 0 | O47: 0 | P47: 0 | Q47: 0 | R47: 0 | S47: 0 | T47: 0 | U47: 0 | V47: 0 | W47: 0 | X47: 0 | Y47: 0 | Z47: 0 | AA47: 0 | AB47: 0 | AC47: 0 | AD47: 0 | AE47: 0 | AF47: 0 | AG47: 0 | AH47: 0 | AI47: 0 | AJ47: 0 | AK47: 0 | AL47: 0 | AM47: 0 | AN47: 0 | AO47: 0 | AP47: 0 | AQ47: 0 | AR47: 0 | AS47: 0 | AT47: 0 | AU47: 0 | AV47: 0 | AW47: 0 | AX47: 0 | AY47: 0 | AZ47: 0 | BA47: 0 | BB47: 0 | BC47: 0 | BD47: 0 | BE47: 0 | BF47: 0 | BG47: 0 | BH47: 0 | BI47: 0 | BJ47: 0 | BK47: 0 | BL47: 0 | BM47: 0 | BN47: 0 | BO47: 0 | BP47: 0 | BQ47: 0 | BR47: 0 | BS47: 0 | BT47: 0 | BU47: 0 | BV47: 0 | BW47: 0 | BX47: 0 | BY47: 0 | BZ47: 0 | CA47: 0 | CB47: 0 | CC47: 0 | CD47: 0 | CE47: 0 | CF47: 0 | CG47: 0 | CH47: 0 | CI47: 0 | CJ47: 0 | CK47: 0 | CL47: 0 | CM47: 0 | CN47: 0 | CO47: 0 | CP47: 0 | CQ47: 0 | CR47: 0 | CS47: 0 | CT47: 0 | CU47: 0 | CV47: 0 | CW47: 0 | CX47: 0 | CY47: 0 | CZ47: 0 | DA47: 0 | DB47: 0 | DC47: 0 | DD47: 0 | DE47: 0 | DF47: 0 | DG47: 0 | DH47: 0 | DI47: 0 | DJ47: 0 | DK47: 0 | DL47: 0 | DM47: 0 | DN47: 0 | DO47: 0 | DP47: 0 | DQ47: 0 | DR47: 0 | DS47: 0 | DT47: 0 | DU47: 0 | DV47: 0 | DW47: 0 | DX47: 0 | DY47: 0 | DZ47: 0 | EA47: 3 | EB47: 3 | EC47: 0 | ED47: 0 | EE47: 0 | EF47: 0 | EG47: 0 | EI47: 0 | EJ47: 0 | EK47: 0 | EL47: 0 | EM47: 0 | EN47: 0 | EO47: 0 | EP47: 0 | EQ47: 0 | ER47: 0 | ES47: 0 | ET47: 0 | EU47: 0 | EV47: 0 | EW47: 0 | EX47: 0 | EY47: 0 | EZ47: 0 | FA47: 0 | FB47: 0 | FC47: 0 | FD47: 0 | FE47: 0 | FF47: 0 | FG47: 0 | FH47: 0 | FI47: 0 | FJ47: 0 | FK47: 0 | FL47: 0 | FM47: 0 | FN47: 0 | FO47: 0 | FP47: 0 | FQ47: 0 | FR47: 0 | FS47: 0 | FT47: 0 | FU47: 0 | FV47: 0 | FW47: 0 | FX47: 0 | FY47: 0 | FZ47: 0 | GA47: 0 | GB47: 0 | GC47: 0 | GD47: 0 | GE47: 0 | GF47: 0 | GG47: 0 | GH47: 0 | GI47: 0 | GJ47: 0 | GK47: 0 | GL47: 0 | GM47: 0 | GN47: 0 | GO47: 0 | GP47: 0 | GQ47: 0 | GR47: 0 | GS47: 0 | GT47: 0 | GU47: 0 | GV47: 0 | GW47: 0 | GX47: 0 | GY47: 0 | GZ47: 0 | HA47: 0 | HB47: 4 | HC47: 4 | HD47: 0 | HE47: 0 | HG47: 0 | HH47: 0 | HI47: 0 | HJ47: 0 | HK47: 0 | HL47: 0 | HM47: 0 | HN47: 0 | HO47: 0 | HP47: 0 | HQ47: 0 | HR47: 0 | HS47: 0 | HT47: =FY26_FE_Data_April15[[#This Row],[Oct 1, 2026 (CDC) - K]]+FY26_FE_Data_April15[[#This Row],[Oct 1, 2026 (CDC) - Grades 1-6]]+FY26_FE_Data_April15[[#This Row],[Oct 1, 2026 (CDC) - Grades 7-8]] -> 0 | HU47: 0
A48: 73 | B48: 730 | C48: Iron Co School District (SEDC) | D48: Other | E48: Yes | F48: Yes | H48: 0 | I48: 0 | J48: 0 | K48: 0 | L48: 0 | M48: 0 | N48: 0 | O48: 0 | P48: 0 | Q48: 0 | R48: 0 | S48: 0 | T48: 0 | U48: 0 | V48: 0 | W48: 0 | X48: 0 | Y48: 0 | Z48: 0 | AA48: 0 | AB48: 0 | AC48: 0 | AD48: 0 | AE48: 0 | AF48: 0 | AG48: 0 | AH48: 0 | AI48: 0 | AJ48: 0 | AK48: 0 | AL48: 0 | AM48: 0 | AN48: 0 | AO48: 0 | AP48: 0 | AQ48: 0 | AR48: 0 | AS48: 0 | AT48: 0 | AU48: 0 | AV48: 0 | AW48: 0 | AX48: 0 | AY48: 0 | AZ48: 0 | BA48: 0 | BB48: 0 | BC48: 0 | BD48: 0 | BE48: 0 | BF48: 0 | BG48: 0 | BH48: 0 | BI48: 0 | BJ48: 0 | BK48: 0 | BL48: 0 | BM48: 0 | BN48: 0 | BO48: 0 | BP48: 0 | BQ48: 0 | BR48: 0 | BS48: 0 | BT48: 0 | BU48: 0 | BV48: 0 | BW48: 0 | BX48: 0 | BY48: 0 | BZ48: 0 | CA48: 0 | CB48: 0 | CC48: 0 | CD48: 0 | CE48: 0 | CF48: 0 | CG48: 0 | CH48: 0 | CI48: 0 | CJ48: 0 | CK48: 0 | CL48: 0 | CM48: 0 | CN48: 0 | CO48: 0 | CP48: 0 | CQ48: 0 | CR48: 0 | CS48: 0 | CT48: 0 | CU48: 0 | CV48: 0 | CW48: 0 | CX48: 0 | CY48: 0 | CZ48: 0 | DA48: 0 | DB48: 0 | DC48: 0 | DD48: 0 | DE48: 0 | DF48: 0 | DG48: 0 | DH48: 0 | DI48: 0 | DJ48: 0 | DK48: 0 | DL48: 0 | DM48: 0 | DN48: 0 | DO48: 0 | DP48: 0 | DQ48: 0 | DR48: 0 | DS48: 0 | DT48: 0 | DU48: 0 | DV48: 0 | DW48: 0 | DX48: 0 | DY48: 0 | DZ48: 0 | EA48: 2 | EB48: 2 | EC48: 0 | ED48: 0 | EE48: 0 | EF48: 0 | EG48: 0 | EI48: 0 | EJ48: 0 | EK48: 0 | EL48: 0 | EM48: 0 | EN48: 0 | EO48: 0 | EP48: 0 | EQ48: 0 | ER48: 0 | ES48: 0 | ET48: 0 | EU48: 0 | EV48: 0 | EW48: 0 | EX48: 0 | EY48: 0 | EZ48: 0 | FA48: 0 | FB48: 0 | FC48: 0 | FD48: 0 | FE48: 0 | FF48: 0 | FG48: 0 | FH48: 0 | FI48: 0 | FJ48: 0 | FK48: 0 | FL48: 0 | FM48: 0 | FN48: 0 | FO48: 0 | FP48: 0 | FQ48: 0 | FR48: 0 | FS48: 0 | FT48: 0 | FU48: 0 | FV48: 0 | FW48: 0 | FX48: 0 | FY48: 0 | FZ48: 0 | GA48: 0 | GB48: 0 | GC48: 0 | GD48: 0 | GE48: 0 | GF48: 0 | GG48: 0 | GH48: 0 | GI48: 0 | GJ48: 0 | GK48: 0 | GL48: 0 | GM48: 0 | GN48: 0 | GO48: 0 | GP48: 0 | GQ48: 0 | GR48: 0 | GS48: 0 | GT48: 0 | GU48: 0 | GV48: 0 | GW48: 0 | GX48: 0 | GY48: 0 | GZ48: 0 | HA48: 0 | HB48: 2 | HC48: 2 | HD48: 0 | HE48: 0 | HG48: 0 | HH48: 0 | HI48: 0 | HJ48: 0 | HK48: 0 | HL48: 0 | HM48: 0 | HN48: 0 | HO48: 0 | HP48: 0 | HQ48: 0 | HR48: 0 | HS48: 0 | HT48: =FY26_FE_Data_April15[[#This Row],[Oct 1, 2026 (CDC) - K]]+FY26_FE_Data_April15[[#This Row],[Oct 1, 2026 (CDC) - Grades 1-6]]+FY26_FE_Data_April15[[#This Row],[Oct 1, 2026 (CDC) - Grades 7-8]] -> 0 | HU48: 0
A49: 74 | B49: 740 | C49: American Preparatory (Utah Charter Academies Inc) | D49: Charter | E49: Yes | F49: Yes | G49: Yes | H49: 379.41667 | I49: 35.416667 | J49: 414.83333 | K49: 441 | L49: 3026 | M49: 927 | N49: 802 | O49: 5196 | P49: 4755 | Q49: 4394 | R49: 42 | S49: 433.52222 | T49: 452.51667 | U49: 512.11667 | V49: 498.98889 | W49: 527.58889 | X49: 494.28333 | Y49: 504.79444 | Z49: 480.34444 | AA49: 419.51111 | AB49: 285.5 | AC49: 210.38889 | AD49: 147.09444 | AE49: 132.95 | AF49: 2990.2889 | AG49: 899.85556 | AH49: 775.93333 | AI49: 4323.6667 | AJ49: 4666.0778 | AK49: 5099.6 | AL49: 448.85556 | AM49: 34.6 | AN49: 483.45556 | AO49: 5134.2 | AP49: 443 | AQ49: 478 | AR49: 444 | AS49: 515 | AT49: 494 | AU49: 511 | AV49: 463 | AW49: 462 | AX49: 426 | AY49: 301 | AZ49: 208 | BA49: 165 | BB49: 137 | BC49: 2905 | BD49: 888 | BE49: 811 | BF49: 4236 | BG49: 4604 | BH49: 5047 | BI49: 373 | BJ49: 70 | BK49: 0 | BL49: 1726 | BM49: 410 | BN49: 24 | BO49: 434 | BP49: 1502 | BQ49: 0.060231977 | BR49: 274.426 | BS49: 261.815 | BT49: 251.065 | BU49: 283.426 | BV49: 0 | BW49: 0 | BX49: 0 | BY49: 64.716666 | BZ49: 373.9 | CA49: 438.61667 | CB49: 469 | CC49: 434.8 | CD49: 500.4 | CE49: 482.73333 | CF49: 503.48889 | CG49: 458.90556 | CH49: 455.8 | CI49: 411.81667 | CJ49: 290.98333 | CK49: 201.95 | CL49: 157.68889 | CM49: 132.92778 | CN49: 2849.3278 | CO49: 867.61667 | CP49: 783.55 | CQ49: 4155.5611 | CR49: 4500.4944 | CS49: 4939.1111 | CT49: 458.22778 | CU49: 23.661111 | CV49: 481.88889 | CW49: 4962.7722 | CX49: 0 | CY49: 414 | CZ49: 75 | DA49: 489 | DB49: 502 | DC49: 525 | DD49: 492 | DE49: 541 | DF49: 527 | DG49: 539 | DH49: 497 | DI49: 458 | DJ49: 292 | DK49: 217 | DL49: 177 | DM49: 139 | DN49: 3126 | DO49: 955 | DP49: 825 | DQ49: 4570 | DR49: 4906 | DS49: 5395 | DT49: 0 | DU49: 1784 | DV49: 493 | DW49: 17 | DX49: 510 | DY49: 5412 | DZ49: 1468 | EA49: 280.113 | EB49: 267.213 | EC49: 145.291 | ED49: 89.033 | EE49: 0 | EF49: 287.113 | EG49: 0.063162662 | EH49: 0 | EI49: 459 | EJ49: 4915 | EK49: 3120 | EL49: 928 | EM49: 867 | EN49: 5374 | EO49: 0 | EP49: 504 | EQ49: 504 | ER49: 488 | ES49: 16 | ET49: 18 | EU49: 143.01 | EV49: 6.55 | EW49: 83.36 | EX49: 10.61 | EY49: 67.93 | EZ49: 311.46 | FA49: 73.072222 | FB49: 419.16667 | FC49: 492.23889 | FD49: 494.49444 | FE49: 518.14444 | FF49: 490.97778 | FG49: 535.56111 | FH49: 511.24444 | FI49: 523.29444 | FJ49: 482.96667 | FK49: 443.46111 | FL49: 285.22222 | FM49: 213.61111 | FN49: 170.67222 | FO49: 137.74444 | FP49: 3073.7167 | FQ49: 926.42778 | FR49: 807.25 | FS49: =SUM(FY26_FE_Data_April15[[#This Row],[FY25 ADM - Total K]:[FY25 ADM - Grade 8]]) -> 4492.3833 | FT49: 4807.3944 | FU49: =FY26_FE_Data_April15[[#This Row],[FY25 ADM - Grades 1-12]]+FY26_FE_Data_April15[[#This Row],[FY25 ADM - Total K]] -> 5299.6333 | FV49: 496.83889 | FW49: 18.372222 | FX49: 515.21111 | FY49: =FY26_FE_Data_April15[[#This Row],[FY25 ADM - Grades K-12]]+FY26_FE_Data_April15[[#This Row],[FY25 ADM - SPED Self-Contained]] -> 5318.0056 | FZ49: 0 | GA49: 508 | GB49: 508 | GC49: 525 | GD49: 514 | GE49: 524 | GF49: 514 | GG49: 536 | GH49: 510 | GI49: 503 | GJ49: 456 | GK49: 316 | GL49: 209 | GM49: 178 | GN49: 158 | GO49: 3123 | GP49: 959 | GQ49: 861 | GR49: 4590 | GS49: 4943 | GT49: 5451 | GU49: 1 | GV49: 2044 | GW49: 531 | GX49: 21 | GY49: 552 | GZ49: 5472 | HA49: 1456 | HB49: 281.104 | HC49: 268.204 | HD49: 144.045 | HE49: 86.497 | HG49: 283.104 | HH49: 0 | HI49: 552 | HJ49: 552 | HK49: 526 | HL49: 26 | HM49: 37 | HN49: 588 | HO49: 5176 | HP49: 3521 | HQ49: 782 | HR49: 873 | HS49: 5764 | HT49: =FY26_FE_Data_April15[[#This Row],[Oct 1, 2026 (CDC) - K]]+FY26_FE_Data_April15[[#This Row],[Oct 1, 2026 (CDC) - Grades 1-6]]+FY26_FE_Data_April15[[#This Row],[Oct 1, 2026 (CDC) - Grades 7-8]] -> 4891 | HU49: 0
A50: 81 | B50: 810 | C50: Walden School | D50: Charter | E50: Yes | F50: Yes | H50: 69.261111 | I50: 6.3222222 | J50: 75.583333 | K50: 31 | L50: 188 | M50: 75 | N50: 126 | O50: 420 | P50: 389 | Q50: 294 | R50: 6 | S50: 30.2 | T50: 32.872222 | U50: 27.961111 | V50: 29.25 | W50: 26.577778 | X50: 33.011111 | Y50: 28.316667 | Z50: 34.933333 | AA50: 36.377778 | AB50: 31.294444 | AC50: 33.672222 | AD50: 32.983333 | AE50: 26.922222 | AF50: 177.98889 | AG50: 71.311111 | AH50: 124.87222 | AI50: 279.5 | AJ50: 374.17222 | AK50: 404.37222 | AL50: 95.138889 | AM50: 6.1 | AN50: 101.23889 | AO50: 410.47222 | AP50: 29 | AQ50: 25 | AR50: 31 | AS50: 27 | AT50: 28 | AU50: 24 | AV50: 33 | AW50: 33 | AX50: 36 | AY50: 27 | AZ50: 31 | BA50: 26 | BB50: 28 | BC50: 168 | BD50: 69 | BE50: 112 | BF50: 266 | BG50: 349 | BH50: 378 | BI50: 29 | BJ50: 0 | BK50: 0 | BL50: 154 | BM50: 83 | BN50: 9 | BO50: 92 | BP50: 4 | BQ50: 0.070849705 | BR50: 40.91 | BS50: 37.96 | BT50: 36.97 | BU50: 40.91 | BV50: 0 | BW50: 0 | BX50: 0 | BY50: 1.044444 | BZ50: 27.833333 | CA50: 28.877778 | CB50: 24.761111 | CC50: 29.172222 | CD50: 24.35 | CE50: 27.766667 | CF50: 22.588889 | CG50: 32.455556 | CH50: 34.15 | CI50: 34.311111 | CJ50: 26.3 | CK50: 28.861111 | CL50: 24.85 | CM50: 27.594444 | CN50: 161.09444 | CO50: 68.461111 | CP50: 107.60556 | CQ50: 258.43333 | CR50: 337.16111 | CS50: 366.03889 | CT50: 95.311111 | CU50: 4 | CV50: 99.311111 | CW50: 370.03889 | CX50: 0 | CY50: 29 | CZ50: 0 | DA50: 29 | DB50: 31 | DC50: 31 | DD50: 31 | DE50: 30 | DF50: 30 | DG50: 22 | DH50: 35 | DI50: 34 | DJ50: 34 | DK50: 28 | DL50: 25 | DM50: 26 | DN50: 175 | DO50: 69 | DP50: 113 | DQ50: 273 | DR50: 357 | DS50: 386 | DT50: 0 | DU50: 143 | DV50: 90 | DW50: 5 | DX50: 95 | DY50: 391 | DZ50: 5 | EA50: 44.485 | EB50: 41.485 | EC50: 14.997 | ED50: 21.16 | EE50: 0.1 | EF50: 44.855 | EG50: 0.068569472 | EI50: 28 | EJ50: 356 | EK50: 170 | EL50: 67 | EM50: 119 | EN50: 384 | EO50: 0 | EP50: 106 | EQ50: 106 | ER50: 99 | ES50: 7 | ET50: 0 | EU50: 10.8 | EV50: 0 | EW50: 3.96 | EX50: 0.98 | EY50: 4.45 | EZ50: 20.19 | FA50: 0 | FB50: 29.033333 | FC50: 29.033333 | FD50: 30.788889 | FE50: 29.544444 | FF50: 30.594444 | FG50: 26.638889 | FH50: 30.011111 | FI50: 20.072222 | FJ50: 33.222222 | FK50: 33.661111 | FL50: 32.166667 | FM50: 27.505556 | FN50: 23.955556 | FO50: 25.405556 | FP50: 167.65 | FQ50: 66.883333 | FR50: 109.03333 | FS50: 263.56667 | FT50: 343.56667 | FU50: 372.6 | FV50: 93.772222 | FW50: 6.2611111 | FX50: 100.03333 | FY50: 378.86111 | FZ50: 0 | GA50: 30 | GB50: 30 | GC50: 31 | GD50: 33 | GE50: 32 | GF50: 30 | GG50: 27 | GH50: 28 | GI50: 33 | GJ50: 36 | GK50: 31 | GL50: 28 | GM50: 31 | GN50: 27 | GO50: 181 | GP50: 69 | GQ50: 117 | GR50: 280 | GS50: 367 | GT50: 397 | GU50: 0 | GV50: 159 | GW50: 86 | GX50: 10 | GY50: 96 | GZ50: 407 | HA50: 8 | HB50: 35.17 | HC50: 34.17 | HD50: 11.96 | HE50: 18.29 | HG50: 36.195 | HH50: 0 | HI50: 97 | HJ50: 97 | HK50: 87 | HL50: 10 | HM50: 0 | HN50: 29 | HO50: 372 | HP50: 182 | HQ50: 70 | HR50: 120 | HS50: 401 | HT50: =FY26_FE_Data_April15[[#This Row],[Oct 1, 2026 (CDC) - K]]+FY26_FE_Data_April15[[#This Row],[Oct 1, 2026 (CDC) - Grades 1-6]]+FY26_FE_Data_April15[[#This Row],[Oct 1, 2026 (CDC) - Grades 7-8]] -> 281 | HU50: 0
A51: 82 | B51: 820 | C51: Freedom Academy | D51: Charter | E51: Yes | F51: Yes | H51: 232.62222 | I51: 9.0111111 | J51: 241.63333 | K51: 295 | L51: 1196 | M51: 302 | N51: 268 | O51: 2061 | P51: 1766 | Q51: 1793 | R51: 6 | S51: 289.01667 | T51: 226.9 | U51: 237.01667 | V51: 206.21111 | W51: 193.78889 | X51: 178.33889 | Y51: 142.61111 | Z51: 144.93333 | AA51: 148.06111 | AB51: 94.933333 | AC51: 77.861111 | AD51: 48.633333 | AE51: 43.538889 | AF51: 1184.8667 | AG51: 292.99444 | AH51: 264.96667 | AI51: 1766.8778 | AJ51: 1742.8278 | AK51: 2031.8444 | AL51: 276.78889 | AM51: 8.1388889 | AN51: 284.92778 | AO51: 2039.9833 | AP51: 292 | AQ51: 252 | AR51: 235 | AS51: 236 | AT51: 210 | AU51: 195 | AV51: 143 | AW51: 162 | AX51: 155 | AY51: 96 | AZ51: 72 | BA51: 68 | BB51: 40 | BC51: 1271 | BD51: 317 | BE51: 276 | BF51: 1880 | BG51: 1864 | BH51: 2156 | BI51: 234 | BJ51: 58 | BK51: 3 | BL51: 824 | BM51: 310 | BN51: 4 | BO51: 314 | BP51: 359 | BQ51: 0.062421987 | BR51: 138.831 | BS51: 129.941 | BT51: 125.941 | BU51: 139.831 | BV51: 0 | BW51: 0 | BX51: 0 | BY51: 58.611111 | BZ51: 225.52222 | CA51: 284.13333 | CB51: 253.70556 | CC51: 229.18333 | CD51: 233.94444 | CE51: 211.76111 | CF51: 192.44444 | CG51: 140.30556 | CH51: 155.71667 | CI51: 150.93889 | CJ51: 96.105556 | CK51: 70.611111 | CL51: 66.2 | CM51: 39.977778 | CN51: 1261.3444 | CO51: 306.65556 | CP51: 272.89444 | CQ51: 1852.1333 | CR51: 1840.8944 | CS51: 2125.0278 | CT51: 291.7 | CU51: 9.0833333 | CV51: 300.78333 | CW51: 2134.1111 | CX51: 0 | CY51: 258 | CZ51: 7 | DA51: 265 | DB51: 244 | DC51: 249 | DD51: 231 | DE51: 232 | DF51: 213 | DG51: 154 | DH51: 132 | DI51: 143 | DJ51: 101 | DK51: 73 | DL51: 57 | DM51: 64 | DN51: 1323 | DO51: 275 | DP51: 295 | DQ51: 1863 | DR51: 1893 | DS51: 2158 | DT51: 5 | DU51: 749 | DV51: 277 | DW51: 3 | DX51: 280 | DY51: 2161 | DZ51: 289 | EA51: 147.35 | EB51: 138.94 | EC51: 87.64 | ED51: 39.47 | EE51: 0 | EF51: 154 | EG51: 0.065225021 | EI51: 243 | EJ51: 1910 | EK51: 1364 | EL51: 292 | EM51: 254 | EN51: 2153 | EO51: 0 | EP51: 281 | EQ51: 281 | ER51: 279 | ES51: 2 | ET51: 80 | EU51: 57.85 | EV51: 1.5 | EW51: 7.7 | EX51: 6.7 | EY51: 31.2 | EZ51: 104.95 | FA51: 10 | FB51: 247.94444 | FC51: 257.94444 | FD51: 243.41667 | FE51: 246.13333 | FF51: 224.57778 | FG51: 230.81111 | FH51: 207.64444 | FI51: 149.27222 | FJ51: 133.53333 | FK51: 143.93889 | FL51: 97.205556 | FM51: 74.061111 | FN51: 58.8 | FO51: 63.011111 | FP51: 1301.8556 | FQ51: 277.47222 | FR51: 293.07778 | FS51: 1837.2722 | FT51: 1872.4056 | FU51: 2130.35 | FV51: 279.06111 | FW51: 2.7833333 | FX51: 281.84444 | FY51: 2133.1333 | FZ51: 4 | GA51: 244 | GB51: 248 | GC51: 249 | GD51: 229 | GE51: 251 | GF51: 216 | GG51: 221 | GH51: 175 | GI51: 130 | GJ51: 121 | GK51: 102 | GL51: 74 | GM51: 68 | GN51: 61 | GO51: 1341 | GP51: 251 | GQ51: 305 | GR51: 1840 | GS51: 1897 | GT51: 2145 | GU51: 8 | GV51: 864 | GW51: 257 | GX51: 5 | GY51: 262 | GZ51: 2150 | HA51: 285 | HB51: 135.46 | HC51: 127.94 | HD51: 77.99 | HE51: 37.858 | HG51: 142.61 | HH51: 0 | HI51: 259 | HJ51: 259 | HK51: 257 | HL51: 2 | HM51: 63 | HN51: 278 | HO51: 1898 | HP51: 1328 | HQ51: 275 | HR51: 295 | HS51: 2176 | HT51: =FY26_FE_Data_April15[[#This Row],[Oct 1, 2026 (CDC) - K]]+FY26_FE_Data_April15[[#This Row],[Oct 1, 2026 (CDC) - Grades 1-6]]+FY26_FE_Data_April15[[#This Row],[Oct 1, 2026 (CDC) - Grades 7-8]] -> 1881 | HU51: 0
A52: 83 | B52: 830 | C52: AMES | D52: Charter | E52: Yes | F52: Yes | H52: 30.672222 | I52: 0 | J52: 30.672222 | K52: 0 | L52: 0 | M52: 0 | N52: 454 | O52: 454 | P52: 454 | Q52: 0 | R52: 0 | S52: 0 | T52: 0 | U52: 0 | V52: 0 | W52: 0 | X52: 0 | Y52: 0 | Z52: 0 | AA52: 0 | AB52: 117.66111 | AC52: 124.45 | AD52: 108.7 | AE52: 102.47222 | AF52: 0 | AG52: 0 | AH52: 453.28333 | AI52: 0 | AJ52: 453.28333 | AK52: 453.28333 | AL52: 28.227778 | AM52: 0 | AN52: 28.227778 | AO52: 453.28333 | AP52: 0 | AQ52: 0 | AR52: 0 | AS52: 0 | AT52: 0 | AU52: 0 | AV52: 0 | AW52: 0 | AX52: 0 | AY52: 122 | AZ52: 119 | BA52: 126 | BB52: 102 | BC52: 0 | BD52: 0 | BE52: 469 | BF52: 0 | BG52: 469 | BH52: 469 | BI52: 0 | BJ52: 0 | BK52: 0 | BL52: 81 | BM52: 35 | BN52: 0 | BO52: 35 | BP52: 19 | BQ52: 0.093934396 | BR52: 26 | BS52: 24 | BT52: 24 | BU52: 26 | BV52: 0 | BW52: 0 | BX52: 0 | BY52: 0 | BZ52: 0 | CA52: 0 | CB52: 0 | CC52: 0 | CD52: 0 | CE52: 0 | CF52: 0 | CG52: 0 | CH52: 0 | CI52: 0 | CJ52: 120.35 | CK52: 118.85556 | CL52: 124.87778 | CM52: 100.96111 | CN52: 0 | CO52: 0 | CP52: 465.04444 | CQ52: 0 | CR52: 465.04444 | CS52: 465.04444 | CT52: 36.311111 | CU52: 0 | CV52: 36.311111 | CW52: 465.04444 | CX52: 0 | CY52: 0 | CZ52: 0 | DA52: 0 | DB52: 0 | DC52: 0 | DD52: 0 | DE52: 0 | DF52: 0 | DG52: 0 | DH52: 0 | DI52: 0 | DJ52: 112 | DK52: 121 | DL52: 112 | DM52: 113 | DN52: 0 | DO52: 0 | DP52: 458 | DQ52: 0 | DR52: 458 | DS52: 458 | DT52: 0 | DU52: 88 | DV52: 41 | DW52: 1 | DX52: 42 | DY52: 459 | DZ52: 26 | EA52: 26.5 | EB52: 24.5 | EC52: 0.17 | ED52: 22.19 | EE52: 0 | EF52: 26.5 | EG52: 0.097170442 | EI52: 0 | EJ52: 454 | EK52: 0 | EL52: 0 | EM52: 454 | EN52: 454 | EO52: 0 | EP52: 42 | EQ52: 42 | ER52: 41 | ES52: 1 | ET52: 1 | EU52: 0 | EV52: 0 | EW52: 4 | EX52: 1 | EY52: 0 | EZ52: 5 | FA52: 0 | FB52: 0 | FC52: 0 | FD52: 0 | FE52: 0 | FF52: 0 | FG52: 0 | FH52: 0 | FI52: 0 | FJ52: 0 | FK52: 0 | FL52: 111.51111 | FM52: 121.58333 | FN52: 111.92778 | FO52: 112.52222 | FP52: 0 | FQ52: 0 | FR52: 457.54444 | FS52: 0 | FT52: 457.54444 | FU52: 457.54444 | FV52: 41.366667 | FW52: 1 | FX52: 42.366667 | FY52: 458.54444 | FZ52: 0 | GA52: 0 | GB52: 0 | GC52: 0 | GD52: 0 | GE52: 0 | GF52: 0 | GG52: 0 | GH52: 0 | GI52: 0 | GJ52: 0 | GK52: 131 | GL52: 115 | GM52: 110 | GN52: 110 | GO52: 0 | GP52: 0 | GQ52: 466 | GR52: 0 | GS52: 466 | GT52: 466 | GU52: 0 | GV52: 99 | GW52: 39 | GX52: 1 | GY52: 40 | GZ52: 467 | HA52: 27 | HB52: 25.07 | HC52: 23.07 | HD52: 0 | HE52: 19.75 | HG52: 25 | HH52: 0 | HI52: 40 | HJ52: 40 | HK52: 39 | HL52: 1 | HM52: 1 | HN52: 0 | HO52: 466 | HP52: 0 | HQ52: 0 | HR52: 466 | HS52: 466 | HT52: =FY26_FE_Data_April15[[#This Row],[Oct 1, 2026 (CDC) - K]]+FY26_FE_Data_April15[[#This Row],[Oct 1, 2026 (CDC) - Grades 1-6]]+FY26_FE_Data_April15[[#This Row],[Oct 1, 2026 (CDC) - Grades 7-8]] -> 0 | HU52: 0
A53: 86 | B53: 860 | C53: Pinnacle Canyon Academy | D53: Charter | E53: Yes | F53: Yes | H53: 92.027778 | I53: 46.666667 | J53: 138.69444 | K53: 25 | L53: 170 | M53: 61 | N53: 152 | O53: 408 | P53: 383 | Q53: 256 | R53: 41 | S53: 16.238889 | T53: 26.833333 | U53: 18.111111 | V53: 30.155556 | W53: 21.588889 | X53: 33.394444 | Y53: 25.283333 | Z53: 19.438889 | AA53: 30.816667 | AB53: 36.916667 | AC53: 36.266667 | AD53: 24.155556 | AE53: 37.261111 | AF53: 155.36667 | AG53: 50.255556 | AH53: 134.6 | AI53: 221.86111 | AJ53: 340.22222 | AK53: 356.46111 | AL53: 85.738889 | AM53: 41.65 | AN53: 127.38889 | AO53: 398.11111 | AP53: 18 | AQ53: 18 | AR53: 32 | AS53: 19 | AT53: 31 | AU53: 28 | AV53: 36 | AW53: 31 | AX53: 28 | AY53: 35 | AZ53: 43 | BA53: 40 | BB53: 23 | BC53: 164 | BD53: 59 | BE53: 141 | BF53: 241 | BG53: 364 | BH53: 382 | BI53: 18 | BJ53: 0 | BK53: 0 | BL53: 261 | BM53: 87 | BN53: 30 | BO53: 117 | BP53: 0 | BQ53: 0.074126857 | BR53: 27.1865 | BS53: 25.7975 | BT53: 22.3255 | BU53: 29.7425 | BV53: 0 | BW53: 0 | BX53: 0 | BY53: 1.261111 | BZ53: 16.411111 | CA53: 17.672222 | CB53: 17.266667 | CC53: 27.85 | CD53: 18.394444 | CE53: 31.066667 | CF53: 23.927778 | CG53: 32.016667 | CH53: 22.677778 | CI53: 23.888889 | CJ53: 33.45 | CK53: 37 | CL53: 36.511111 | CM53: 21.511111 | CN53: 150.52222 | CO53: 46.566667 | CP53: 128.47222 | CQ53: 214.76111 | CR53: 325.56111 | CS53: 343.23333 | CT53: 83.35 | CU53: 28.466667 | CV53: 111.81667 | CW53: 371.7 | CX53: 0 | CY53: 22 | CZ53: 0 | DA53: 22 | DB53: 15 | DC53: 20 | DD53: 25 | DE53: 18 | DF53: 29 | DG53: 27 | DH53: 34 | DI53: 27 | DJ53: 30 | DK53: 35 | DL53: 38 | DM53: 29 | DN53: 134 | DO53: 61 | DP53: 132 | DQ53: 217 | DR53: 327 | DS53: 349 | DT53: 0 | DU53: 261 | DV53: 67 | DW53: 35 | DX53: 102 | DY53: 384 | DZ53: 0 | EA53: 29.25 | EB53: 27.35 | EC53: 9.65 | ED53: 12.56 | EE53: 0.5 | EF53: 30.5 | EG53: 0.072083506 | EI53: 19 | EJ53: 329 | EK53: 124 | EL53: 53 | EM53: 152 | EN53: 348 | EO53: 1 | EP53: 97 | EQ53: 98 | ER53: 65 | ES53: 32 | ET53: 0 | EU53: 1 | EV53: 0 | EW53: 2 | EX53: 0 | EY53: 0 | EZ53: 3 | FA53: 0 | FB53: 21.961111 | FC53: 21.961111 | FD53: 13.416667 | FE53: 18.966667 | FF53: 24.15 | FG53: 17.172222 | FH53: 24.133333 | FI53: 23.211111 | FJ53: 28.933333 | FK53: 21.477778 | FL53: 28.861111 | FM53: 31.972222 | FN53: 34.438889 | FO53: 27.877778 | FP53: 121.05 | FQ53: 50.411111 | FR53: 123.15 | FS53: 193.42222 | FT53: 294.61111 | FU53: 316.57222 | FV53: 68.961111 | FW53: 33.627778 | FX53: 102.58889 | FY53: 350.2 | FZ53: 0 | GA53: 18 | GB53: 18 | GC53: 22 | GD53: 20 | GE53: 21 | GF53: 28 | GG53: 17 | GH53: 27 | GI53: 31 | GJ53: 37 | GK53: 31 | GL53: 38 | GM53: 34 | GN53: 34 | GO53: 135 | GP53: 68 | GQ53: 137 | GR53: 221 | GS53: 340 | GT53: 358 | GU53: 0 | GV53: 263 | GW53: 74 | GX53: 29 | GY53: 103 | GZ53: 387 | HA53: 0 | HB53: 25.25 | HC53: 23.25 | HD53: 8.82 | HE53: 11.19 | HG53: 26.5 | HH53: 0 | HI53: 104 | HJ53: 104 | HK53: 70 | HL53: 34 | HM53: 0 | HN53: 22 | HO53: 336 | HP53: 131 | HQ53: 63 | HR53: 142 | HS53: 358 | HT53: =FY26_FE_Data_April15[[#This Row],[Oct 1, 2026 (CDC) - K]]+FY26_FE_Data_April15[[#This Row],[Oct 1, 2026 (CDC) - Grades 1-6]]+FY26_FE_Data_April15[[#This Row],[Oct 1, 2026 (CDC) - Grades 7-8]] -> 216 | HU53: 0
A54: 87 | B54: 870 | C54: City Academy | D54: Charter | E54: Yes | F54: Yes | H54: 17.277778 | I54: 3.5777778 | J54: 20.855556 | K54: 0 | L54: 0 | M54: 31 | N54: 86 | O54: 117 | P54: 117 | Q54: 31 | R54: 2 | S54: 0 | T54: 0 | U54: 0 | V54: 0 | W54: 0 | X54: 0 | Y54: 0 | Z54: 15.633333 | AA54: 17.772222 | AB54: 25.088889 | AC54: 17.427778 | AD54: 22.344444 | AE54: 16.155556 | AF54: 0 | AG54: 33.405556 | AH54: 81.016667 | AI54: 33.405556 | AJ54: 114.42222 | AK54: 114.42222 | AL54: 21.494444 | AM54: 2.9333333 | AN54: 24.427778 | AO54: 117.35556 | AP54: 0 | AQ54: 0 | AR54: 0 | AS54: 0 | AT54: 0 | AU54: 0 | AV54: 0 | AW54: 12 | AX54: 17 | AY54: 11 | AZ54: 31 | BA54: 8 | BB54: 20 | BC54: 0 | BD54: 29 | BE54: 70 | BF54: 29 | BG54: 99 | BH54: 99 | BI54: 0 | BJ54: 0 | BK54: 0 | BL54: 59 | BM54: 23 | BN54: 1 | BO54: 24 | BP54: 26 | BQ54: 0.074896753 | BR54: 14.417 | BS54: 13.117 | BT54: 13.117 | BU54: 16.417 | BV54: 0 | BW54: 0 | BX54: 0 | BY54: 0 | BZ54: 0 | CA54: 0 | CB54: 0 | CC54: 0 | CD54: 0 | CE54: 0 | CF54: 0 | CG54: 0 | CH54: 10.644444 | CI54: 15.238889 | CJ54: 10.022222 | CK54: 28.483333 | CL54: 8.4555556 | CM54: 18.477778 | CN54: 0 | CO54: 25.883333 | CP54: 65.438889 | CQ54: 25.883333 | CR54: 91.322222 | CS54: 91.322222 | CT54: 20.177778 | CU54: 1.5333333 | CV54: 21.711111 | CW54: 92.855556 | CX54: 0 | CY54: 0 | CZ54: 0 | DA54: 0 | DB54: 0 | DC54: 0 | DD54: 0 | DE54: 0 | DF54: 0 | DG54: 0 | DH54: 11 | DI54: 16 | DJ54: 20 | DK54: 12 | DL54: 27 | DM54: 7 | DN54: 0 | DO54: 27 | DP54: 66 | DQ54: 27 | DR54: 93 | DS54: 93 | DT54: 0 | DU54: 49 | DV54: 25 | DW54: 0 | DX54: 25 | DY54: 93 | DZ54: 16 | EA54: 17.054 | EB54: 15.654 | EC54: 0 | ED54: 14.058 | EE54: 0 | EF54: 17.471 | EG54: 0.086629747 | EI54: 0 | EJ54: 93 | EK54: 0 | EL54: 29 | EM54: 64 | EN54: 93 | EO54: 0 | EP54: 25 | EQ54: 25 | ER54: 25 | ES54: 0 | ET54: 3 | EU54: 2.39 | EV54: 0 | EW54: 1.5 | EX54: 0 | EY54: 0.263 | EZ54: 4.153 | FA54: 0 | FB54: 0 | FC54: 0 | FD54: 0 | FE54: 0 | FF54: 0 | FG54: 0 | FH54: 0 | FI54: 0 | FJ54: 11.288889 | FK54: 15.611111 | FL54: 22.533333 | FM54: 12.872222 | FN54: 26.155556 | FO54: 6.3666667 | FP54: 0 | FQ54: 26.9 | FR54: 67.927778 | FS54: 26.9 | FT54: 94.827778 | FU54: 94.827778 | FV54: 23.127778 | FW54: 0 | FX54: 23.127778 | FY54: 94.827778 | FZ54: 0 | GA54: 0 | GB54: 0 | GC54: 0 | GD54: 0 | GE54: 0 | GF54: 0 | GG54: 0 | GH54: 0 | GI54: 15 | GJ54: 11 | GK54: 21 | GL54: 30 | GM54: 25 | GN54: 28 | GO54: 0 | GP54: 26 | GQ54: 104 | GR54: 26 | GS54: 130 | GT54: 130 | GU54: 0 | GV54: 40 | GW54: 29 | GX54: 2 | GY54: 31 | GZ54: 132 | HA54: 11 | HB54: 13.417 | HC54: 13.017 | HD54: 0 | HE54: 11.605 | HG54: 14.667 | HH54: 0 | HI54: 36 | HJ54: 36 | HK54: 34 | HL54: 2 | HM54: 0 | HN54: 0 | HO54: 131 | HP54: 0 | HQ54: 26 | HR54: 105 | HS54: 131 | HT54: =FY26_FE_Data_April15[[#This Row],[Oct 1, 2026 (CDC) - K]]+FY26_FE_Data_April15[[#This Row],[Oct 1, 2026 (CDC) - Grades 1-6]]+FY26_FE_Data_April15[[#This Row],[Oct 1, 2026 (CDC) - Grades 7-8]] -> 26 | HU54: 0
A55: 89 | B55: 890 | C55: Soldier Hollow Charter School | D55: Charter | E55: Yes | F55: Yes | H55: 39.3 | I55: 12.544444 | J55: 51.844444 | K55: 42 | L55: 241 | M55: 52 | N55: 0 | O55: 335 | P55: 293 | Q55: 335 | R55: 11 | S55: 41.466667 | T55: 33.538889 | U55: 39.166667 | V55: 39.994444 | W55: 41.511111 | X55: 43.15 | Y55: 34 | Z55: 26.716667 | AA55: 23.233333 | AB55: 0 | AC55: 0 | AD55: 0 | AE55: 0 | AF55: 231.36111 | AG55: 49.95 | AH55: 0 | AI55: 322.77778 | AJ55: 281.31111 | AK55: 322.77778 | AL55: 55.955556 | AM55: 9.6888889 | AN55: 65.644444 | AO55: 332.46667 | AP55: 39 | AQ55: 41 | AR55: 38 | AS55: 43 | AT55: 42 | AU55: 39 | AV55: 38 | AW55: 32 | AX55: 22 | AY55: 0 | AZ55: 0 | BA55: 0 | BB55: 0 | BC55: 241 | BD55: 54 | BE55: 0 | BF55: 334 | BG55: 295 | BH55: 334 | BI55: 37 | BJ55: 2 | BK55: 0 | BL55: 7 | BM55: 61 | BN55: 9 | BO55: 70 | BP55: 0 | BQ55: 0.086574074 | BR55: 22.033 | BS55: 21.033 | BT55: 20.486 | BU55: 26.033 | BV55: 0 | BW55: 0 | BX55: 0 | BY55: 1 | BZ55: 36.677777 | CA55: 37.677778 | CB55: 40.105556 | CC55: 36.966667 | CD55: 42.777778 | CE55: 39.8 | CF55: 38.516667 | CG55: 38.605556 | CH55: 29.972222 | CI55: 22.155556 | CJ55: 0 | CK55: 0 | CL55: 0 | CM55: 0 | CN55: 236.77222 | CO55: 52.127778 | CP55: 0 | CQ55: 326.57778 | CR55: 288.9 | CS55: 326.57778 | CT55: 76.083333 | CU55: 0.016666667 | CV55: 76.1 | CW55: 326.59444 | CX55: 0 | CY55: 42 | CZ55: 0 | DA55: 42 | DB55: 34 | DC55: 42 | DD55: 37 | DE55: 42 | DF55: 43 | DG55: 38 | DH55: 24 | DI55: 28 | DJ55: 0 | DK55: 0 | DL55: 0 | DM55: 0 | DN55: 236 | DO55: 52 | DP55: 0 | DQ55: 330 | DR55: 288 | DS55: 330 | DT55: 0 | DU55: 6 | DV55: 81 | DW55: 0 | DX55: 81 | DY55: 330 | DZ55: 0 | EA55: 23.033 | EB55: 22.033 | EC55: 14.006 | ED55: 5.48 | EE55: 0 | EF55: 24.033 | EG55: 0.076369863 | EI55: 41 | EJ55: 287 | EK55: 236 | EL55: 51 | EM55: 0 | EN55: 328 | EO55: 0 | EP55: 84 | EQ55: 84 | ER55: 84 | ES55: 0 | ET55: 7 | EU55: 4.13 | EV55: 0 | EW55: 2 | EX55: 0 | EY55: 1.23 | EZ55: 7.36 | FA55: 0 | FB55: 41.977778 | FC55: 41.977778 | FD55: 33.883333 | FE55: 41.711111 | FF55: 37.05 | FG55: 41.661111 | FH55: 41.083333 | FI55: 37.466667 | FJ55: 24.161111 | FK55: 27.994444 | FL55: 0 | FM55: 0 | FN55: 0 | FO55: 0 | FP55: 232.85556 | FQ55: 52.155556 | FR55: 0 | FS55: 326.98889 | FT55: 285.01111 | FU55: 326.98889 | FV55: 83.3 | FW55: 0 | FX55: 83.3 | FY55: 326.98889 | FZ55: 0 | GA55: 38 | GB55: 38 | GC55: 40 | GD55: 38 | GE55: 38 | GF55: 36 | GG55: 43 | GH55: 32 | GI55: 34 | GJ55: 23 | GK55: 0 | GL55: 0 | GM55: 0 | GN55: 0 | GO55: 227 | GP55: 57 | GQ55: 0 | GR55: 322 | GS55: 284 | GT55: 322 | GU55: 0 | GV55: 3 | GW55: 71 | GX55: 0 | GY55: 71 | GZ55: 322 | HA55: 2 | HB55: 24.547 | HC55: 23.547 | HD55: 14.52 | HE55: 5.48 | HG55: 26.287 | HH55: 0 | HI55: 76 | HJ55: 76 | HK55: 76 | HL55: 0 | HM55: 5 | HN55: 42 | HO55: 288 | HP55: 236 | HQ55: 52 | HR55: 0 | HS55: 330 | HT55: =FY26_FE_Data_April15[[#This Row],[Oct 1, 2026 (CDC) - K]]+FY26_FE_Data_April15[[#This Row],[Oct 1, 2026 (CDC) - Grades 1-6]]+FY26_FE_Data_April15[[#This Row],[Oct 1, 2026 (CDC) - Grades 7-8]] -> 330 | HU55: 0
A56: 91 | B56: 910 | C56: Utah Arts Academy | D56: Charter | E56: Yes | F56: Yes | H56: 17.35 | I56: 0 | J56: 17.35 | K56: 0 | L56: 0 | M56: 0 | N56: 274 | O56: 274 | P56: 274 | Q56: 0 | R56: 0 | S56: 0 | T56: 0 | U56: 0 | V56: 0 | W56: 0 | X56: 0 | Y56: 0 | Z56: 0 | AA56: 0 | AB56: 53 | AC56: 88.255556 | AD56: 62.3 | AE56: 68.327778 | AF56: 0 | AG56: 0 | AH56: 271.88333 | AI56: 0 | AJ56: 271.88333 | AK56: 271.88333 | AL56: 30.633333 | AM56: 0 | AN56: 30.633333 | AO56: 271.88333 | AP56: 0 | AQ56: 0 | AR56: 0 | AS56: 0 | AT56: 0 | AU56: 0 | AV56: 0 | AW56: 0 | AX56: 0 | AY56: 44 | AZ56: 79 | BA56: 92 | BB56: 65 | BC56: 0 | BD56: 0 | BE56: 280 | BF56: 0 | BG56: 280 | BH56: 280 | BI56: 0 | BJ56: 0 | BK56: 0 | BL56: 76 | BM56: 23 | BN56: 0 | BO56: 23 | BP56: 1 | BQ56: 0.080513699 | BR56: 20.75 | BS56: 19.75 | BT56: 19.9 | BU56: 20.9 | BV56: 0 | BW56: 0 | BX56: 0 | BY56: 0 | BZ56: 0 | CA56: 0 | CB56: 0 | CC56: 0 | CD56: 0 | CE56: 0 | CF56: 0 | CG56: 0 | CH56: 0 | CI56: 0 | CJ56: 41.194444 | CK56: 71.394444 | CL56: 89.9 | CM56: 60.383333 | CN56: 0 | CO56: 0 | CP56: 262.87222 | CQ56: 0 | CR56: 262.87222 | CS56: 262.87222 | CT56: 23.166667 | CU56: 0 | CV56: 23.166667 | CW56: 262.87222 | CX56: 0 | CY56: 0 | CZ56: 0 | DA56: 0 | DB56: 0 | DC56: 0 | DD56: 0 | DE56: 0 | DF56: 0 | DG56: 0 | DH56: 0 | DI56: 41 | DJ56: 60 | DK56: 59 | DL56: 69 | DM56: 82 | DN56: 0 | DO56: 41 | DP56: 270 | DQ56: 41 | DR56: 311 | DS56: 311 | DT56: 0 | DU56: 82 | DV56: 24 | DW56: 0 | DX56: 24 | DY56: 311 | DZ56: 4 | EA56: 20.25 | EB56: 19.25 | EC56: 0 | ED56: 17.25 | EE56: 0 | EF56: 20.4 | EG56: 0.074615922 | EI56: 0 | EJ56: 311 | EK56: 0 | EL56: 48 | EM56: 263 | EN56: 311 | EO56: 0 | EP56: 31 | EQ56: 31 | ER56: 31 | ES56: 0 | ET56: 0 | EU56: 0.5 | EV56: 0 | EW56: 1.5 | EX56: 0 | EY56: 1.5 | EZ56: 3.5 | FA56: 0 | FB56: 0 | FC56: 0 | FD56: 0 | FE56: 0 | FF56: 0 | FG56: 0 | FH56: 0 | FI56: 0 | FJ56: 0 | FK56: 45.672222 | FL56: 65.594444 | FM56: 59 | FN56: 68.766667 | FO56: 85.533333 | FP56: 0 | FQ56: 45.672222 | FR56: 278.89444 | FS56: 45.672222 | FT56: 324.56667 | FU56: 324.56667 | FV56: 26.938889 | FW56: 0 | FX56: 26.938889 | FY56: 324.56667 | FZ56: 0 | GA56: 0 | GB56: 0 | GC56: 0 | GD56: 0 | GE56: 0 | GF56: 0 | GG56: 0 | GH56: 0 | GI56: 0 | GJ56: 68 | GK56: 82 | GL56: 85 | GM56: 67 | GN56: 62 | GO56: 0 | GP56: 68 | GQ56: 296 | GR56: 68 | GS56: 364 | GT56: 364 | GU56: 0 | GV56: 102 | GW56: 20 | GX56: 6 | GY56: 26 | GZ56: 370 | HA56: 2 | HB56: 23.05 | HC56: 20.55 | HD56: 0 | HE56: 19.05 | HG56: 23.9925 | HH56: 0 | HI56: 35 | HJ56: 35 | HK56: 28 | HL56: 7 | HM56: 0 | HN56: 0 | HO56: 385 | HP56: 0 | HQ56: 60 | HR56: 325 | HS56: 385 | HT56: =FY26_FE_Data_April15[[#This Row],[Oct 1, 2026 (CDC) - K]]+FY26_FE_Data_April15[[#This Row],[Oct 1, 2026 (CDC) - Grades 1-6]]+FY26_FE_Data_April15[[#This Row],[Oct 1, 2026 (CDC) - Grades 7-8]] -> 60 | HU56: 0
A57: 92 | B57: 920 | C57: Uintah River High School | D57: Charter | E57: Yes | F57: Yes | H57: 8.3944444 | I57: 0.066666667 | J57: 8.4611111 | K57: 0 | L57: 0 | M57: 0 | N57: 75 | O57: 75 | P57: 75 | Q57: 0 | R57: 0 | S57: 0 | T57: 0 | U57: 0 | V57: 0 | W57: 0 | X57: 0 | Y57: 0 | Z57: 0 | AA57: 0 | AB57: 19.922222 | AC57: 20 | AD57: 16.811111 | AE57: 19.733333 | AF57: 0 | AG57: 0 | AH57: 76.466667 | AI57: 0 | AJ57: 76.466667 | AK57: 76.466667 | AL57: 11.305556 | AM57: 0 | AN57: 11.305556 | AO57: 76.466667 | AP57: 0 | AQ57: 0 | AR57: 0 | AS57: 0 | AT57: 0 | AU57: 0 | AV57: 0 | AW57: 0 | AX57: 0 | AY57: 20 | AZ57: 21 | BA57: 21 | BB57: 17 | BC57: 0 | BD57: 0 | BE57: 79 | BF57: 0 | BG57: 79 | BH57: 79 | BI57: 0 | BJ57: 0 | BK57: 0 | BL57: 33 | BM57: 14 | BN57: 0 | BO57: 14 | BP57: 0 | BQ57: 0.084308821 | BR57: 11.923 | BS57: 10.923 | BT57: 10.923 | BU57: 11.923 | BV57: 0 | BW57: 0 | BX57: 0 | BY57: 0 | BZ57: 0 | CA57: 0 | CB57: 0 | CC57: 0 | CD57: 0 | CE57: 0 | CF57: 0 | CG57: 0 | CH57: 0 | CI57: 0 | CJ57: 20.666667 | CK57: 20.666667 | CL57: 21.05 | CM57: 17.511111 | CN57: 0 | CO57: 0 | CP57: 79.894444 | CQ57: 0 | CR57: 79.894444 | CS57: 79.894444 | CT57: 14.744444 | CU57: 0 | CV57: 14.744444 | CW57: 79.894444 | CX57: 0 | CY57: 0 | CZ57: 0 | DA57: 0 | DB57: 0 | DC57: 0 | DD57: 0 | DE57: 0 | DF57: 0 | DG57: 0 | DH57: 0 | DI57: 0 | DJ57: 22 | DK57: 21 | DL57: 20 | DM57: 19 | DN57: 0 | DO57: 0 | DP57: 82 | DQ57: 0 | DR57: 82 | DS57: 82 | DT57: 0 | DU57: 31 | DV57: 18 | DW57: 0 | DX57: 18 | DY57: 82 | DZ57: 0 | EA57: 11.423 | EB57: 10.423 | EC57: 0 | ED57: 8.423 | EE57: 0 | EF57: 12.423 | EG57: 0.0875 | EI57: 0 | EJ57: 82 | EK57: 0 | EL57: 0 | EM57: 82 | EN57: 82 | EO57: 0 | EP57: 18 | EQ57: 18 | ER57: 18 | ES57: 0 | ET57: 0 | EU57: 3 | EV57: 0 | EW57: 1 | EX57: 6 | EY57: 3 | EZ57: 13 | FA57: 0 | FB57: 0 | FC57: 0 | FD57: 0 | FE57: 0 | FF57: 0 | FG57: 0 | FH57: 0 | FI57: 0 | FJ57: 0 | FK57: 0 | FL57: 21.95 | FM57: 21 | FN57: 19.833333 | FO57: 18.977778 | FP57: 0 | FQ57: 0 | FR57: 81.761111 | FS57: 0 | FT57: 81.761111 | FU57: 81.761111 | FV57: 16.05 | FW57: 0 | FX57: 16.05 | FY57: 81.761111 | FZ57: 0 | GA57: 0 | GB57: 0 | GC57: 0 | GD57: 0 | GE57: 0 | GF57: 0 | GG57: 0 | GH57: 0 | GI57: 0 | GJ57: 0 | GK57: 20 | GL57: 30 | GM57: 29 | GN57: 23 | GO57: 0 | GP57: 0 | GQ57: 102 | GR57: 0 | GS57: 102 | GT57: 102 | GU57: 0 | GV57: 48 | GW57: 20 | GX57: 0 | GY57: 20 | GZ57: 102 | HA57: 0 | HB57: 9 | HC57: 8 | HD57: 0 | HE57: 7 | HG57: 11 | HH57: 0 | HI57: 20 | HJ57: 20 | HK57: 20 | HL57: 0 | HM57: 0 | HN57: 0 | HO57: 105 | HP57: 0 | HQ57: 0 | HR57: 105 | HS57: 105 | HT57: =FY26_FE_Data_April15[[#This Row],[Oct 1, 2026 (CDC) - K]]+FY26_FE_Data_April15[[#This Row],[Oct 1, 2026 (CDC) - Grades 1-6]]+FY26_FE_Data_April15[[#This Row],[Oct 1, 2026 (CDC) - Grades 7-8]] -> 0 | HU57: 0
A58: 93 | B58: 930 | C58: John Hancock Charter School Foundation | D58: Charter | E58: Yes | F58: Yes | H58: 35.133333 | I58: 7.6055556 | J58: 42.738889 | K58: 22 | L58: 147 | M58: 15 | N58: 0 | O58: 184 | P58: 162 | Q58: 184 | R58: 11 | S58: 22.488889 | T58: 23.716667 | U58: 22.083333 | V58: 24.266667 | W58: 22.255556 | X58: 26.688889 | Y58: 22.95 | Z58: 6.2722222 | AA58: 6.5 | AB58: 0 | AC58: 0 | AD58: 0 | AE58: 0 | AF58: 141.96111 | AG58: 12.772222 | AH58: 0 | AI58: 177.22222 | AJ58: 154.73333 | AK58: 177.22222 | AL58: 40.033333 | AM58: 4.4 | AN58: 44.433333 | AO58: 181.62222 | AP58: 114 | AQ58: 121 | AR58: 123 | AS58: 126 | AT58: 120 | AU58: 126 | AV58: 99 | AW58: 79 | AX58: 24 | AY58: 0 | AZ58: 0 | BA58: 0 | BB58: 0 | BC58: 715 | BD58: 103 | BE58: 0 | BF58: 932 | BG58: 818 | BH58: 932 | BI58: 81 | BJ58: 33 | BK58: 0 | BL58: 213 | BM58: 114 | BN58: 10 | BO58: 124 | BP58: 0 | BQ58: 0.065619497 | BR58: 55.138 | BS58: 52.138 | BT58: 52.138 | BU58: 59.624 | BV58: 0 | BW58: 0 | BX58: 0 | BY58: 34.216666 | BZ58: 77.994444 | CA58: 112.21111 | CB58: 118.55 | CC58: 122.43333 | CD58: 123.53333 | CE58: 120.32778 | CF58: 123.54444 | CG58: 99.927778 | CH58: 78.294444 | CI58: 24.661111 | CJ58: 0 | CK58: 0 | CL58: 0 | CM58: 0 | CN58: 708.31667 | CO58: 102.95556 | CP58: 0 | CQ58: 923.48333 | CR58: 811.27222 | CS58: 923.48333 | CT58: 129.33333 | CU58: 4.4777778 | CV58: 133.81111 | CW58: 927.96111 | CX58: 0 | CY58: 128 | CZ58: 18 | DA58: 146 | DB58: 116 | DC58: 125 | DD58: 128 | DE58: 123 | DF58: 122 | DG58: 127 | DH58: 91 | DI58: 68 | DJ58: 0 | DK58: 0 | DL58: 0 | DM58: 0 | DN58: 741 | DO58: 159 | DP58: 0 | DQ58: 1046 | DR58: 900 | DS58: 1046 | DT58: 0 | DU58: 211 | DV58: 145 | DW58: 7 | DX58: 152 | DY58: 1053 | DZ58: 0 | EA58: 62.343 | EB58: 61.443 | EC58: 47.455 | ED58: 11.828 | EE58: 0 | EF58: 66.718 | EG58: 0.044255415 | EI58: 130 | EJ58: 957 | EK58: 779 | EL58: 178 | EM58: 0 | EN58: 1087 | EO58: 0 | EP58: 169 | EQ58: 169 | ER58: 165 | ES58: 4 | ET58: 3 | EU58: 31.771 | EV58: 0.72 | EW58: 1.72 | EX58: 1.94 | EY58: 11.86 | EZ58: 48.011 | FA58: 14.927778 | FB58: 125.03889 | FC58: 139.96667 | FD58: 114.22222 | FE58: 122.61667 | FF58: 126.32222 | FG58: 121.2 | FH58: 120.2 | FI58: 123.9 | FJ58: 86.455556 | FK58: 64.272222 | FL58: 0 | FM58: 0 | FN58: 0 | FO58: 0 | FP58: 728.46111 | FQ58: 150.72778 | FR58: 0 | FS58: 1019.1556 | FT58: 879.18889 | FU58: 1019.1556 | FV58: 162.41111 | FW58: 3.9166667 | FX58: 166.32778 | FY58: 1023.0722 | FZ58: 44 | GA58: 94 | GB58: 138 | GC58: 152 | GD58: 143 | GE58: 128 | GF58: 132 | GG58: 125 | GH58: 122 | GI58: 83 | GJ58: 66 | GK58: 0 | GL58: 0 | GM58: 0 | GN58: 0 | GO58: 802 | GP58: 149 | GQ58: 0 | GR58: 1089 | GS58: 951 | GT58: 1089 | GU58: 0 | GV58: 198 | GW58: 148 | GX58: 8 | GY58: 156 | GZ58: 1097 | HA58: 54 | HB58: 63.922 | HC58: 63.022 | HD58: 52.722 | HE58: 8.68 | HG58: 69.272 | HH58: 0 | HI58: 174 | HJ58: 174 | HK58: 164 | HL58: 10 | HM58: 6 | HN58: 168 | HO58: 1351 | HP58: 1008 | HQ58: 343 | HR58: 0 | HS58: 1519 | HT58: =FY26_FE_Data_April15[[#This Row],[Oct 1, 2026 (CDC) - K]]+FY26_FE_Data_April15[[#This Row],[Oct 1, 2026 (CDC) - Grades 1-6]]+FY26_FE_Data_April15[[#This Row],[Oct 1, 2026 (CDC) - Grades 7-8]] -> 1519 | HU58: 0
A59: 94 | B59: 940 | C59: Thomas Edison Charter School | D59: Charter | E59: Yes | F59: Yes | H59: 214.88333 | I59: 54.527778 | J59: 269.41111 | K59: 142 | L59: 811 | M59: 265 | N59: 0 | O59: 1218 | P59: 1076 | Q59: 1218 | R59: 33 | S59: 141.98889 | T59: 140.07222 | U59: 132.99444 | V59: 118.08333 | W59: 140.27778 | X59: 130.36111 | Y59: 133.12222 | Z59: 141.80556 | AA59: 118.74444 | AB59: 0 | AC59: 0 | AD59: 0 | AE59: 0 | AF59: 794.91111 | AG59: 260.55 | AH59: 0 | AI59: 1197.45 | AJ59: 1055.4611 | AK59: 1197.45 | AL59: 235.47222 | AM59: 8.9777778 | AN59: 244.45 | AO59: 1206.4278 | AP59: 132 | AQ59: 134 | AR59: 141 | AS59: 131 | AT59: 118 | AU59: 143 | AV59: 134 | AW59: 130 | AX59: 140 | AY59: 0 | AZ59: 0 | BA59: 0 | BB59: 0 | BC59: 801 | BD59: 270 | BE59: 0 | BF59: 1203 | BG59: 1071 | BH59: 1203 | BI59: 27 | BJ59: 105 | BK59: 0 | BL59: 299 | BM59: 208 | BN59: 5 | BO59: 213 | BP59: 76 | BQ59: 0.07380506 | BR59: 69.51 | BS59: 66.51 | BT59: 60.91 | BU59: 70.21 | BV59: 0 | BW59: 0 | BX59: 0 | BY59: 102.92222 | BZ59: 25.727777 | CA59: 128.65 | CB59: 132.67222 | CC59: 139.85556 | CD59: 128.87222 | CE59: 118.28889 | CF59: 142.25556 | CG59: 134.21111 | CH59: 128.60556 | CI59: 138.37222 | CJ59: 0 | CK59: 0 | CL59: 0 | CM59: 0 | CN59: 796.15556 | CO59: 266.97778 | CP59: 0 | CQ59: 1191.7833 | CR59: 1063.1333 | CS59: 1191.7833 | CT59: 238.03889 | CU59: 2.7111111 | CV59: 240.75 | CW59: 1194.4944 | CX59: 0 | CY59: 111 | CZ59: 22 | DA59: 133 | DB59: 127 | DC59: 128 | DD59: 145 | DE59: 126 | DF59: 126 | DG59: 139 | DH59: 134 | DI59: 131 | DJ59: 0 | DK59: 0 | DL59: 0 | DM59: 0 | DN59: 791 | DO59: 265 | DP59: 0 | DQ59: 1189 | DR59: 1056 | DS59: 1189 | DT59: 0 | DU59: 293 | DV59: 214 | DW59: 3 | DX59: 217 | DY59: 1192 | DZ59: 92 | EA59: 77.405 | EB59: 72.655 | EC59: 41.708 | ED59: 20.522 | EE59: 0 | EF59: 78.405 | EG59: 0.072563044 | EI59: 130 | EJ59: 1050 | EK59: 834 | EL59: 216 | EM59: 0 | EN59: 1180 | EO59: 0 | EP59: 221 | EQ59: 221 | ER59: 219 | ES59: 2 | ET59: 2 | EU59: 49.8 | EV59: 0.4 | EW59: 7.2 | EX59: 0.4 | EY59: 6.2 | EZ59: 64 | FA59: 26.805556 | FB59: 105.92778 | FC59: 132.73333 | FD59: 123.88333 | FE59: 127.57222 | FF59: 140.20556 | FG59: 123.58333 | FH59: 123.42778 | FI59: 137.64444 | FJ59: 131.00556 | FK59: 128.91111 | FL59: 0 | FM59: 0 | FN59: 0 | FO59: 0 | FP59: 776.31667 | FQ59: 259.91667 | FR59: 0 | FS59: 1168.9667 | FT59: 1036.2333 | FU59: 1168.9667 | FV59: 226.27778 | FW59: 2.4166667 | FX59: 228.69444 | FY59: 1171.3833 | FZ59: 28 | GA59: 85 | GB59: 113 | GC59: 122 | GD59: 117 | GE59: 134 | GF59: 138 | GG59: 135 | GH59: 124 | GI59: 136 | GJ59: 129 | GK59: 0 | GL59: 0 | GM59: 0 | GN59: 0 | GO59: 770 | GP59: 265 | GQ59: 0 | GR59: 1148 | GS59: 1035 | GT59: 1148 | GU59: 0 | GV59: 266 | GW59: 228 | GX59: 2 | GY59: 230 | GZ59: 1150 | HA59: 84 | HB59: 76.995 | HC59: 72.245 | HD59: 40.42 | HE59: 22.2 | HG59: 76.995 | HH59: 0 | HI59: 241 | HJ59: 241 | HK59: 239 | HL59: 2 | HM59: 2 | HN59: 121 | HO59: 1039 | HP59: 785 | HQ59: 254 | HR59: 0 | HS59: 1160 | HT59: =FY26_FE_Data_April15[[#This Row],[Oct 1, 2026 (CDC) - K]]+FY26_FE_Data_April15[[#This Row],[Oct 1, 2026 (CDC) - Grades 1-6]]+FY26_FE_Data_April15[[#This Row],[Oct 1, 2026 (CDC) - Grades 7-8]] -> 1160 | HU59: 0
A60: 95 | B60: 950 | C60: Timpanogos Academy | D60: Charter | E60: Yes | F60: Yes | H60: 76.083333 | I60: 7.8611111 | J60: 83.944444 | K60: 68 | L60: 452 | M60: 0 | N60: 0 | O60: 520 | P60: 452 | Q60: 520 | R60: 6 | S60: 66.255556 | T60: 73.522222 | U60: 74.872222 | V60: 74.477778 | W60: 72.522222 | X60: 72.083333 | Y60: 72.266667 | Z60: 0 | AA60: 0 | AB60: 0 | AC60: 0 | AD60: 0 | AE60: 0 | AF60: 439.74444 | AG60: 0 | AH60: 0 | AI60: 506 | AJ60: 439.74444 | AK60: 506 | AL60: 72.594444 | AM60: 7 | AN60: 79.594444 | AO60: 513 | AP60: 72 | AQ60: 67 | AR60: 78 | AS60: 75 | AT60: 72 | AU60: 76 | AV60: 74 | AW60: 0 | AX60: 0 | AY60: 0 | AZ60: 0 | BA60: 0 | BB60: 0 | BC60: 442 | BD60: 0 | BE60: 0 | BF60: 514 | BG60: 442 | BH60: 514 | BI60: 0 | BJ60: 72 | BK60: 0 | BL60: 26 | BM60: 68 | BN60: 8 | BO60: 76 | BP60: 9 | BQ60: 0.075382762 | BR60: 25.689 | BS60: 24.689 | BT60: 24.689 | BU60: 25.689 | BV60: 0 | BW60: 0 | BX60: 0 | BY60: 72.594444 | BZ60: 0 | CA60: 72.594444 | CB60: 65.2 | CC60: 76.305556 | CD60: 74.927778 | CE60: 69.872222 | CF60: 73.816667 | CG60: 68.622222 | CH60: 0 | CI60: 0 | CJ60: 0 | CK60: 0 | CL60: 0 | CM60: 0 | CN60: 428.74444 | CO60: 0 | CP60: 0 | CQ60: 501.33889 | CR60: 428.74444 | CS60: 501.33889 | CT60: 75.616667 | CU60: 7 | CV60: 82.616667 | CW60: 508.33889 | CX60: 0 | CY60: 0 | CZ60: 61 | DA60: 61 | DB60: 72 | DC60: 69 | DD60: 76 | DE60: 74 | DF60: 71 | DG60: 67 | DH60: 0 | DI60: 0 | DJ60: 0 | DK60: 0 | DL60: 0 | DM60: 0 | DN60: 429 | DO60: 0 | DP60: 0 | DQ60: 490 | DR60: 429 | DS60: 490 | DT60: 0 | DU60: 20 | DV60: 79 | DW60: 5 | DX60: 84 | DY60: 495 | DZ60: 9 | EA60: 25.689 | EB60: 24.689 | EC60: 23.689 | ED60: 0 | EE60: 0 | EF60: 25.689 | EG60: 0.07780081 | EI60: 71 | EJ60: 419 | EK60: 419 | EL60: 0 | EM60: 0 | EN60: 490 | EO60: 0 | EP60: 85 | EQ60: 85 | ER60: 79 | ES60: 6 | ET60: 12 | EU60: 53 | EV60: 1 | EW60: 2 | EX60: 0 | EY60: 0 | EZ60: 56 | FA60: 59.738889 | FB60: 0 | FC60: 59.738889 | FD60: 71.333333 | FE60: 67.972222 | FF60: 73.422222 | FG60: 74.211111 | FH60: 70.727778 | FI60: 63.522222 | FJ60: 0 | FK60: 0 | FL60: 0 | FM60: 0 | FN60: 0 | FO60: 0 | FP60: 421.18889 | FQ60: 0 | FR60: 0 | FS60: 480.92778 | FT60: 421.18889 | FU60: 480.92778 | FV60: 78.35 | FW60: 6 | FX60: 84.35 | FY60: 486.92778 | FZ60: 11 | GA60: 59 | GB60: 70 | GC60: 63 | GD60: 69 | GE60: 68 | GF60: 77 | GG60: 70 | GH60: 72 | GI60: 0 | GJ60: 0 | GK60: 0 | GL60: 0 | GM60: 0 | GN60: 0 | GO60: 419 | GP60: 0 | GQ60: 0 | GR60: 489 | GS60: 419 | GT60: 489 | GU60: 0 | GV60: 31 | GW60: 63 | GX60: 2 | GY60: 65 | GZ60: 491 | HA60: 10 | HB60: 27.689 | HC60: 26.689 | HD60: 26.689 | HE60: 0 | HG60: 28.689 | HH60: 0 | HI60: 80 | HJ60: 80 | HK60: 77 | HL60: 3 | HM60: 0 | HN60: 73 | HO60: 418 | HP60: 418 | HQ60: 0 | HR60: 0 | HS60: 491 | HT60: =FY26_FE_Data_April15[[#This Row],[Oct 1, 2026 (CDC) - K]]+FY26_FE_Data_April15[[#This Row],[Oct 1, 2026 (CDC) - Grades 1-6]]+FY26_FE_Data_April15[[#This Row],[Oct 1, 2026 (CDC) - Grades 7-8]] -> 491 | HU60: 0
A61: 97 | B61: 970 | C61: Salt Lake Arts Academy | D61: Charter | E61: Yes | F61: Yes | H61: 34.622222 | I61: 1 | J61: 35.622222 | K61: 0 | L61: 200 | M61: 204 | N61: 0 | O61: 404 | P61: 404 | Q61: 404 | R61: 2 | S61: 0 | T61: 0 | U61: 0 | V61: 0 | W61: 0 | X61: 98.966667 | Y61: 101.26111 | Z61: 98.305556 | AA61: 103.63889 | AB61: 0 | AC61: 0 | AD61: 0 | AE61: 0 | AF61: 200.22778 | AG61: 201.94444 | AH61: 0 | AI61: 402.17222 | AJ61: 402.17222 | AK61: 402.17222 | AL61: 42.2 | AM61: 2 | AN61: 44.2 | AO61: 404.17222 | AP61: 0 | AQ61: 0 | AR61: 0 | AS61: 0 | AT61: 0 | AU61: 102 | AV61: 102 | AW61: 103 | AX61: 99 | AY61: 0 | AZ61: 0 | BA61: 0 | BB61: 0 | BC61: 204 | BD61: 202 | BE61: 0 | BF61: 406 | BG61: 406 | BH61: 406 | BI61: 0 | BJ61: 0 | BK61: 0 | BL61: 55 | BM61: 46 | BN61: 1 | BO61: 47 | BP61: 3 | BQ61: 0.096995192 | BR61: 27.1 | BS61: 26.1 | BT61: 24.3 | BU61: 27.1 | BV61: 0 | BW61: 0 | BX61: 0 | BY61: 0 | BZ61: 0 | CA61: 0 | CB61: 0 | CC61: 0 | CD61: 0 | CE61: 0 | CF61: 102.47222 | CG61: 101.82222 | CH61: 102.71667 | CI61: 97.433333 | CJ61: 0 | CK61: 0 | CL61: 0 | CM61: 0 | CN61: 204.29444 | CO61: 200.15 | CP61: 0 | CQ61: 404.44444 | CR61: 404.44444 | CS61: 404.44444 | CT61: 45.227778 | CU61: 1 | CV61: 46.227778 | CW61: 405.44444 | CX61: 0 | CY61: 0 | CZ61: 0 | DA61: 0 | DB61: 0 | DC61: 0 | DD61: 0 | DE61: 0 | DF61: 104 | DG61: 104 | DH61: 104 | DI61: 103 | DJ61: 0 | DK61: 0 | DL61: 0 | DM61: 0 | DN61: 208 | DO61: 207 | DP61: 0 | DQ61: 415 | DR61: 415 | DS61: 415 | DT61: 0 | DU61: 66 | DV61: 47 | DW61: 0 | DX61: 47 | DY61: 415 | DZ61: 5 | EA61: 26.337 | EB61: 25.337 | EC61: 8.557 | ED61: 14.772 | EE61: 0 | EF61: 26.337 | EG61: 0.097705253 | EI61: 0 | EJ61: 414 | EK61: 207 | EL61: 207 | EM61: 0 | EN61: 414 | EO61: 0 | EP61: 46 | EQ61: 46 | ER61: 46 | ES61: 0 | ET61: 0 | EU61: 1.5 | EV61: 0 | EW61: 1.062 | EX61: 0.5 | EY61: 0 | EZ61: 3.062 | FA61: 0 | FB61: 0 | FC61: 0 | FD61: 0 | FE61: 0 | FF61: 0 | FG61: 0 | FH61: 103.58333 | FI61: 103.55556 | FJ61: 102.96667 | FK61: 102.02222 | FL61: 0 | FM61: 0 | FN61: 0 | FO61: 0 | FP61: 207.13889 | FQ61: 204.98889 | FR61: 0 | FS61: 412.12778 | FT61: 412.12778 | FU61: 412.12778 | FV61: 44.161111 | FW61: 0.088888889 | FX61: 44.25 | FY61: 412.21667 | FZ61: 0 | GA61: 0 | GB61: 0 | GC61: 0 | GD61: 0 | GE61: 0 | GF61: 0 | GG61: 104 | GH61: 103 | GI61: 107 | GJ61: 95 | GK61: 0 | GL61: 0 | GM61: 0 | GN61: 0 | GO61: 207 | GP61: 202 | GQ61: 0 | GR61: 409 | GS61: 409 | GT61: 409 | GU61: 0 | GV61: 69 | GW61: 56 | GX61: 1 | GY61: 57 | GZ61: 410 | HA61: 6 | HB61: 26.63 | HC61: 25.63 | HD61: 8.25 | HE61: 15.372 | HG61: 27.305 | HH61: 0 | HI61: 57 | HJ61: 57 | HK61: 56 | HL61: 1 | HM61: 0 | HN61: 0 | HO61: 415 | HP61: 208 | HQ61: 207 | HR61: 0 | HS61: 415 | HT61: =FY26_FE_Data_April15[[#This Row],[Oct 1, 2026 (CDC) - K]]+FY26_FE_Data_April15[[#This Row],[Oct 1, 2026 (CDC) - Grades 1-6]]+FY26_FE_Data_April15[[#This Row],[Oct 1, 2026 (CDC) - Grades 7-8]] -> 415 | HU61: 0
A62: 98 | B62: 980 | C62: Fast Forward Charter High School | D62: Charter | E62: Yes | F62: Yes | H62: 58.044444 | I62: 0 | J62: 58.044444 | K62: 0 | L62: 0 | M62: 0 | N62: 420 | O62: 420 | P62: 420 | Q62: 0 | R62: 0 | S62: 0 | T62: 0 | U62: 0 | V62: 0 | W62: 0 | X62: 0 | Y62: 0 | Z62: 0 | AA62: 0 | AB62: 64.994444 | AC62: 107.07778 | AD62: 157.23333 | AE62: 101.60556 | AF62: 0 | AG62: 0 | AH62: 430.91111 | AI62: 0 | AJ62: 430.91111 | AK62: 430.91111 | AL62: 89.594444 | AM62: 0 | AN62: 89.594444 | AO62: 430.91111 | AP62: 0 | AQ62: 0 | AR62: 0 | AS62: 0 | AT62: 0 | AU62: 0 | AV62: 0 | AW62: 0 | AX62: 0 | AY62: 55 | AZ62: 103 | BA62: 136 | BB62: 154 | BC62: 0 | BD62: 0 | BE62: 448 | BF62: 0 | BG62: 448 | BH62: 448 | BI62: 0 | BJ62: 0 | BK62: 0 | BL62: 158 | BM62: 95 | BN62: 0 | BO62: 95 | BP62: 15 | BQ62: 0.071400491 | BR62: 20.3 | BS62: 19 | BT62: 19 | BU62: 23.4 | BV62: 0 | BW62: 0 | BX62: 0 | BY62: 0 | BZ62: 0 | CA62: 0 | CB62: 0 | CC62: 0 | CD62: 0 | CE62: 0 | CF62: 0 | CG62: 0 | CH62: 0 | CI62: 0 | CJ62: 62.233333 | CK62: 110.6 | CL62: 144.83889 | CM62: 152.21667 | CN62: 0 | CO62: 0 | CP62: 469.88889 | CQ62: 0 | CR62: 469.88889 | CS62: 469.88889 | CT62: 95.811111 | CU62: 0 | CV62: 95.811111 | CW62: 469.88889 | CX62: 0 | CY62: 0 | CZ62: 0 | DA62: 0 | DB62: 0 | DC62: 0 | DD62: 0 | DE62: 0 | DF62: 0 | DG62: 0 | DH62: 0 | DI62: 0 | DJ62: 56 | DK62: 97 | DL62: 156 | DM62: 133 | DN62: 0 | DO62: 0 | DP62: 442 | DQ62: 0 | DR62: 442 | DS62: 442 | DT62: 0 | DU62: 150 | DV62: 75 | DW62: 0 | DX62: 75 | DY62: 442 | DZ62: 34 | EA62: 21.53 | EB62: 20.23 | EC62: 0 | ED62: 17.12 | EE62: 0 | EF62: 23.87 | EG62: 0.066175814 | EI62: 0 | EJ62: 439 | EK62: 0 | EL62: 0 | EM62: 439 | EN62: 439 | EO62: 0 | EP62: 75 | EQ62: 75 | ER62: 75 | ES62: 0 | ET62: 0 | EU62: 5 | EV62: 0 | EW62: 3 | EX62: 1.5 | EY62: 1 | EZ62: 10.5 | FA62: 0 | FB62: 0 | FC62: 0 | FD62: 0 | FE62: 0 | FF62: 0 | FG62: 0 | FH62: 0 | FI62: 0 | FJ62: 0 | FK62: 0 | FL62: 68.311111 | FM62: 108.47778 | FN62: 169.86667 | FO62: 131.18889 | FP62: 0 | FQ62: 0 | FR62: 477.84444 | FS62: 0 | FT62: 477.84444 | FU62: 477.84444 | FV62: 75.861111 | FW62: 0 | FX62: 75.861111 | FY62: 477.84444 | FZ62: 0 | GA62: 0 | GB62: 0 | GC62: 0 | GD62: 0 | GE62: 0 | GF62: 0 | GG62: 0 | GH62: 0 | GI62: 0 | GJ62: 0 | GK62: 69 | GL62: 103 | GM62: 150 | GN62: 169 | GO62: 0 | GP62: 0 | GQ62: 491 | GR62: 0 | GS62: 491 | GT62: 491 | GU62: 0 | GV62: 171 | GW62: 90 | GX62: 0 | GY62: 90 | GZ62: 491 | HA62: 33 | HB62: 23.335 | HC62: 22.035 | HD62: 0 | HE62: 19.025 | HG62: 23.525 | HH62: 0 | HI62: 93 | HJ62: 93 | HK62: 93 | HL62: 0 | HM62: 0 | HN62: 0 | HO62: 491 | HP62: 0 | HQ62: 0 | HR62: 491 | HS62: 491 | HT62: =FY26_FE_Data_April15[[#This Row],[Oct 1, 2026 (CDC) - K]]+FY26_FE_Data_April15[[#This Row],[Oct 1, 2026 (CDC) - Grades 1-6]]+FY26_FE_Data_April15[[#This Row],[Oct 1, 2026 (CDC) - Grades 7-8]] -> 0 | HU62: 0
A63: 1B | B63: 1B0 | C63: Utah County Academy of Sciences | D63: Charter | E63: Yes | F63: Yes | H63: 7.3611111 | I63: 0 | J63: 7.3611111 | K63: 0 | L63: 0 | M63: 0 | N63: 552 | O63: 552 | P63: 552 | Q63: 0 | R63: 0 | S63: 0 | T63: 0 | U63: 0 | V63: 0 | W63: 0 | X63: 0 | Y63: 0 | Z63: 0 | AA63: 0 | AB63: 91.516667 | AC63: 155.12778 | AD63: 159.95 | AE63: 136.46111 | AF63: 0 | AG63: 0 | AH63: 543.05556 | AI63: 0 | AJ63: 543.05556 | AK63: 543.05556 | AL63: 8.3111111 | AM63: 0 | AN63: 8.3111111 | AO63: 543.05556 | AP63: 0 | AQ63: 0 | AR63: 0 | AS63: 0 | AT63: 0 | AU63: 0 | AV63: 0 | AW63: 0 | AX63: 0 | AY63: 123 | AZ63: 127 | BA63: 141 | BB63: 157 | BC63: 0 | BD63: 0 | BE63: 548 | BF63: 0 | BG63: 548 | BH63: 548 | BI63: 0 | BJ63: 0 | BK63: 1 | BL63: 98 | BM63: 13 | BN63: 0 | BO63: 13 | BP63: 14 | BQ63: 0.09139573 | BR63: 31.563 | BS63: 28.963 | BT63: 28.963 | BU63: 31.563 | BV63: 0 | BW63: 0 | BX63: 0 | BY63: 0 | BZ63: 0 | CA63: 0 | CB63: 0 | CC63: 0 | CD63: 0 | CE63: 0 | CF63: 0 | CG63: 0 | CH63: 0 | CI63: 0 | CJ63: 118.88333 | CK63: 126.35 | CL63: 138.51667 | CM63: 152.75 | CN63: 0 | CO63: 0 | CP63: 536.5 | CQ63: 0 | CR63: 536.5 | CS63: 536.5 | CT63: 9.5333333 | CU63: 0 | CV63: 9.5333333 | CW63: 536.5 | CX63: 0 | CY63: 0 | CZ63: 0 | DA63: 0 | DB63: 0 | DC63: 0 | DD63: 0 | DE63: 0 | DF63: 0 | DG63: 0 | DH63: 0 | DI63: 0 | DJ63: 103 | DK63: 145 | DL63: 125 | DM63: 136 | DN63: 0 | DO63: 0 | DP63: 509 | DQ63: 0 | DR63: 509 | DS63: 509 | DT63: 1 | DU63: 102 | DV63: 12 | DW63: 0 | DX63: 12 | DY63: 509 | DZ63: 19 | EA63: 28.8 | EB63: 27.2 | EC63: 0 | ED63: 20.6 | EE63: 0 | EF63: 29 | EG63: 0.09886513 | EI63: 0 | EJ63: 508 | EK63: 0 | EL63: 0 | EM63: 508 | EN63: 508 | EO63: 0 | EP63: 9 | EQ63: 9 | ER63: 9 | ES63: 0 | ET63: 0 | EU63: 0 | EV63: 0 | EW63: 3 | EX63: 1 | EY63: 4 | EZ63: 8 | FA63: 0 | FB63: 0 | FC63: 0 | FD63: 0 | FE63: 0 | FF63: 0 | FG63: 0 | FH63: 0 | FI63: 0 | FJ63: 0 | FK63: 0 | FL63: 100.33889 | FM63: 142.06111 | FN63: 125.61667 | FO63: 134.96111 | FP63: 0 | FQ63: 0 | FR63: 502.97778 | FS63: 0 | FT63: 502.97778 | FU63: 502.97778 | FV63: 10.8 | FW63: 0 | FX63: 10.8 | FY63: 502.97778 | FZ63: 0 | GA63: 0 | GB63: 0 | GC63: 0 | GD63: 0 | GE63: 0 | GF63: 0 | GG63: 0 | GH63: 0 | GI63: 0 | GJ63: 0 | GK63: 116 | GL63: 102 | GM63: 122 | GN63: 123 | GO63: 0 | GP63: 0 | GQ63: 463 | GR63: 0 | GS63: 463 | GT63: 463 | GU63: 0 | GV63: 89 | GW63: 14 | GX63: 0 | GY63: 14 | GZ63: 463 | HA63: 16 | HB63: 26.3 | HC63: 24.7 | HD63: 0 | HE63: 17.5 | HG63: 26.5 | HH63: 0 | HI63: 11 | HJ63: 11 | HK63: 11 | HL63: 0 | HM63: 0 | HN63: 0 | HO63: 500 | HP63: 0 | HQ63: 0 | HR63: 500 | HS63: 500 | HT63: =FY26_FE_Data_April15[[#This Row],[Oct 1, 2026 (CDC) - K]]+FY26_FE_Data_April15[[#This Row],[Oct 1, 2026 (CDC) - Grades 1-6]]+FY26_FE_Data_April15[[#This Row],[Oct 1, 2026 (CDC) - Grades 7-8]] -> 0 | HU63: 0
A64: 1C | B64: 1C0 | C64: Odyssey Charter School | D64: Charter | E64: Yes | F64: Yes | H64: 56.666667 | I64: 0 | J64: 56.666667 | K64: 56 | L64: 306 | M64: 0 | N64: 0 | O64: 362 | P64: 306 | Q64: 362 | R64: 0 | S64: 55.95 | T64: 59.033333 | U64: 58.461111 | V64: 54.944444 | W64: 57.35 | X64: 37.822222 | Y64: 40.633333 | Z64: 0 | AA64: 0 | AB64: 0 | AC64: 0 | AD64: 0 | AE64: 0 | AF64: 308.24444 | AG64: 0 | AH64: 0 | AI64: 364.19444 | AJ64: 308.24444 | AK64: 364.19444 | AL64: 53.594444 | AM64: 0 | AN64: 53.594444 | AO64: 364.19444 | AP64: 74 | AQ64: 62 | AR64: 63 | AS64: 59 | AT64: 60 | AU64: 58 | AV64: 34 | AW64: 0 | AX64: 0 | AY64: 0 | AZ64: 0 | BA64: 0 | BB64: 0 | BC64: 336 | BD64: 0 | BE64: 0 | BF64: 410 | BG64: 336 | BH64: 410 | BI64: 52 | BJ64: 22 | BK64: 0 | BL64: 80 | BM64: 53 | BN64: 0 | BO64: 53 | BP64: 26 | BQ64: 0.090217391 | BR64: 22.864 | BS64: 21.864 | BT64: 20.864 | BU64: 22.864 | BV64: 0 | BW64: 0 | BX64: 0 | BY64: 21.566666 | BZ64: 49.461111 | CA64: 71.027778 | CB64: 61.322222 | CC64: 62.394444 | CD64: 59.472222 | CE64: 59.611111 | CF64: 55.333333 | CG64: 34.566667 | CH64: 0 | CI64: 0 | CJ64: 0 | CK64: 0 | CL64: 0 | CM64: 0 | CN64: 332.7 | CO64: 0 | CP64: 0 | CQ64: 403.72778 | CR64: 332.7 | CS64: 403.72778 | CT64: 51.788889 | CU64: 1 | CV64: 52.788889 | CW64: 404.72778 | CX64: 0 | CY64: 80 | CZ64: 6 | DA64: 86 | DB64: 64 | DC64: 58 | DD64: 65 | DE64: 49 | DF64: 51 | DG64: 47 | DH64: 0 | DI64: 0 | DJ64: 0 | DK64: 0 | DL64: 0 | DM64: 0 | DN64: 334 | DO64: 0 | DP64: 0 | DQ64: 420 | DR64: 334 | DS64: 420 | DT64: 0 | DU64: 75 | DV64: 29 | DW64: 0 | DX64: 29 | DY64: 420 | DZ64: 19 | EA64: 24.625 | EB64: 23.625 | EC64: 20.625 | ED64: 1 | EE64: 0 | EF64: 28.625 | EG64: 0.086793785 | EI64: 74 | EJ64: 342 | EK64: 342 | EL64: 0 | EM64: 0 | EN64: 416 | EO64: 0 | EP64: 47 | EQ64: 47 | ER64: 47 | ES64: 0 | ET64: 0 | EU64: 8.611 | EV64: 1 | EW64: 3.295 | EX64: 0.594 | EY64: 1.376 | EZ64: 14.876 | FA64: 0 | FB64: 86.016667 | FC64: 86.016667 | FD64: 62.888889 | FE64: 58.488889 | FF64: 64.511111 | FG64: 49.105556 | FH64: 49.594444 | FI64: 43.672222 | FJ64: 0 | FK64: 0 | FL64: 0 | FM64: 0 | FN64: 0 | FO64: 0 | FP64: 328.26111 | FQ64: 0 | FR64: 0 | FS64: 414.27778 | FT64: 328.26111 | FU64: 414.27778 | FV64: 42.733333 | FW64: 0 | FX64: 42.733333 | FY64: 414.27778 | FZ64: 4 | GA64: 93 | GB64: 97 | GC64: 91 | GD64: 66 | GE64: 52 | GF64: 71 | GG64: 38 | GH64: 40 | GI64: 0 | GJ64: 0 | GK64: 0 | GL64: 0 | GM64: 0 | GN64: 0 | GO64: 358 | GP64: 0 | GQ64: 0 | GR64: 455 | GS64: 358 | GT64: 455 | GU64: 0 | GV64: 92 | GW64: 36 | GX64: 0 | GY64: 36 | GZ64: 455 | HA64: 14 | HB64: 25.75 | HC64: 24.75 | HD64: 21 | HE64: 1 | HG64: 28.375 | HH64: 0 | HI64: 43 | HJ64: 43 | HK64: 43 | HL64: 0 | HM64: 0 | HN64: 95 | HO64: 360 | HP64: 360 | HQ64: 0 | HR64: 0 | HS64: 455 | HT64: =FY26_FE_Data_April15[[#This Row],[Oct 1, 2026 (CDC) - K]]+FY26_FE_Data_April15[[#This Row],[Oct 1, 2026 (CDC) - Grades 1-6]]+FY26_FE_Data_April15[[#This Row],[Oct 1, 2026 (CDC) - Grades 7-8]] -> 455 | HU64: 0
A65: 1D | B65: 1D0 | C65: Renaissance Academy | D65: Charter | E65: Yes | F65: Yes | H65: 73.422222 | I65: 8.2888889 | J65: 81.711111 | K65: 96 | L65: 582 | M65: 64 | N65: 26 | O65: 768 | P65: 672 | Q65: 742 | R65: 8 | S65: 95.538889 | T65: 97.794444 | U65: 102.63889 | V65: 99.955556 | W65: 102.56667 | X65: 81.405556 | Y65: 91.75 | Z65: 31.005556 | AA65: 32.483333 | AB65: 24.65 | AC65: 0 | AD65: 0 | AE65: 0 | AF65: 576.11111 | AG65: 63.488889 | AH65: 24.65 | AI65: 735.13889 | AJ65: 664.25 | AK65: 759.78889 | AL65: 76.905556 | AM65: 7.4666667 | AN65: 84.372222 | AO65: 767.25556 | AP65: 105 | AQ65: 109 | AR65: 88 | AS65: 92 | AT65: 106 | AU65: 96 | AV65: 82 | AW65: 54 | AX65: 32 | AY65: 24 | AZ65: 0 | BA65: 0 | BB65: 0 | BC65: 573 | BD65: 86 | BE65: 24 | BF65: 764 | BG65: 683 | BH65: 788 | BI65: 67 | BJ65: 38 | BK65: 0 | BL65: 97 | BM65: 87 | BN65: 8 | BO65: 95 | BP65: 8 | BQ65: 0.06401706 | BR65: 52.607 | BS65: 52.607 | BT65: 51.857 | BU65: 51.857 | BV65: 0 | BW65: 0 | BX65: 0 | BY65: 37.166666 | BZ65: 66.561111 | CA65: 103.72778 | CB65: 106.37778 | CC65: 82.466667 | CD65: 89.922222 | CE65: 104.04444 | CF65: 92.694444 | CG65: 80.944444 | CH65: 54.755556 | CI65: 32.116667 | CJ65: 23.894444 | CK65: 0 | CL65: 0 | CM65: 0 | CN65: 556.45 | CO65: 86.872222 | CP65: 23.894444 | CQ65: 747.05 | CR65: 667.21667 | CS65: 770.94444 | CT65: 84.261111 | CU65: 8.2 | CV65: 92.461111 | CW65: 779.14444 | CX65: 0 | CY65: 56 | CZ65: 32 | DA65: 88 | DB65: 105 | DC65: 97 | DD65: 75 | DE65: 89 | DF65: 95 | DG65: 96 | DH65: 24 | DI65: 49 | DJ65: 24 | DK65: 0 | DL65: 0 | DM65: 0 | DN65: 557 | DO65: 73 | DP65: 24 | DQ65: 718 | DR65: 654 | DS65: 742 | DT65: 0 | DU65: 79 | DV65: 69 | DW65: 8 | DX65: 77 | DY65: 750 | DZ65: 6 | EA65: 51.905 | EB65: 51.905 | EC65: 38.162 | ED65: 10.57 | EE65: 0 | EF65: 52.905 | EG65: 0.063481601 | EI65: 96 | EJ65: 645 | EK65: 552 | EL65: 69 | EM65: 24 | EN65: 741 | EO65: 0 | EP65: 89 | EQ65: 89 | ER65: 83 | ES65: 6 | ET65: 35 | EU65: 7.5 | EV65: 0.75 | EW65: 2 | EX65: 0 | EY65: 3.5 | EZ65: 13.75 | FA65: 31.327778 | FB65: 55.994444 | FC65: 87.322222 | FD65: 101.87778 | FE65: 96.766667 | FF65: 74.427778 | FG65: 86.988889 | FH65: 94.983333 | FI65: 93.805556 | FJ65: 23.95 | FK65: 50.744444 | FL65: 23.927778 | FM65: 0 | FN65: 0 | FO65: 0 | FP65: 548.85 | FQ65: 74.694444 | FR65: 23.927778 | FS65: 710.86667 | FT65: 647.47222 | FU65: 734.79444 | FV65: 81.5 | FW65: 5.5 | FX65: 87 | FY65: 740.29444 | FZ65: 43 | GA65: 87 | GB65: 130 | GC65: 93 | GD65: 98 | GE65: 95 | GF65: 72 | GG65: 81 | GH65: 89 | GI65: 44 | GJ65: 25 | GK65: 33 | GL65: 0 | GM65: 0 | GN65: 0 | GO65: 528 | GP65: 69 | GQ65: 33 | GR65: 727 | GS65: 630 | GT65: 760 | GU65: 0 | GV65: 65 | GW65: 90 | GX65: 3 | GY65: 93 | GZ65: 763 | HA65: 5 | HB65: 52.564 | HC65: 52.564 | HD65: 37.681 | HE65: 10.103 | HG65: 53.564 | HH65: 0 | HI65: 100 | HJ65: 100 | HK65: 97 | HL65: 3 | HM65: 35 | HN65: 90 | HO65: 670 | HP65: 559 | HQ65: 81 | HR65: 30 | HS65: 760 | HT65: =FY26_FE_Data_April15[[#This Row],[Oct 1, 2026 (CDC) - K]]+FY26_FE_Data_April15[[#This Row],[Oct 1, 2026 (CDC) - Grades 1-6]]+FY26_FE_Data_April15[[#This Row],[Oct 1, 2026 (CDC) - Grades 7-8]] -> 730 | HU65: 0
A66: 1E | B66: 1E0 | C66: Guadalupe School Salt Lake City School Dist | D66: Charter | E66: Yes | F66: Yes | H66: 17.294444 | I66: 1.7666667 | J66: 19.061111 | K66: 50 | L66: 236 | M66: 0 | N66: 0 | O66: 286 | P66: 236 | Q66: 286 | R66: 1 | S66: 48.494444 | T66: 44.255556 | U66: 46.355556 | V66: 46.261111 | W66: 39.316667 | X66: 30.488889 | Y66: 23.438889 | Z66: 0 | AA66: 0 | AB66: 0 | AC66: 0 | AD66: 0 | AE66: 0 | AF66: 230.11667 | AG66: 0 | AH66: 0 | AI66: 278.61111 | AJ66: 230.11667 | AK66: 278.61111 | AL66: 21.927778 | AM66: 1 | AN66: 22.927778 | AO66: 279.61111 | AP66: 50 | AQ66: 44 | AR66: 43 | AS66: 43 | AT66: 47 | AU66: 36 | AV66: 28 | AW66: 0 | AX66: 0 | AY66: 0 | AZ66: 0 | BA66: 0 | BB66: 0 | BC66: 241 | BD66: 0 | BE66: 0 | BF66: 291 | BG66: 241 | BH66: 291 | BI66: 50 | BJ66: 0 | BK66: 0 | BL66: 277 | BM66: 19 | BN66: 1 | BO66: 20 | BP66: 192 | BQ66: 0.07718254 | BR66: 19.75 | BS66: 17.75 | BT66: 16.75 | BU66: 19.75 | BV66: 0 | BW66: 0 | BX66: 0 | BY66: 0 | BZ66: 49.627777 | CA66: 49.627778 | CB66: 41.461111 | CC66: 42.211111 | CD66: 41.466667 | CE66: 46.161111 | CF66: 35.211111 | CG66: 26.894444 | CH66: 0 | CI66: 0 | CJ66: 0 | CK66: 0 | CL66: 0 | CM66: 0 | CN66: 233.40556 | CO66: 0 | CP66: 0 | CQ66: 283.03333 | CR66: 233.40556 | CS66: 283.03333 | CT66: 21.077778 | CU66: 0 | CV66: 21.077778 | CW66: 283.03333 | CX66: 0 | CY66: 48 | CZ66: 0 | DA66: 48 | DB66: 49 | DC66: 34 | DD66: 46 | DE66: 38 | DF66: 46 | DG66: 31 | DH66: 0 | DI66: 0 | DJ66: 0 | DK66: 0 | DL66: 0 | DM66: 0 | DN66: 244 | DO66: 0 | DP66: 0 | DQ66: 292 | DR66: 244 | DS66: 292 | DT66: 0 | DU66: 269 | DV66: 23 | DW66: 0 | DX66: 23 | DY66: 292 | DZ66: 145 | EA66: 15.895 | EB66: 13.895 | EC66: 12 | ED66: 0 | EE66: 0 | EF66: 18.895 | EG66: 0.070799824 | EI66: 48 | EJ66: 242 | EK66: 242 | EL66: 0 | EM66: 0 | EN66: 290 | EO66: 0 | EP66: 26 | EQ66: 26 | ER66: 25 | ES66: 1 | ET66: 2 | EU66: 14.667 | EV66: 1 | EW66: 1.926 | EX66: 3.756 | EY66: 11.437 | EZ66: 32.786 | FA66: 0 | FB66: 43.6 | FC66: 43.6 | FD66: 46.15 | FE66: 34.055556 | FF66: 45.305556 | FG66: 36.205556 | FH66: 43.716667 | FI66: 31 | FJ66: 0 | FK66: 0 | FL66: 0 | FM66: 0 | FN66: 0 | FO66: 0 | FP66: 236.43333 | FQ66: 0 | FR66: 0 | FS66: 280.03333 | FT66: 236.43333 | FU66: 280.03333 | FV66: 28.005556 | FW66: 0.69444444 | FX66: 28.7 | FY66: 280.72778 | FZ66: 0 | GA66: 44 | GB66: 44 | GC66: 37 | GD66: 47 | GE66: 31 | GF66: 40 | GG66: 30 | GH66: 29 | GI66: 0 | GJ66: 0 | GK66: 0 | GL66: 0 | GM66: 0 | GN66: 0 | GO66: 214 | GP66: 0 | GQ66: 0 | GR66: 258 | GS66: 214 | GT66: 258 | GU66: 0 | GV66: 229 | GW66: 27 | GX66: 0 | GY66: 27 | GZ66: 258 | HA66: 166 | HB66: 17.691 | HC66: 15.691 | HD66: 14.467 | HE66: 0 | HG66: 17.691 | HH66: 0 | HI66: 28 | HJ66: 28 | HK66: 28 | HL66: 0 | HM66: 5 | HN66: 40 | HO66: 240 | HP66: 240 | HQ66: 0 | HR66: 0 | HS66: 280 | HT66: =FY26_FE_Data_April15[[#This Row],[Oct 1, 2026 (CDC) - K]]+FY26_FE_Data_April15[[#This Row],[Oct 1, 2026 (CDC) - Grades 1-6]]+FY26_FE_Data_April15[[#This Row],[Oct 1, 2026 (CDC) - Grades 7-8]] -> 280 | HU66: 0
A67: 1F | B67: 1F0 | C67: Quest Academy | D67: Charter | E67: Yes | F67: Yes | H67: 136.63333 | I67: 10.455556 | J67: 147.08889 | K67: 109 | L67: 632 | M67: 194 | N67: 84 | O67: 1019 | P67: 910 | Q67: 935 | R67: 10 | S67: 107.7 | T67: 102.63889 | U67: 103.59444 | V67: 105.84444 | W67: 103.48333 | X67: 108.52778 | Y67: 101.19444 | Z67: 99.677778 | AA67: 91.411111 | AB67: 82.733333 | AC67: 0 | AD67: 0 | AE67: 0 | AF67: 625.28333 | AG67: 191.08889 | AH67: 82.733333 | AI67: 924.07222 | AJ67: 899.10556 | AK67: 1006.8056 | AL67: 137.85556 | AM67: 9.8333333 | AN67: 147.68889 | AO67: 1016.6389 | AP67: 108 | AQ67: 104 | AR67: 106 | AS67: 106 | AT67: 100 | AU67: 106 | AV67: 107 | AW67: 96 | AX67: 93 | AY67: 85 | AZ67: 0 | BA67: 0 | BB67: 0 | BC67: 629 | BD67: 189 | BE67: 85 | BF67: 926 | BG67: 903 | BH67: 1011 | BI67: 88 | BJ67: 20 | BK67: 0 | BL67: 181 | BM67: 141 | BN67: 10 | BO67: 151 | BP67: 6 | BQ67: 0.064367089 | BR67: 47.725 | BS67: 45.725 | BT67: 45.325 | BU67: 49.215 | BV67: 0 | BW67: 0 | BX67: 0 | BY67: 21.088888 | BZ67: 84.566666 | CA67: 105.65556 | CB67: 104.06111 | CC67: 104.56667 | CD67: 103.59444 | CE67: 98.45 | CF67: 104.01667 | CG67: 105.82222 | CH67: 93.716667 | CI67: 89.7 | CJ67: 83.172222 | CK67: 0 | CL67: 0 | CM67: 0 | CN67: 620.51111 | CO67: 183.41667 | CP67: 83.172222 | CQ67: 909.58333 | CR67: 887.1 | CS67: 992.75556 | CT67: 139.16667 | CU67: 8.9722222 | CV67: 148.13889 | CW67: 1001.7278 | CX67: 0 | CY67: 86 | CZ67: 21 | DA67: 107 | DB67: 104 | DC67: 107 | DD67: 107 | DE67: 107 | DF67: 108 | DG67: 102 | DH67: 95 | DI67: 88 | DJ67: 85 | DK67: 0 | DL67: 0 | DM67: 0 | DN67: 635 | DO67: 183 | DP67: 85 | DQ67: 925 | DR67: 903 | DS67: 1010 | DT67: 0 | DU67: 229 | DV67: 133 | DW67: 9 | DX67: 142 | DY67: 1019 | DZ67: 13 | EA67: 52.185 | EB67: 49.185 | EC67: 28.88 | ED67: 17.105 | EE67: 0 | EF67: 55.135 | EG67: 0.065318489 | EI67: 107 | EJ67: 901 | EK67: 629 | EL67: 188 | EM67: 84 | EN67: 1008 | EO67: 0 | EP67: 143 | EQ67: 143 | ER67: 134 | ES67: 9 | ET67: 2 | EU67: 39.425 | EV67: 1 | EW67: 4.4 | EX67: 0 | EY67: 6.888 | EZ67: 51.713 | FA67: 8 | FB67: 97.055556 | FC67: 105.05556 | FD67: 103.06667 | FE67: 106.32778 | FF67: 106.04444 | FG67: 105.46111 | FH67: 106.77778 | FI67: 98.872222 | FJ67: 94.822222 | FK67: 82.077778 | FL67: 79.033333 | FM67: 0 | FN67: 0 | FO67: 0 | FP67: 626.55 | FQ67: 176.9 | FR67: 79.033333 | FS67: 908.50556 | FT67: 882.48333 | FU67: 987.53889 | FV67: 130.78889 | FW67: 13.455556 | FX67: 144.24444 | FY67: 1000.9944 | FZ67: 19 | GA67: 89 | GB67: 108 | GC67: 102 | GD67: 107 | GE67: 108 | GF67: 107 | GG67: 106 | GH67: 105 | GI67: 100 | GJ67: 80 | GK67: 79 | GL67: 0 | GM67: 0 | GN67: 0 | GO67: 635 | GP67: 180 | GQ67: 79 | GR67: 923 | GS67: 894 | GT67: 1002 | GU67: 0 | GV67: 189 | GW67: 119 | GX67: 9 | GY67: 128 | GZ67: 1011 | HA67: 19 | HB67: 52.725 | HC67: 49.725 | HD67: 29.2 | HE67: 17.425 | HG67: 54.675 | HH67: 0 | HI67: 126 | HJ67: 126 | HK67: 116 | HL67: 10 | HM67: 2 | HN67: 107 | HO67: 903 | HP67: 635 | HQ67: 183 | HR67: 85 | HS67: 1010 | HT67: =FY26_FE_Data_April15[[#This Row],[Oct 1, 2026 (CDC) - K]]+FY26_FE_Data_April15[[#This Row],[Oct 1, 2026 (CDC) - Grades 1-6]]+FY26_FE_Data_April15[[#This Row],[Oct 1, 2026 (CDC) - Grades 7-8]] -> 925 | HU67: 0
A68: 1G | B68: 1G0 | C68: Jefferson Academy | D68: Charter | E68: Yes | F68: Yes | H68: 74.872222 | I68: 7.9722222 | J68: 82.844444 | K68: 98 | L68: 493 | M68: 0 | N68: 0 | O68: 591 | P68: 493 | Q68: 591 | R68: 7 | S68: 96.027778 | T68: 94.883333 | U68: 89.038889 | V68: 85.655556 | W68: 82.638889 | X68: 70.838889 | Y68: 54.255556 | Z68: 0 | AA68: 0 | AB68: 0 | AC68: 0 | AD68: 0 | AE68: 0 | AF68: 477.31111 | AG68: 0 | AH68: 0 | AI68: 573.33889 | AJ68: 477.31111 | AK68: 573.33889 | AL68: 72.55 | AM68: 6.05 | AN68: 78.6 | AO68: 579.38889 | AP68: 103 | AQ68: 91 | AR68: 87 | AS68: 86 | AT68: 70 | AU68: 67 | AV68: 67 | AW68: 0 | AX68: 0 | AY68: 0 | AZ68: 0 | BA68: 0 | BB68: 0 | BC68: 468 | BD68: 0 | BE68: 0 | BF68: 571 | BG68: 468 | BH68: 571 | BI68: 80 | BJ68: 23 | BK68: 0 | BL68: 103 | BM68: 79 | BN68: 2 | BO68: 81 | BP68: 0 | BQ68: 0.058703072 | BR68: 30.577 | BS68: 27.852 | BT68: 27.852 | BU68: 30.577 | BV68: 0 | BW68: 0 | BX68: 0 | BY68: 23.055555 | BZ68: 76.327777 | CA68: 99.383333 | CB68: 91.244444 | CC68: 83.872222 | CD68: 83.288889 | CE68: 65.422222 | CF68: 63.266667 | CG68: 65.488889 | CH68: 0 | CI68: 0 | CJ68: 0 | CK68: 0 | CL68: 0 | CM68: 0 | CN68: 452.58333 | CO68: 0 | CP68: 0 | CQ68: 551.96667 | CR68: 452.58333 | CS68: 551.96667 | CT68: 76.466667 | CU68: 3 | CV68: 79.466667 | CW68: 554.96667 | CX68: 0 | CY68: 61 | CZ68: 11 | DA68: 72 | DB68: 88 | DC68: 83 | DD68: 75 | DE68: 76 | DF68: 55 | DG68: 56 | DH68: 0 | DI68: 0 | DJ68: 0 | DK68: 0 | DL68: 0 | DM68: 0 | DN68: 433 | DO68: 0 | DP68: 0 | DQ68: 505 | DR68: 433 | DS68: 505 | DT68: 0 | DU68: 68 | DV68: 70 | DW68: 1 | DX68: 71 | DY68: 506 | DZ68: 0 | EA68: 28.895 | EB68: 26.165 | EC68: 26.165 | ED68: 0 | EE68: 0 | EF68: 28.895 | EG68: 0.061237864 | EI68: 90 | EJ68: 450 | EK68: 450 | EL68: 0 | EM68: 0 | EN68: 540 | EO68: 0 | EP68: 74 | EQ68: 74 | ER68: 73 | ES68: 1 | ET68: 0 | EU68: 14.363 | EV68: 0.8 | EW68: 2 | EX68: 0.075 | EY68: 2.275 | EZ68: 19.513 | FA68: 10.616667 | FB68: 60.405556 | FC68: 71.022222 | FD68: 85.266667 | FE68: 82.455556 | FF68: 73.394444 | FG68: 73.744444 | FH68: 55.094444 | FI68: 55.038889 | FJ68: 0 | FK68: 0 | FL68: 0 | FM68: 0 | FN68: 0 | FO68: 0 | FP68: 424.99444 | FQ68: 0 | FR68: 0 | FS68: 496.01667 | FT68: 424.99444 | FU68: 496.01667 | FV68: 72.2 | FW68: 1 | FX68: 73.2 | FY68: 497.01667 | FZ68: 6 | GA68: 66 | GB68: 72 | GC68: 69 | GD68: 69 | GE68: 77 | GF68: 74 | GG68: 63 | GH68: 56 | GI68: 0 | GJ68: 0 | GK68: 0 | GL68: 0 | GM68: 0 | GN68: 0 | GO68: 408 | GP68: 0 | GQ68: 0 | GR68: 480 | GS68: 408 | GT68: 480 | GU68: 0 | GV68: 65 | GW68: 58 | GX68: 2 | GY68: 60 | GZ68: 482 | HA68: 0 | HB68: 28.168 | HC68: 25.2 | HD68: 25.2 | HE68: 0 | HG68: 28.168 | HH68: 0 | HI68: 57 | HJ68: 57 | HK68: 56 | HL68: 1 | HM68: 0 | HN68: 72 | HO68: 430 | HP68: 430 | HQ68: 0 | HR68: 0 | HS68: 502 | HT68: =FY26_FE_Data_April15[[#This Row],[Oct 1, 2026 (CDC) - K]]+FY26_FE_Data_April15[[#This Row],[Oct 1, 2026 (CDC) - Grades 1-6]]+FY26_FE_Data_April15[[#This Row],[Oct 1, 2026 (CDC) - Grades 7-8]] -> 502 | HU68: 0
A69: 1I | B69: 1I0 | C69: Utah International Charter School | D69: Charter | E69: Yes | F69: Yes | H69: 8.7888889 | I69: 1.4 | J69: 10.188889 | K69: 0 | L69: 12 | M69: 46 | N69: 178 | O69: 236 | P69: 236 | Q69: 58 | R69: 1 | S69: 0 | T69: 0 | U69: 0 | V69: 0 | W69: 0 | X69: 0 | Y69: 13.744444 | Z69: 26.677778 | AA69: 30.661111 | AB69: 50.405556 | AC69: 43.411111 | AD69: 32.566667 | AE69: 54.755556 | AF69: 13.744444 | AG69: 57.338889 | AH69: 181.13889 | AI69: 71.083333 | AJ69: 252.22222 | AK69: 252.22222 | AL69: 8.4222222 | AM69: 1 | AN69: 9.4222222 | AO69: 253.22222 | AP69: 0 | AQ69: 0 | AR69: 0 | AS69: 0 | AT69: 0 | AU69: 0 | AV69: 17 | AW69: 19 | AX69: 29 | AY69: 41 | AZ69: 46 | BA69: 41 | BB69: 31 | BC69: 17 | BD69: 48 | BE69: 159 | BF69: 65 | BG69: 224 | BH69: 224 | BI69: 0 | BJ69: 0 | BK69: 0 | BL69: 215 | BM69: 7 | BN69: 1 | BO69: 8 | BP69: 209 | BQ69: 0.085713209 | BR69: 16 | BS69: 16 | BT69: 16 | BU69: 19 | BV69: 0 | BW69: 0 | BX69: 0 | BY69: 0 | BZ69: 0 | CA69: 0 | CB69: 0 | CC69: 0 | CD69: 0 | CE69: 0 | CF69: 0 | CG69: 17.488889 | CH69: 21.816667 | CI69: 28.305556 | CJ69: 50.311111 | CK69: 45.644444 | CL69: 45.855556 | CM69: 29.544444 | CN69: 17.488889 | CO69: 50.122222 | CP69: 171.35556 | CQ69: 67.611111 | CR69: 238.96667 | CS69: 238.96667 | CT69: 8.7611111 | CU69: 0 | CV69: 8.7611111 | CW69: 238.96667 | CX69: 0 | CY69: 0 | CZ69: 0 | DA69: 0 | DB69: 0 | DC69: 0 | DD69: 0 | DE69: 0 | DF69: 0 | DG69: 12 | DH69: 18 | DI69: 27 | DJ69: 32 | DK69: 59 | DL69: 47 | DM69: 50 | DN69: 12 | DO69: 45 | DP69: 188 | DQ69: 57 | DR69: 245 | DS69: 245 | DT69: 0 | DU69: 238 | DV69: 15 | DW69: 0 | DX69: 15 | DY69: 245 | DZ69: 222 | EA69: 16.387 | EB69: 15.737 | EC69: 1.276 | ED69: 13.411 | EE69: 0 | EF69: 16.987 | EG69: 0.091619602 | EI69: 0 | EJ69: 243 | EK69: 14 | EL69: 47 | EM69: 182 | EN69: 243 | EO69: 0 | EP69: 14 | EQ69: 14 | ER69: 14 | ES69: 0 | ET69: 0 | EU69: 4.164 | EV69: 0 | EW69: 0.125 | EX69: 0 | EY69: 0.8 | EZ69: 5.089 | FA69: 0 | FB69: 0 | FC69: 0 | FD69: 0 | FE69: 0 | FF69: 0 | FG69: 0 | FH69: 0 | FI69: 12.455556 | FJ69: 21.088889 | FK69: 27.194444 | FL69: 36.227778 | FM69: 61.8 | FN69: 46.733333 | FO69: 49.461111 | FP69: 12.455556 | FQ69: 48.283333 | FR69: 194.22222 | FS69: 60.738889 | FT69: 254.96111 | FU69: 254.96111 | FV69: 13.077778 | FW69: 0 | FX69: 13.077778 | FY69: 254.96111 | FZ69: 0 | GA69: 0 | GB69: 0 | GC69: 0 | GD69: 0 | GE69: 0 | GF69: 0 | GG69: 0 | GH69: 8 | GI69: 13 | GJ69: 19 | GK69: 22 | GL69: 30 | GM69: 47 | GN69: 51 | GO69: 8 | GP69: 32 | GQ69: 150 | GR69: 40 | GS69: 190 | GT69: 190 | GU69: 0 | GV69: 182 | GW69: 11 | GX69: 0 | GY69: 11 | GZ69: 190 | HA69: 168 | HB69: 19.77 | HC69: 18.77 | HD69: 1.153 | HE69: 16.617 | HG69: 21 | HH69: 0 | HI69: 11 | HJ69: 11 | HK69: 11 | HL69: 0 | HM69: 0 | HN69: 0 | HO69: 233 | HP69: 33 | HQ69: 66 | HR69: 134 | HS69: 233 | HT69: =FY26_FE_Data_April15[[#This Row],[Oct 1, 2026 (CDC) - K]]+FY26_FE_Data_April15[[#This Row],[Oct 1, 2026 (CDC) - Grades 1-6]]+FY26_FE_Data_April15[[#This Row],[Oct 1, 2026 (CDC) - Grades 7-8]] -> 99 | HU69: 0
A70: 1K | B70: 1K0 | C70: Vanguard Academy Inc | D70: Charter | E70: Yes | F70: Yes | H70: 22.427778 | I70: 0 | J70: 22.427778 | K70: 0 | L70: 0 | M70: 223 | N70: 315 | O70: 538 | P70: 538 | Q70: 223 | R70: 1 | S70: 0 | T70: 0 | U70: 0 | V70: 0 | W70: 0 | X70: 0 | Y70: 0 | Z70: 114 | AA70: 108 | AB70: 93.777778 | AC70: 81.338889 | AD70: 75.183333 | AE70: 62 | AF70: 0 | AG70: 222 | AH70: 312.3 | AI70: 222 | AJ70: 534.3 | AK70: 534.3 | AL70: 22.944444 | AM70: 1 | AN70: 23.944444 | AO70: 535.3 | AP70: 0 | AQ70: 0 | AR70: 0 | AS70: 0 | AT70: 0 | AU70: 0 | AV70: 0 | AW70: 108 | AX70: 115 | AY70: 108 | AZ70: 92 | BA70: 81 | BB70: 64 | BC70: 0 | BD70: 223 | BE70: 345 | BF70: 223 | BG70: 568 | BH70: 568 | BI70: 0 | BJ70: 0 | BK70: 0 | BL70: 295 | BM70: 22 | BN70: 2 | BO70: 24 | BP70: 0 | BQ70: 0.07096926 | BR70: 33.862 | BS70: 33.862 | BT70: 33.862 | BU70: 34.862 | BV70: 0 | BW70: 0 | BX70: 0 | BY70: 0 | BZ70: 0 | CA70: 0 | CB70: 0 | CC70: 0 | CD70: 0 | CE70: 0 | CF70: 0 | CG70: 0 | CH70: 107.89444 | CI70: 112.47222 | CJ70: 107.70556 | CK70: 90.811111 | CL70: 80.966667 | CM70: 64 | CN70: 0 | CO70: 220.36667 | CP70: 343.48333 | CQ70: 220.36667 | CR70: 563.85 | CS70: 563.85 | CT70: 18.755556 | CU70: 2 | CV70: 20.755556 | CW70: 565.85 | CX70: 0 | CY70: 0 | CZ70: 0 | DA70: 0 | DB70: 0 | DC70: 0 | DD70: 0 | DE70: 0 | DF70: 0 | DG70: 0 | DH70: 136 | DI70: 112 | DJ70: 113 | DK70: 106 | DL70: 88 | DM70: 68 | DN70: 0 | DO70: 248 | DP70: 375 | DQ70: 248 | DR70: 623 | DS70: 623 | DT70: 0 | DU70: 429 | DV70: 16 | DW70: 1 | DX70: 17 | DY70: 624 | DZ70: 0 | EA70: 36.335 | EB70: 36.335 | EC70: 0.24 | ED70: 29.282 | EE70: 0 | EF70: 38.485 | EG70: 0.064081325 | EI70: 0 | EJ70: 620 | EK70: 0 | EL70: 244 | EM70: 376 | EN70: 620 | EO70: 0 | EP70: 16 | EQ70: 16 | ER70: 16 | ES70: 0 | ET70: 0 | EU70: 20 | EV70: 2 | EW70: 0.75 | EX70: 0 | EY70: 3.875 | EZ70: 26.625 | FA70: 0 | FB70: 0 | FC70: 0 | FD70: 0 | FE70: 0 | FF70: 0 | FG70: 0 | FH70: 0 | FI70: 0 | FJ70: 135.83889 | FK70: 112 | FL70: 113 | FM70: 106.00556 | FN70: 88 | FO70: 68.027778 | FP70: 0 | FQ70: 247.83889 | FR70: 375.03333 | FS70: 247.83889 | FT70: 622.87222 | FU70: 622.87222 | FV70: 15.4 | FW70: 0 | FX70: 15.4 | FY70: 622.87222 | FZ70: 0 | GA70: 0 | GB70: 0 | GC70: 0 | GD70: 0 | GE70: 0 | GF70: 0 | GG70: 0 | GH70: 0 | GI70: 129 | GJ70: 136 | GK70: 109 | GL70: 111 | GM70: 104 | GN70: 72 | GO70: 0 | GP70: 265 | GQ70: 396 | GR70: 265 | GS70: 661 | GT70: 661 | GU70: 0 | GV70: 398 | GW70: 10 | GX70: 0 | GY70: 10 | GZ70: 661 | HA70: 0 | HB70: 40.979 | HC70: 39.299 | HD70: 0.56 | HE70: 31.489 | HG70: 43.019 | HH70: 0 | HI70: 11 | HJ70: 11 | HK70: 11 | HL70: 0 | HM70: 0 | HN70: 0 | HO70: 836 | HP70: 0 | HQ70: 280 | HR70: 556 | HS70: 836 | HT70: =FY26_FE_Data_April15[[#This Row],[Oct 1, 2026 (CDC) - K]]+FY26_FE_Data_April15[[#This Row],[Oct 1, 2026 (CDC) - Grades 1-6]]+FY26_FE_Data_April15[[#This Row],[Oct 1, 2026 (CDC) - Grades 7-8]] -> 280 | HU70: 0
A71: 1L | B71: 1L0 | C71: Athlos Academies | D71: Charter | E71: Yes | F71: No | G71: No | H71: 0 | I71: 0 | J71: 0 | K71: 0 | L71: 0 | M71: 0 | N71: 0 | O71: 0 | P71: 0 | Q71: 0 | R71: 0 | S71: 0 | T71: 0 | U71: 0 | V71: 0 | W71: 0 | X71: 0 | Y71: 0 | Z71: 0 | AA71: 0 | AB71: 0 | AC71: 0 | AD71: 0 | AE71: 0 | AF71: 0 | AG71: 0 | AH71: 0 | AI71: 0 | AJ71: 0 | AK71: 0 | AL71: 0 | AM71: 0 | AN71: 0 | AO71: 0 | AP71: 0 | AQ71: 0 | AR71: 0 | AS71: 0 | AT71: 0 | AU71: 0 | AV71: 0 | AW71: 0 | AX71: 0 | AY71: 0 | AZ71: 0 | BA71: 0 | BB71: 0 | BC71: 0 | BD71: 0 | BE71: 0 | BF71: 0 | BG71: 0 | BH71: 0 | BI71: 0 | BJ71: 0 | BK71: 0 | BL71: 0 | BM71: 0 | BN71: 0 | BO71: 0 | BP71: 0 | BQ71: 0 | BR71: 0 | BS71: 0 | BT71: 0 | BU71: 0 | BV71: 0 | BW71: 0 | BX71: 0 | BY71: 0 | BZ71: 0 | CA71: 0 | CB71: 0 | CC71: 0 | CD71: 0 | CE71: 0 | CF71: 0 | CG71: 0 | CH71: 0 | CI71: 0 | CJ71: 0 | CK71: 0 | CL71: 0 | CM71: 0 | CN71: 0 | CO71: 0 | CP71: 0 | CQ71: 0 | CR71: 0 | CS71: 0 | CT71: 0 | CU71: 0 | CV71: 0 | CW71: 0 | CX71: 0 | CY71: 0 | CZ71: 0 | DA71: 0 | DB71: 0 | DC71: 0 | DD71: 0 | DE71: 0 | DF71: 0 | DG71: 0 | DH71: 0 | DI71: 0 | DJ71: 0 | DK71: 0 | DL71: 0 | DM71: 0 | DN71: 0 | DO71: 0 | DP71: 0 | DQ71: 0 | DR71: 0 | DS71: 0 | DT71: 0 | DU71: 0 | DV71: 0 | DW71: 0 | DX71: 0 | DY71: 0 | DZ71: 0 | EA71: 0 | EB71: 0 | EC71: 0 | ED71: 0 | EE71: 0 | EF71: 0 | EG71: 0 | EH71: 0 | EI71: 0 | EJ71: 0 | EK71: 0 | EL71: 0 | EM71: 0 | EN71: 0 | EO71: 0 | EP71: 0 | EQ71: 0 | ER71: 0 | ES71: 0 | ET71: 0 | EU71: 0 | EV71: 0 | EW71: 0 | EX71: 0 | EY71: 0 | EZ71: 0 | FA71: 0 | FB71: 0 | FC71: 0 | FD71: 0 | FE71: 0 | FF71: 0 | FG71: 0 | FH71: 0 | FI71: 0 | FJ71: 0 | FK71: 0 | FL71: 0 | FM71: 0 | FN71: 0 | FO71: 0 | FP71: 0 | FQ71: 0 | FR71: 0 | FS71: 0 | FT71: 0 | FU71: 0 | FV71: 0 | FW71: 0 | FX71: 0 | FY71: 0 | FZ71: 0 | GA71: 0 | GB71: 0 | GC71: 0 | GD71: 0 | GE71: 0 | GF71: 0 | GG71: 0 | GH71: 0 | GI71: 0 | GJ71: 0 | GK71: 0 | GL71: 0 | GM71: 0 | GN71: 0 | GO71: 0 | GP71: 0 | GQ71: 0 | GR71: 0 | GS71: 0 | GT71: 0 | GU71: 0 | GV71: 0 | GW71: 0 | GX71: 0 | GY71: 0 | GZ71: 0 | HA71: 0 | HB71: 0 | HC71: 0 | HD71: 0 | HE71: 0 | HG71: 0 | HH71: 0 | HI71: 0 | HJ71: 0 | HK71: 0 | HL71: 0 | HM71: 0 | HN71: 0 | HO71: 0 | HP71: 0 | HQ71: 0 | HR71: 0 | HS71: 0 | HT71: =FY26_FE_Data_April15[[#This Row],[Oct 1, 2026 (CDC) - K]]+FY26_FE_Data_April15[[#This Row],[Oct 1, 2026 (CDC) - Grades 1-6]]+FY26_FE_Data_April15[[#This Row],[Oct 1, 2026 (CDC) - Grades 7-8]] -> 0 | HU71: 0
A72: 1M | B72: 1M0 | C72: Advantage Arts Academy | D72: Charter | E72: Yes | F72: Yes | H72: 46.35 | I72: 0.74444444 | J72: 47.094444 | K72: 63 | L72: 269 | M72: 0 | N72: 0 | O72: 332 | P72: 269 | Q72: 332 | R72: 1 | S72: 61.55 | T72: 55.433333 | U72: 43.255556 | V72: 48.638889 | W72: 48.861111 | X72: 32.883333 | Y72: 30.35 | Z72: 0 | AA72: 0 | AB72: 0 | AC72: 0 | AD72: 0 | AE72: 0 | AF72: 259.42222 | AG72: 0 | AH72: 0 | AI72: 320.97222 | AJ72: 259.42222 | AK72: 320.97222 | AL72: 46.272222 | AM72: 1 | AN72: 47.272222 | AO72: 321.97222 | AP72: 51 | AQ72: 51 | AR72: 52 | AS72: 48 | AT72: 43 | AU72: 51 | AV72: 27 | AW72: 0 | AX72: 0 | AY72: 0 | AZ72: 0 | BA72: 0 | BB72: 0 | BC72: 272 | BD72: 0 | BE72: 0 | BF72: 323 | BG72: 272 | BH72: 323 | BI72: 47 | BJ72: 4 | BK72: 0 | BL72: 66 | BM72: 46 | BN72: 0 | BO72: 46 | BP72: 62 | BQ72: 0.047770701 | BR72: 19 | BS72: 18 | BT72: 18 | BU72: 19 | BV72: 0 | BW72: 0 | BX72: 0 | BY72: 2.216666 | BZ72: 50.611111 | CA72: 52.827778 | CB72: 47.805556 | CC72: 49.494444 | CD72: 49.355556 | CE72: 44.35 | CF72: 50.8 | CG72: 26.055556 | CH72: 0 | CI72: 0 | CJ72: 0 | CK72: 0 | CL72: 0 | CM72: 0 | CN72: 267.86111 | CO72: 0 | CP72: 0 | CQ72: 320.68889 | CR72: 267.86111 | CS72: 320.68889 | CT72: 55.633333 | CU72: 3.8722222 | CV72: 59.505556 | CW72: 324.56111 | CX72: 0 | CY72: 59 | CZ72: 5 | DA72: 64 | DB72: 63 | DC72: 48 | DD72: 54 | DE72: 50 | DF72: 43 | DG72: 32 | DH72: 0 | DI72: 0 | DJ72: 0 | DK72: 0 | DL72: 0 | DM72: 0 | DN72: 290 | DO72: 0 | DP72: 0 | DQ72: 354 | DR72: 290 | DS72: 354 | DT72: 0 | DU72: 89 | DV72: 62 | DW72: 7 | DX72: 69 | DY72: 361 | DZ72: 63 | EA72: 19.63 | EB72: 18.63 | EC72: 18.63 | ED72: 0 | EE72: 0 | EF72: 19.63 | EG72: 0.061805556 | EI72: 62 | EJ72: 290 | EK72: 290 | EL72: 0 | EM72: 0 | EN72: 352 | EO72: 0 | EP72: 69 | EQ72: 69 | ER72: 66 | ES72: 3 | ET72: 2 | EU72: 6.9 | EV72: 0.72 | EW72: 1.73 | EX72: 0 | EY72: 0 | EZ72: 9.35 | FA72: 5 | FB72: 60.177778 | FC72: 65.177778 | FD72: 60.594444 | FE72: 47.894444 | FF72: 50.633333 | FG72: 49.516667 | FH72: 42.25 | FI72: 28.994444 | FJ72: 0 | FK72: 0 | FL72: 0 | FM72: 0 | FN72: 0 | FO72: 0 | FP72: 279.88333 | FQ72: 0 | FR72: 0 | FS72: 345.06111 | FT72: 279.88333 | FU72: 345.06111 | FV72: 66.161111 | FW72: 4.7722222 | FX72: 70.933333 | FY72: 349.83333 | FZ72: 6 | GA72: 54 | GB72: 60 | GC72: 56 | GD72: 52 | GE72: 52 | GF72: 55 | GG72: 53 | GH72: 41 | GI72: 0 | GJ72: 0 | GK72: 0 | GL72: 0 | GM72: 0 | GN72: 0 | GO72: 309 | GP72: 0 | GQ72: 0 | GR72: 369 | GS72: 309 | GT72: 369 | GU72: 0 | GV72: 106 | GW72: 64 | GX72: 9 | GY72: 73 | GZ72: 378 | HA72: 75 | HB72: 22.5 | HC72: 21.5 | HD72: 19 | HE72: 0.5 | HG72: 22.5 | HH72: 0 | HI72: 75 | HJ72: 75 | HK72: 67 | HL72: 8 | HM72: 3 | HN72: 70 | HO72: 299 | HP72: 299 | HQ72: 0 | HR72: 0 | HS72: 369 | HT72: =FY26_FE_Data_April15[[#This Row],[Oct 1, 2026 (CDC) - K]]+FY26_FE_Data_April15[[#This Row],[Oct 1, 2026 (CDC) - Grades 1-6]]+FY26_FE_Data_April15[[#This Row],[Oct 1, 2026 (CDC) - Grades 7-8]] -> 369 | HU72: 0
A73: 2B | B73: 2B0 | C73: Lincoln Academy Incorporated | D73: Charter | E73: Yes | F73: Yes | H73: 90.772222 | I73: 7.3888889 | J73: 98.161111 | K73: 75 | L73: 501 | M73: 233 | N73: 106 | O73: 915 | P73: 840 | Q73: 809 | R73: 6 | S73: 74.838889 | T73: 74.238889 | U73: 74.527778 | V73: 81.016667 | W73: 80.005556 | X73: 77.961111 | Y73: 105.5 | Z73: 112.27222 | AA73: 116.93889 | AB73: 104.36667 | AC73: 0 | AD73: 0 | AE73: 0 | AF73: 493.25 | AG73: 229.21111 | AH73: 104.36667 | AI73: 797.3 | AJ73: 826.82778 | AK73: 901.66667 | AL73: 92.477778 | AM73: 7.1888889 | AN73: 99.666667 | AO73: 908.85556 | AP73: 74 | AQ73: 75 | AR73: 75 | AS73: 79 | AT73: 81 | AU73: 82 | AV73: 109 | AW73: 119 | AX73: 117 | AY73: 100 | AZ73: 0 | BA73: 0 | BB73: 0 | BC73: 501 | BD73: 236 | BE73: 100 | BF73: 811 | BG73: 837 | BH73: 911 | BI73: 0 | BJ73: 74 | BK73: 0 | BL73: 194 | BM73: 99 | BN73: 12 | BO73: 111 | BP73: 1 | BQ73: 0.078589257 | BR73: 49.26 | BS73: 46.26 | BT73: 43.388 | BU73: 47.704 | BV73: 0 | BW73: 0 | BX73: 0 | BY73: 74.533333 | BZ73: 0 | CA73: 74.533333 | CB73: 76.205556 | CC73: 74.088889 | CD73: 78.961111 | CE73: 80.927778 | CF73: 81.094444 | CG73: 105.81111 | CH73: 113.55556 | CI73: 113.75556 | CJ73: 95.733333 | CK73: 0 | CL73: 0 | CM73: 0 | CN73: 497.08889 | CO73: 227.31111 | CP73: 95.733333 | CQ73: 798.93333 | CR73: 820.13333 | CS73: 894.66667 | CT73: 97.988889 | CU73: 10.133333 | CV73: 108.12222 | CW73: 904.8 | CX73: 0 | CY73: 50 | CZ73: 24 | DA73: 74 | DB73: 75 | DC73: 75 | DD73: 80 | DE73: 81 | DF73: 81 | DG73: 108 | DH73: 117 | DI73: 121 | DJ73: 99 | DK73: 0 | DL73: 0 | DM73: 0 | DN73: 500 | DO73: 238 | DP73: 99 | DQ73: 812 | DR73: 837 | DS73: 911 | DT73: 0 | DU73: 151 | DV73: 89 | DW73: 5 | DX73: 94 | DY73: 916 | DZ73: 27 | EA73: 51 | EB73: 48 | EC73: 23.5 | ED73: 19.732 | EE73: 0 | EF73: 51.613 | EG73: 0.07893601 | EI73: 75 | EJ73: 830 | EK73: 490 | EL73: 240 | EM73: 100 | EN73: 905 | EO73: 0 | EP73: 105 | EQ73: 105 | ER73: 100 | ES73: 5 | ET73: 25 | EU73: 35.663 | EV73: 0 | EW73: 3.781 | EX73: 1.825 | EY73: 3.388 | EZ73: 44.657 | FA73: 20.033333 | FB73: 54.027778 | FC73: 74.061111 | FD73: 74.261111 | FE73: 74.988889 | FF73: 79.972222 | FG73: 80.922222 | FH73: 81 | FI73: 107.11111 | FJ73: 114.66111 | FK73: 118.3 | FL73: 95.183333 | FM73: 0 | FN73: 0 | FO73: 0 | FP73: 498.25556 | FQ73: 232.96111 | FR73: 95.183333 | FS73: 805.27778 | FT73: 826.4 | FU73: 900.46111 | FV73: 97.188889 | FW73: 4.85 | FX73: 102.03889 | FY73: 905.31111 | FZ73: 25 | GA73: 50 | GB73: 75 | GC73: 75 | GD73: 75 | GE73: 80 | GF73: 81 | GG73: 82 | GH73: 108 | GI73: 116 | GJ73: 120 | GK73: 97 | GL73: 0 | GM73: 0 | GN73: 0 | GO73: 501 | GP73: 236 | GQ73: 97 | GR73: 812 | GS73: 834 | GT73: 909 | GU73: 0 | GV73: 148 | GW73: 100 | GX73: 4 | GY73: 104 | GZ73: 913 | HA73: 22 | HB73: 52.162 | HC73: 48.162 | HD73: 22.5 | HE73: 21.232 | HG73: 52.412 | HH73: 0 | HI73: 111 | HJ73: 111 | HK73: 108 | HL73: 3 | HM73: 23 | HN73: 74 | HO73: 837 | HP73: 500 | HQ73: 238 | HR73: 99 | HS73: 911 | HT73: =FY26_FE_Data_April15[[#This Row],[Oct 1, 2026 (CDC) - K]]+FY26_FE_Data_April15[[#This Row],[Oct 1, 2026 (CDC) - Grades 1-6]]+FY26_FE_Data_April15[[#This Row],[Oct 1, 2026 (CDC) - Grades 7-8]] -> 812 | HU73: 0
A74: 2C | B74: 2C0 | C74: Intech Collegiate Academy | D74: Charter | E74: Yes | F74: Yes | H74: 17.027778 | I74: 0 | J74: 17.027778 | K74: 0 | L74: 0 | M74: 63 | N74: 155 | O74: 218 | P74: 218 | Q74: 63 | R74: 0 | S74: 0 | T74: 0 | U74: 0 | V74: 0 | W74: 0 | X74: 0 | Y74: 0 | Z74: 30.488889 | AA74: 32 | AB74: 50.605556 | AC74: 32.666667 | AD74: 32 | AE74: 34.344444 | AF74: 0 | AG74: 62.488889 | AH74: 149.61667 | AI74: 62.488889 | AJ74: 212.10556 | AK74: 212.10556 | AL74: 20.311111 | AM74: 0 | AN74: 20.311111 | AO74: 212.10556 | AP74: 0 | AQ74: 0 | AR74: 0 | AS74: 0 | AT74: 0 | AU74: 0 | AV74: 0 | AW74: 28 | AX74: 29 | AY74: 43 | AZ74: 38 | BA74: 30 | BB74: 31 | BC74: 0 | BD74: 57 | BE74: 142 | BF74: 57 | BG74: 199 | BH74: 199 | BI74: 0 | BJ74: 0 | BK74: 0 | BL74: 57 | BM74: 25 | BN74: 0 | BO74: 25 | BP74: 4 | BQ74: 0.092910702 | BR74: 13.45 | BS74: 11.94 | BT74: 11.94 | BU74: 13.45 | BV74: 0 | BW74: 0 | BX74: 0 | BY74: 0 | BZ74: 0 | CA74: 0 | CB74: 0 | CC74: 0 | CD74: 0 | CE74: 0 | CF74: 0 | CG74: 0 | CH74: 27.65 | CI74: 29.022222 | CJ74: 42.605556 | CK74: 35.905556 | CL74: 29.205556 | CM74: 29.333333 | CN74: 0 | CO74: 56.672222 | CP74: 137.05 | CQ74: 56.672222 | CR74: 193.72222 | CS74: 193.72222 | CT74: 25.1 | CU74: 0 | CV74: 25.1 | CW74: 193.72222 | CX74: 0 | CY74: 0 | CZ74: 0 | DA74: 0 | DB74: 0 | DC74: 0 | DD74: 0 | DE74: 0 | DF74: 0 | DG74: 0 | DH74: 24 | DI74: 27 | DJ74: 48 | DK74: 34 | DL74: 36 | DM74: 28 | DN74: 0 | DO74: 51 | DP74: 146 | DQ74: 51 | DR74: 197 | DS74: 197 | DT74: 0 | DU74: 58 | DV74: 32 | DW74: 0 | DX74: 32 | DY74: 197 | DZ74: 7 | EA74: 13.2 | EB74: 11.7 | EC74: 0 | ED74: 9.88 | EE74: 0 | EF74: 13.2 | EG74: 0.096153846 | EI74: 0 | EJ74: 197 | EK74: 0 | EL74: 48 | EM74: 149 | EN74: 197 | EO74: 0 | EP74: 30 | EQ74: 30 | ER74: 30 | ES74: 0 | ET74: 0 | EU74: 0.5 | EV74: 0 | EW74: 0.9 | EX74: 0 | EY74: 0 | EZ74: 1.4 | FA74: 0 | FB74: 0 | FC74: 0 | FD74: 0 | FE74: 0 | FF74: 0 | FG74: 0 | FH74: 0 | FI74: 0 | FJ74: 22.816667 | FK74: 26.277778 | FL74: 44.444444 | FM74: 33.466667 | FN74: 35.505556 | FO74: 27.022222 | FP74: 0 | FQ74: 49.094444 | FR74: 140.43889 | FS74: 49.094444 | FT74: 189.53333 | FU74: 189.53333 | FV74: 29.655556 | FW74: 0 | FX74: 29.655556 | FY74: 189.53333 | FZ74: 0 | GA74: 0 | GB74: 0 | GC74: 0 | GD74: 0 | GE74: 0 | GF74: 0 | GG74: 0 | GH74: 0 | GI74: 24 | GJ74: 25 | GK74: 38 | GL74: 42 | GM74: 33 | GN74: 32 | GO74: 0 | GP74: 49 | GQ74: 145 | GR74: 49 | GS74: 194 | GT74: 194 | GU74: 0 | GV74: 58 | GW74: 22 | GX74: 0 | GY74: 22 | GZ74: 194 | HA74: 4 | HB74: 13.36 | HC74: 11.86 | HD74: 0 | HE74: 10.068 | HG74: 13.36 | HH74: 0 | HI74: 21 | HJ74: 21 | HK74: 21 | HL74: 0 | HM74: 0 | HN74: 0 | HO74: 196 | HP74: 0 | HQ74: 49 | HR74: 147 | HS74: 196 | HT74: =FY26_FE_Data_April15[[#This Row],[Oct 1, 2026 (CDC) - K]]+FY26_FE_Data_April15[[#This Row],[Oct 1, 2026 (CDC) - Grades 1-6]]+FY26_FE_Data_April15[[#This Row],[Oct 1, 2026 (CDC) - Grades 7-8]] -> 49 | HU74: 0
A75: 2D | B75: 2D0 | C75: Channing Hall | D75: Charter | E75: Yes | F75: Yes | H75: 52.216667 | I75: 1.1888889 | J75: 53.405556 | K75: 65 | L75: 414 | M75: 89 | N75: 0 | O75: 568 | P75: 503 | Q75: 568 | R75: 2 | S75: 63.744444 | T75: 67.95 | U75: 72.694444 | V75: 83.211111 | W75: 75.233333 | X75: 60.733333 | Y75: 55.694444 | Z75: 49.511111 | AA75: 37.444444 | AB75: 0 | AC75: 0 | AD75: 0 | AE75: 0 | AF75: 415.51667 | AG75: 86.955556 | AH75: 0 | AI75: 566.21667 | AJ75: 502.47222 | AK75: 566.21667 | AL75: 62.255556 | AM75: 2.1388889 | AN75: 64.394444 | AO75: 568.35556 | AP75: 53 | AQ75: 54 | AR75: 63 | AS75: 66 | AT75: 81 | AU75: 74 | AV75: 51 | AW75: 54 | AX75: 46 | AY75: 0 | AZ75: 0 | BA75: 0 | BB75: 0 | BC75: 389 | BD75: 100 | BE75: 0 | BF75: 542 | BG75: 489 | BH75: 542 | BI75: 42 | BJ75: 11 | BK75: 0 | BL75: 71 | BM75: 65 | BN75: 3 | BO75: 68 | BP75: 35 | BQ75: 0.0640625 | BR75: 36.5 | BS75: 35.5 | BT75: 34.5 | BU75: 38 | BV75: 0 | BW75: 0 | BX75: 0 | BY75: 15.033333 | BZ75: 42.233333 | CA75: 57.266667 | CB75: 52.811111 | CC75: 61.566667 | CD75: 66.25 | CE75: 79.655556 | CF75: 72.866667 | CG75: 52.555556 | CH75: 53.566667 | CI75: 45.116667 | CJ75: 0 | CK75: 0 | CL75: 0 | CM75: 0 | CN75: 385.70556 | CO75: 98.683333 | CP75: 0 | CQ75: 541.65556 | CR75: 484.38889 | CS75: 541.65556 | CT75: 62.794444 | CU75: 3 | CV75: 65.794444 | CW75: 544.65556 | CX75: 0 | CY75: 62 | CZ75: 7 | DA75: 69 | DB75: 72 | DC75: 66 | DD75: 66 | DE75: 72 | DF75: 83 | DG75: 71 | DH75: 51 | DI75: 54 | DJ75: 0 | DK75: 0 | DL75: 0 | DM75: 0 | DN75: 430 | DO75: 105 | DP75: 0 | DQ75: 604 | DR75: 535 | DS75: 604 | DT75: 0 | DU75: 106 | DV75: 67 | DW75: 1 | DX75: 68 | DY75: 605 | DZ75: 74 | EA75: 41.156 | EB75: 39.156 | EC75: 23.7 | ED75: 11.3 | EE75: 0 | EF75: 42.156 | EG75: 0.058506944 | EI75: 70 | EJ75: 530 | EK75: 423 | EL75: 107 | EM75: 0 | EN75: 600 | EO75: 0 | EP75: 66 | EQ75: 66 | ER75: 65 | ES75: 1 | ET75: 2 | EU75: 10.733 | EV75: 1.205 | EW75: 2.455 | EX75: 0 | EY75: 5.066 | EZ75: 19.459 | FA75: 6 | FB75: 63.95 | FC75: 69.95 | FD75: 73.211111 | FE75: 65.383333 | FF75: 65.561111 | FG75: 72.344444 | FH75: 81.411111 | FI75: 68.95 | FJ75: 50.522222 | FK75: 53.022222 | FL75: 0 | FM75: 0 | FN75: 0 | FO75: 0 | FP75: 426.86111 | FQ75: 103.54444 | FR75: 0 | FS75: 600.35556 | FT75: 530.40556 | FU75: 600.35556 | FV75: 64.05 | FW75: 1 | FX75: 65.05 | FY75: 601.35556 | FZ75: 0 | GA75: 68 | GB75: 68 | GC75: 79 | GD75: 78 | GE75: 73 | GF75: 68 | GG75: 71 | GH75: 71 | GI75: 57 | GJ75: 47 | GK75: 0 | GL75: 0 | GM75: 0 | GN75: 0 | GO75: 440 | GP75: 104 | GQ75: 0 | GR75: 612 | GS75: 544 | GT75: 612 | GU75: 0 | GV75: 100 | GW75: 64 | GX75: 0 | GY75: 64 | GZ75: 612 | HA75: 57 | HB75: 43.156 | HC75: 41.156 | HD75: 23.04 | HE75: 10.46 | HG75: 44.156 | HH75: 0 | HI75: 66 | HJ75: 66 | HK75: 66 | HL75: 0 | HM75: 1 | HN75: 68 | HO75: 544 | HP75: 439 | HQ75: 105 | HR75: 0 | HS75: 612 | HT75: =FY26_FE_Data_April15[[#This Row],[Oct 1, 2026 (CDC) - K]]+FY26_FE_Data_April15[[#This Row],[Oct 1, 2026 (CDC) - Grades 1-6]]+FY26_FE_Data_April15[[#This Row],[Oct 1, 2026 (CDC) - Grades 7-8]] -> 612 | HU75: 0
A76: 2E | B76: 2E0 | C76: Karl G. Maeser Preparatory Academy Foundation | D76: Charter | E76: Yes | F76: Yes | H76: 39.033333 | I76: 3 | J76: 42.033333 | K76: 0 | L76: 0 | M76: 206 | N76: 417 | O76: 623 | P76: 623 | Q76: 206 | R76: 2 | S76: 0 | T76: 0 | U76: 0 | V76: 0 | W76: 0 | X76: 0 | Y76: 0 | Z76: 102.57222 | AA76: 104.04444 | AB76: 119.85 | AC76: 107.91667 | AD76: 93.55 | AE76: 84.277778 | AF76: 0 | AG76: 206.61667 | AH76: 405.59444 | AI76: 206.61667 | AJ76: 612.21111 | AK76: 612.21111 | AL76: 47.055556 | AM76: 2 | AN76: 49.055556 | AO76: 614.21111 | AP76: 0 | AQ76: 0 | AR76: 0 | AS76: 0 | AT76: 0 | AU76: 0 | AV76: 0 | AW76: 106 | AX76: 104 | AY76: 125 | AZ76: 114 | BA76: 97 | BB76: 89 | BC76: 0 | BD76: 210 | BE76: 425 | BF76: 210 | BG76: 635 | BH76: 635 | BI76: 0 | BJ76: 0 | BK76: 0 | BL76: 44 | BM76: 48 | BN76: 3 | BO76: 51 | BP76: 7 | BQ76: 0.068605013 | BR76: 34.841 | BS76: 34.341 | BT76: 34.341 | BU76: 36.841 | BV76: 0 | BW76: 0 | BX76: 0 | BY76: 0 | BZ76: 0 | CA76: 0 | CB76: 0 | CC76: 0 | CD76: 0 | CE76: 0 | CF76: 0 | CG76: 0 | CH76: 105.47778 | CI76: 103.48333 | CJ76: 125.08333 | CK76: 109.81111 | CL76: 94.483333 | CM76: 87.2 | CN76: 0 | CO76: 208.96111 | CP76: 416.57778 | CQ76: 208.96111 | CR76: 625.53889 | CS76: 625.53889 | CT76: 47.733333 | CU76: 2.4666667 | CV76: 50.2 | CW76: 628.00556 | CX76: 0 | CY76: 0 | CZ76: 0 | DA76: 0 | DB76: 0 | DC76: 0 | DD76: 0 | DE76: 0 | DF76: 0 | DG76: 0 | DH76: 114 | DI76: 112 | DJ76: 124 | DK76: 115 | DL76: 101 | DM76: 88 | DN76: 0 | DO76: 226 | DP76: 428 | DQ76: 226 | DR76: 654 | DS76: 654 | DT76: 2 | DU76: 52 | DV76: 56 | DW76: 1 | DX76: 57 | DY76: 655 | DZ76: 2 | EA76: 40.987 | EB76: 40.487 | EC76: 0.34 | ED76: 36.408 | EE76: 0 | EF76: 44.487 | EG76: 0.070462689 | EI76: 0 | EJ76: 651 | EK76: 0 | EL76: 224 | EM76: 427 | EN76: 651 | EO76: 0 | EP76: 56 | EQ76: 56 | ER76: 55 | ES76: 1 | ET76: 0 | EU76: 6 | EV76: 1 | EW76: 4.75 | EX76: 0 | EY76: 0 | EZ76: 11.75 | FA76: 0 | FB76: 0 | FC76: 0 | FD76: 0 | FE76: 0 | FF76: 0 | FG76: 0 | FH76: 0 | FI76: 0 | FJ76: 110.47222 | FK76: 110.85 | FL76: 122.37222 | FM76: 110.91111 | FN76: 99.011111 | FO76: 87.461111 | FP76: 0 | FQ76: 221.32222 | FR76: 419.75556 | FS76: 221.32222 | FT76: 641.07778 | FU76: 641.07778 | FV76: 54.338889 | FW76: 1 | FX76: 55.338889 | FY76: 642.07778 | FZ76: 0 | GA76: 0 | GB76: 0 | GC76: 0 | GD76: 0 | GE76: 0 | GF76: 0 | GG76: 0 | GH76: 0 | GI76: 113 | GJ76: 113 | GK76: 123 | GL76: 123 | GM76: 105 | GN76: 95 | GO76: 0 | GP76: 226 | GQ76: 446 | GR76: 226 | GS76: 672 | GT76: 672 | GU76: 5 | GV76: 51 | GW76: 49 | GX76: 1 | GY76: 50 | GZ76: 673 | HA76: 8 | HB76: 44.487 | HC76: 43.647 | HD76: 0.34 | HE76: 36.902 | HG76: 47.237 | HH76: 0 | HI76: 48 | HJ76: 48 | HK76: 47 | HL76: 1 | HM76: 0 | HN76: 0 | HO76: 780 | HP76: 0 | HQ76: 300 | HR76: 480 | HS76: 780 | HT76: =FY26_FE_Data_April15[[#This Row],[Oct 1, 2026 (CDC) - K]]+FY26_FE_Data_April15[[#This Row],[Oct 1, 2026 (CDC) - Grades 1-6]]+FY26_FE_Data_April15[[#This Row],[Oct 1, 2026 (CDC) - Grades 7-8]] -> 300 | HU76: 0
A77: 2F | B77: 2F0 | C77: Rockwell Charter High School | D77: Charter | E77: Yes | F77: Yes | H77: 56.272222 | I77: 0.28888889 | J77: 56.561111 | K77: 0 | L77: 0 | M77: 50 | N77: 196 | O77: 246 | P77: 246 | Q77: 50 | R77: 3 | S77: 0 | T77: 0 | U77: 0 | V77: 0 | W77: 0 | X77: 0 | Y77: 0 | Z77: 17.15 | AA77: 35.111111 | AB77: 40.516667 | AC77: 58.022222 | AD77: 53.977778 | AE77: 50.305556 | AF77: 0 | AG77: 52.261111 | AH77: 202.82222 | AI77: 52.261111 | AJ77: 255.08333 | AK77: 255.08333 | AL77: 59.966667 | AM77: 2.0777778 | AN77: 62.044444 | AO77: 257.16111 | AP77: 0 | AQ77: 0 | AR77: 0 | AS77: 0 | AT77: 0 | AU77: 0 | AV77: 0 | AW77: 19 | AX77: 26 | AY77: 46 | AZ77: 53 | BA77: 60 | BB77: 47 | BC77: 0 | BD77: 45 | BE77: 206 | BF77: 45 | BG77: 251 | BH77: 251 | BI77: 0 | BJ77: 0 | BK77: 1 | BL77: 49 | BM77: 57 | BN77: 2 | BO77: 59 | BP77: 0 | BQ77: 0.064751714 | BR77: 17.106 | BS77: 17.106 | BT77: 17.106 | BU77: 18.106 | BV77: 0 | BW77: 0 | BX77: 0 | BY77: 0 | BZ77: 0 | CA77: 0 | CB77: 0 | CC77: 0 | CD77: 0 | CE77: 0 | CF77: 0 | CG77: 0 | CH77: 18.516667 | CI77: 30.333333 | CJ77: 47.933333 | CK77: 54.666667 | CL77: 54.377778 | CM77: 47.461111 | CN77: 0 | CO77: 48.85 | CP77: 204.43889 | CQ77: 48.85 | CR77: 253.28889 | CS77: 253.28889 | CT77: 52.661111 | CU77: 2.1222222 | CV77: 54.783333 | CW77: 255.41111 | CX77: 0 | CY77: 0 | CZ77: 0 | DA77: 0 | DB77: 0 | DC77: 0 | DD77: 0 | DE77: 0 | DF77: 0 | DG77: 0 | DH77: 33 | DI77: 31 | DJ77: 45 | DK77: 67 | DL77: 59 | DM77: 52 | DN77: 0 | DO77: 64 | DP77: 223 | DQ77: 64 | DR77: 287 | DS77: 287 | DT77: 6 | DU77: 62 | DV77: 52 | DW77: 2 | DX77: 54 | DY77: 289 | DZ77: 0 | EA77: 16.906 | EB77: 16.906 | EC77: 0 | ED77: 14.356 | EE77: 0 | EF77: 17.956 | EG77: 0.057134996 | EI77: 0 | EJ77: 286 | EK77: 0 | EL77: 58 | EM77: 228 | EN77: 286 | EO77: 0 | EP77: 53 | EQ77: 53 | ER77: 51 | ES77: 2 | ET77: 0 | EU77: 3.75 | EV77: 0 | EW77: 3.5 | EX77: 1.15 | EY77: 3.5 | EZ77: 11.9 | FA77: 0 | FB77: 0 | FC77: 0 | FD77: 0 | FE77: 0 | FF77: 0 | FG77: 0 | FH77: 0 | FI77: 0 | FJ77: 30.083333 | FK77: 29.205556 | FL77: 44.555556 | FM77: 64.061111 | FN77: 56.672222 | FO77: 48.3 | FP77: 0 | FQ77: 59.288889 | FR77: 213.58889 | FS77: 59.288889 | FT77: 272.87778 | FU77: 272.87778 | FV77: 44.927778 | FW77: 1.0166667 | FX77: 45.944444 | FY77: 273.89444 | FZ77: 0 | GA77: 0 | GB77: 0 | GC77: 0 | GD77: 0 | GE77: 0 | GF77: 0 | GG77: 0 | GH77: 0 | GI77: 16 | GJ77: 22 | GK77: 28 | GL77: 35 | GM77: 62 | GN77: 49 | GO77: 0 | GP77: 38 | GQ77: 174 | GR77: 38 | GS77: 212 | GT77: 212 | GU77: 4 | GV77: 56 | GW77: 37 | GX77: 0 | GY77: 37 | GZ77: 212 | HA77: 0 | HB77: 16.546 | HC77: 15.546 | HD77: 0 | HE77: 13.246 | HG77: 16.426 | HH77: 0 | HI77: 35 | HJ77: 35 | HK77: 35 | HL77: 0 | HM77: 0 | HN77: 0 | HO77: 265 | HP77: 0 | HQ77: 88 | HR77: 177 | HS77: 265 | HT77: =FY26_FE_Data_April15[[#This Row],[Oct 1, 2026 (CDC) - K]]+FY26_FE_Data_April15[[#This Row],[Oct 1, 2026 (CDC) - Grades 1-6]]+FY26_FE_Data_April15[[#This Row],[Oct 1, 2026 (CDC) - Grades 7-8]] -> 88 | HU77: 0
A78: 2G | B78: 2G0 | C78: Vista At Entrada Inc | D78: Charter | E78: Yes | F78: Yes | H78: 101.86111 | I78: 1.4611111 | J78: 103.32222 | K78: 88 | L78: 701 | M78: 244 | N78: 80 | O78: 1113 | P78: 1025 | Q78: 1033 | R78: 6 | S78: 86.455556 | T78: 99.422222 | U78: 105.85 | V78: 108.07222 | W78: 114.06667 | X78: 120.55 | Y78: 143.3 | Z78: 125.23889 | AA78: 114.32778 | AB78: 79.972222 | AC78: 0 | AD78: 0 | AE78: 0 | AF78: 691.26111 | AG78: 239.56667 | AH78: 79.972222 | AI78: 1017.2833 | AJ78: 1010.8 | AK78: 1097.2556 | AL78: 119.08333 | AM78: 5.5111111 | AN78: 124.59444 | AO78: 1102.7667 | AP78: 93 | AQ78: 105 | AR78: 105 | AS78: 113 | AT78: 117 | AU78: 116 | AV78: 142 | AW78: 135 | AX78: 121 | AY78: 70 | AZ78: 0 | BA78: 0 | BB78: 0 | BC78: 698 | BD78: 256 | BE78: 70 | BF78: 1047 | BG78: 1024 | BH78: 1117 | BI78: 92 | BJ78: 1 | BK78: 0 | BL78: 408 | BM78: 131 | BN78: 6 | BO78: 137 | BP78: 54 | BQ78: 0.068509615 | BR78: 60.05 | BS78: 60.05 | BT78: 59.05 | BU78: 60.05 | BV78: 0 | BW78: 0 | BX78: 0 | BY78: 0 | BZ78: 92.011111 | CA78: 92.011111 | CB78: 103.05 | CC78: 102.78889 | CD78: 112.41111 | CE78: 111.31667 | CF78: 113.98889 | CG78: 138.67222 | CH78: 133.40556 | CI78: 115.43889 | CJ78: 70.127778 | CK78: 0 | CL78: 0 | CM78: 0 | CN78: 682.22778 | CO78: 248.84444 | CP78: 70.127778 | CQ78: 1023.0833 | CR78: 1001.2 | CS78: 1093.2111 | CT78: 131.85556 | CU78: 4 | CV78: 135.85556 | CW78: 1097.2111 | CX78: 0 | CY78: 89 | CZ78: 3 | DA78: 92 | DB78: 106 | DC78: 105 | DD78: 107 | DE78: 121 | DF78: 113 | DG78: 140 | DH78: 139 | DI78: 116 | DJ78: 76 | DK78: 0 | DL78: 0 | DM78: 0 | DN78: 692 | DO78: 255 | DP78: 76 | DQ78: 1039 | DR78: 1023 | DS78: 1115 | DT78: 0 | DU78: 405 | DV78: 135 | DW78: 5 | DX78: 140 | DY78: 1120 | DZ78: 50 | EA78: 60.572 | EB78: 57.572 | EC78: 30.347 | ED78: 22.225 | EE78: 0 | EF78: 61.922 | EG78: 0.060831378 | EI78: 98 | EJ78: 1015 | EK78: 673 | EL78: 266 | EM78: 76 | EN78: 1113 | EO78: 0 | EP78: 143 | EQ78: 143 | ER78: 139 | ES78: 4 | ET78: 3 | EU78: 18.85 | EV78: 0 | EW78: 4.45 | EX78: 1.25 | EY78: 11.8 | EZ78: 36.35 | FA78: 0.5 | FB78: 88.75 | FC78: 89.25 | FD78: 101.90556 | FE78: 103.58333 | FF78: 104.50556 | FG78: 117.17778 | FH78: 112.05 | FI78: 138.06667 | FJ78: 135.5 | FK78: 113.41111 | FL78: 73.838889 | FM78: 0 | FN78: 0 | FO78: 0 | FP78: 677.28889 | FQ78: 248.91111 | FR78: 73.838889 | FS78: 1015.45 | FT78: 1000.0389 | FU78: 1089.2889 | FV78: 136.08889 | FW78: 4 | FX78: 140.08889 | FY78: 1093.2889 | FZ78: 0 | GA78: 100 | GB78: 100 | GC78: 90 | GD78: 103 | GE78: 106 | GF78: 113 | GG78: 114 | GH78: 131 | GI78: 148 | GJ78: 108 | GK78: 75 | GL78: 0 | GM78: 0 | GN78: 0 | GO78: 657 | GP78: 256 | GQ78: 75 | GR78: 1013 | GS78: 988 | GT78: 1088 | GU78: 0 | GV78: 341 | GW78: 147 | GX78: 7 | GY78: 154 | GZ78: 1095 | HA78: 45 | HB78: 60.69 | HC78: 58.69 | HD78: 30.264 | HE78: 21.45 | HG78: 64.19 | HH78: 0 | HI78: 151 | HJ78: 151 | HK78: 143 | HL78: 8 | HM78: 4 | HN78: 92 | HO78: 1023 | HP78: 692 | HQ78: 255 | HR78: 76 | HS78: 1115 | HT78: =FY26_FE_Data_April15[[#This Row],[Oct 1, 2026 (CDC) - K]]+FY26_FE_Data_April15[[#This Row],[Oct 1, 2026 (CDC) - Grades 1-6]]+FY26_FE_Data_April15[[#This Row],[Oct 1, 2026 (CDC) - Grades 7-8]] -> 1039 | HU78: 0
A79: 2H | B79: 2H0 | C79: Utah Connections Academy | D79: Charter | E79: Yes | F79: Yes | H79: 71.216667 | I79: 44.244444 | J79: 115.46111 | K79: 50 | L79: 311 | M79: 230 | N79: 444 | O79: 1035 | P79: 985 | Q79: 591 | R79: 67 | S79: 45.666667 | T79: 39.283333 | U79: 37.644444 | V79: 38.355556 | W79: 42.716667 | X79: 42.266667 | Y79: 78.277778 | Z79: 89.805556 | AA79: 118.31111 | AB79: 135.87778 | AC79: 108.68333 | AD79: 103.72778 | AE79: 80.116667 | AF79: 278.54444 | AG79: 208.11667 | AH79: 428.40556 | AI79: 532.32778 | AJ79: 915.06667 | AK79: 960.73333 | AL79: 39.772222 | AM79: 62.861111 | AN79: 102.63333 | AO79: 1023.5944 | AP79: 39 | AQ79: 45 | AR79: 39 | AS79: 45 | AT79: 56 | AU79: 51 | AV79: 65 | AW79: 87 | AX79: 100 | AY79: 122 | AZ79: 95 | BA79: 115 | BB79: 103 | BC79: 301 | BD79: 187 | BE79: 435 | BF79: 527 | BG79: 923 | BH79: 962 | BI79: 39 | BJ79: 0 | BK79: 0 | BL79: 312 | BM79: 50 | BN79: 57 | BO79: 107 | BP79: 28 | BQ79: 0.081430518 | BR79: 51.286 | BS79: 48.286 | BT79: 48.286 | BU79: 52.229 | BV79: 767 | BW79: 476 | BX79: 674.77778 | BY79: 0 | BZ79: 38.994444 | CA79: 38.994444 | CB79: 40.227778 | CC79: 35.133333 | CD79: 47.588889 | CE79: 52.244444 | CF79: 50.955556 | CG79: 64.088889 | CH79: 94.722222 | CI79: 100.42222 | CJ79: 112.91111 | CK79: 94.305556 | CL79: 113.28889 | CM79: 100.85 | CN79: 290.23889 | CO79: 195.14444 | CP79: 421.35556 | CQ79: 524.37778 | CR79: 906.73889 | CS79: 945.73333 | CT79: 108.93333 | CU79: 0 | CV79: 108.93333 | CW79: 945.73333 | CX79: 693.97222 | CY79: 45 | CZ79: 0 | DA79: 45 | DB79: 39 | DC79: 47 | DD79: 32 | DE79: 55 | DF79: 60 | DG79: 68 | DH79: 75 | DI79: 140 | DJ79: 171 | DK79: 117 | DL79: 115 | DM79: 106 | DN79: 301 | DO79: 215 | DP79: 509 | DQ79: 561 | DR79: 1025 | DS79: 1070 | DT79: 0 | DU79: 336 | DV79: 138 | DW79: 0 | DX79: 138 | DY79: 1070 | DZ79: 41 | EA79: 61.653 | EB79: 58.653 | EC79: 17.938 | ED79: 24.655 | EE79: 0 | EF79: 62.753 | EG79: 0.094855697 | EI79: 43 | EJ79: 1021 | EK79: 379 | EL79: 145 | EM79: 497 | EN79: 1064 | EO79: 0 | EP79: 156 | EQ79: 156 | ER79: 156 | ES79: 0 | ET79: 6 | EU79: 0 | EV79: 0 | EW79: 5 | EX79: 0 | EY79: 0 | EZ79: 5 | FA79: 0 | FB79: 45.261111 | FC79: 45.261111 | FD79: 42.794444 | FE79: 45.416667 | FF79: 34.944444 | FG79: 62.2 | FH79: 64.133333 | FI79: 70.3 | FJ79: 87.172222 | FK79: 145.97778 | FL79: 176.93889 | FM79: 129.11667 | FN79: 116.11667 | FO79: 102.45556 | FP79: 319.78889 | FQ79: 233.15 | FR79: 524.62778 | FS79: 598.2 | FT79: 1077.5667 | FU79: 1122.8278 | FV79: 157.69444 | FW79: 0 | FX79: 157.69444 | FY79: 1122.8278 | FZ79: 0 | GA79: 43 | GB79: 43 | GC79: 56 | GD79: 44 | GE79: 57 | GF79: 49 | GG79: 78 | GH79: 86 | GI79: 91 | GJ79: 132 | GK79: 203 | GL79: 145 | GM79: 135 | GN79: 89 | GO79: 370 | GP79: 223 | GQ79: 572 | GR79: 636 | GS79: 1165 | GT79: 1208 | GU79: 0 | GV79: 173 | GW79: 100 | GX79: 0 | GY79: 100 | GZ79: 1208 | HA79: 35 | HB79: 61.1 | HC79: 58.1 | HD79: 15.575 | HE79: 26.025 | HG79: 62.2 | HH79: 0 | HI79: 168 | HJ79: 168 | HK79: 152 | HL79: 16 | HM79: 7 | HN79: 40 | HO79: 1200 | HP79: 395 | HQ79: 230 | HR79: 575 | HS79: 1240 | HT79: =FY26_FE_Data_April15[[#This Row],[Oct 1, 2026 (CDC) - K]]+FY26_FE_Data_April15[[#This Row],[Oct 1, 2026 (CDC) - Grades 1-6]]+FY26_FE_Data_April15[[#This Row],[Oct 1, 2026 (CDC) - Grades 7-8]] -> 665 | HU79: 743.28333
A80: 2I | B80: 2I0 | C80: Esperanza Elementary (Generacion Floreciente) | D80: Charter | E80: Yes | F80: Yes | H80: 46.511111 | I80: 0.63333333 | J80: 47.144444 | K80: 88 | L80: 441 | M80: 0 | N80: 0 | O80: 529 | P80: 441 | Q80: 529 | R80: 1 | S80: 87.194444 | T80: 82.7 | U80: 81.355556 | V80: 76.805556 | W80: 80.222222 | X80: 65.577778 | Y80: 56.955556 | Z80: 0 | AA80: 0 | AB80: 0 | AC80: 0 | AD80: 0 | AE80: 0 | AF80: 443.61667 | AG80: 0 | AH80: 0 | AI80: 530.81111 | AJ80: 443.61667 | AK80: 530.81111 | AL80: 49.983333 | AM80: 1 | AN80: 50.983333 | AO80: 531.81111 | AP80: 80 | AQ80: 83 | AR80: 81 | AS80: 81 | AT80: 78 | AU80: 76 | AV80: 60 | AW80: 0 | AX80: 0 | AY80: 0 | AZ80: 0 | BA80: 0 | BB80: 0 | BC80: 459 | BD80: 0 | BE80: 0 | BF80: 539 | BG80: 459 | BH80: 539 | BI80: 80 | BJ80: 0 | BK80: 0 | BL80: 212 | BM80: 61 | BN80: 0 | BO80: 61 | BP80: 259 | BQ80: 0.065104167 | BR80: 27 | BS80: 24 | BT80: 24 | BU80: 28 | BV80: 0 | BW80: 0 | BX80: 0 | BY80: 0 | BZ80: 80.005555 | CA80: 80.005556 | CB80: 81.966667 | CC80: 82.138889 | CD80: 81.611111 | CE80: 79.166667 | CF80: 72.955556 | CG80: 58.2 | CH80: 0 | CI80: 0 | CJ80: 0 | CK80: 0 | CL80: 0 | CM80: 0 | CN80: 456.03889 | CO80: 0 | CP80: 0 | CQ80: 536.04444 | CR80: 456.03889 | CS80: 536.04444 | CT80: 63.477778 | CU80: 0 | CV80: 63.477778 | CW80: 536.04444 | CX80: 0 | CY80: 90 | CZ80: 0 | DA80: 90 | DB80: 85 | DC80: 79 | DD80: 81 | DE80: 80 | DF80: 72 | DG80: 58 | DH80: 31 | DI80: 0 | DJ80: 0 | DK80: 0 | DL80: 0 | DM80: 0 | DN80: 455 | DO80: 31 | DP80: 0 | DQ80: 576 | DR80: 486 | DS80: 576 | DT80: 0 | DU80: 313 | DV80: 68 | DW80: 1 | DX80: 69 | DY80: 577 | DZ80: 281 | EA80: 29.5 | EB80: 26.5 | EC80: 23 | ED80: 3.5 | EE80: 0 | EF80: 31 | EG80: 0.066826923 | EI80: 86 | EJ80: 486 | EK80: 437 | EL80: 49 | EM80: 0 | EN80: 572 | EO80: 0 | EP80: 71 | EQ80: 71 | ER80: 70 | ES80: 1 | ET80: 11 | EU80: 35 | EV80: 1 | EW80: 3.5 | EX80: 0.85 | EY80: 4.7 | EZ80: 45.05 | FA80: 0 | FB80: 88.344444 | FC80: 88.344444 | FD80: 83.916667 | FE80: 79.316667 | FF80: 81.588889 | FG80: 81.494444 | FH80: 72.983333 | FI80: 58.361111 | FJ80: 33.816667 | FK80: 0 | FL80: 0 | FM80: 0 | FN80: 0 | FO80: 0 | FP80: 457.66111 | FQ80: 33.816667 | FR80: 0 | FS80: 579.82222 | FT80: 491.47778 | FU80: 579.82222 | FV80: 70.816667 | FW80: 2 | FX80: 72.816667 | FY80: 581.82222 | FZ80: 0 | GA80: 83 | GB80: 83 | GC80: 85 | GD80: 84 | GE80: 81 | GF80: 76 | GG80: 81 | GH80: 63 | GI80: 28 | GJ80: 0 | GK80: 0 | GL80: 0 | GM80: 0 | GN80: 0 | GO80: 470 | GP80: 28 | GQ80: 0 | GR80: 581 | GS80: 498 | GT80: 581 | GU80: 0 | GV80: 417 | GW80: 75 | GX80: 4 | GY80: 79 | GZ80: 585 | HA80: 261 | HB80: 30.15 | HC80: 28.15 | HD80: 24.35 | HE80: 3.8 | HG80: 31.15 | HH80: 0 | HI80: 77 | HJ80: 77 | HK80: 74 | HL80: 3 | HM80: 20 | HN80: 91 | HO80: 490 | HP80: 457 | HQ80: 33 | HR80: 0 | HS80: 581 | HT80: =FY26_FE_Data_April15[[#This Row],[Oct 1, 2026 (CDC) - K]]+FY26_FE_Data_April15[[#This Row],[Oct 1, 2026 (CDC) - Grades 1-6]]+FY26_FE_Data_April15[[#This Row],[Oct 1, 2026 (CDC) - Grades 7-8]] -> 581 | HU80: 0
A81: 2J | B81: 2J0 | C81: Ascent Academies of Utah | D81: Charter | E81: Yes | F81: Yes | H81: 260.12222 | I81: 21.666667 | J81: 281.78889 | K81: 315 | L81: 1864 | M81: 319 | N81: 141 | O81: 2639 | P81: 2324 | Q81: 2498 | R81: 31 | S81: 308.65 | T81: 329.86111 | U81: 349.56111 | V81: 310.77778 | W81: 313.46667 | X81: 260.72778 | Y81: 249.02778 | Z81: 157.77778 | AA81: 148.92222 | AB81: 134.64444 | AC81: 0 | AD81: 0 | AE81: 0 | AF81: 1813.4222 | AG81: 306.7 | AH81: 134.64444 | AI81: 2428.7722 | AJ81: 2254.7667 | AK81: 2563.4167 | AL81: 343.21667 | AM81: 30.005556 | AN81: 373.22222 | AO81: 2593.4222 | AP81: 373 | AQ81: 339 | AR81: 353 | AS81: 345 | AT81: 330 | AU81: 317 | AV81: 266 | AW81: 167 | AX81: 149 | AY81: 115 | AZ81: 0 | BA81: 0 | BB81: 0 | BC81: 1950 | BD81: 316 | BE81: 115 | BF81: 2639 | BG81: 2381 | BH81: 2754 | BI81: 177 | BJ81: 196 | BK81: 0 | BL81: 892 | BM81: 336 | BN81: 30 | BO81: 366 | BP81: 334 | BQ81: 0.066970776 | BR81: 171.464 | BS81: 161.464 | BT81: 159.464 | BU81: 171.464 | BV81: 0 | BW81: 0 | BX81: 0 | BY81: 193.43333 | BZ81: 174.18889 | CA81: 367.62222 | CB81: 333.15 | CC81: 346.51667 | CD81: 344.83889 | CE81: 321.67778 | CF81: 306.81111 | CG81: 262.28333 | CH81: 158.53333 | CI81: 141.95 | CJ81: 108.64444 | CK81: 0 | CL81: 0 | CM81: 0 | CN81: 1915.2778 | CO81: 300.48333 | CP81: 108.64444 | CQ81: 2583.3833 | CR81: 2324.4056 | CS81: 2692.0278 | CT81: 343.86111 | CU81: 27.561111 | CV81: 371.42222 | CW81: 2719.5889 | CX81: 0 | CY81: 274 | CZ81: 94 | DA81: 368 | DB81: 372 | DC81: 356 | DD81: 353 | DE81: 351 | DF81: 318 | DG81: 312 | DH81: 164 | DI81: 145 | DJ81: 118 | DK81: 0 | DL81: 0 | DM81: 0 | DN81: 2062 | DO81: 309 | DP81: 118 | DQ81: 2739 | DR81: 2489 | DS81: 2857 | DT81: 0 | DU81: 774 | DV81: 375 | DW81: 37 | DX81: 412 | DY81: 2894 | DZ81: 384 | EA81: 178.76 | EB81: 168.76 | EC81: 121.544 | ED81: 31.753 | EE81: 0 | EF81: 179.76 | EG81: 0.071078796 | EI81: 355 | EJ81: 2489 | EK81: 2066 | EL81: 310 | EM81: 113 | EN81: 2844 | EO81: 0 | EP81: 426 | EQ81: 426 | ER81: 389 | ES81: 37 | ET81: 18 | EU81: 72.45 | EV81: 4.5 | EW81: 15.675 | EX81: 2.725 | EY81: 0 | EZ81: 95.35 | FA81: 53.044444 | FB81: 312.62778 | FC81: 365.67222 | FD81: 363.51111 | FE81: 353.40556 | FF81: 347.37222 | FG81: 346.42778 | FH81: 313.77222 | FI81: 307.70556 | FJ81: 159.03333 | FK81: 140.19444 | FL81: 114.49444 | FM81: 0 | FN81: 0 | FO81: 0 | FP81: 2032.1944 | FQ81: 299.22778 | FR81: 114.49444 | FS81: 2697.0944 | FT81: 2445.9167 | FU81: 2811.5889 | FV81: 394.9 | FW81: 34.616667 | FX81: 429.51667 | FY81: 2846.2056 | FZ81: 34 | GA81: 354 | GB81: 388 | GC81: 388 | GD81: 384 | GE81: 352 | GF81: 355 | GG81: 333 | GH81: 308 | GI81: 177 | GJ81: 151 | GK81: 103 | GL81: 0 | GM81: 0 | GN81: 0 | GO81: 2120 | GP81: 328 | GQ81: 103 | GR81: 2836 | GS81: 2551 | GT81: 2939 | GU81: 0 | GV81: 815 | GW81: 399 | GX81: 30 | GY81: 429 | GZ81: 2969 | HA81: 402 | HB81: 189.214 | HC81: 179.214 | HD81: 130.45 | HE81: 31.194 | HG81: 190.828 | HH81: 0 | HI81: 423 | HJ81: 423 | HK81: 393 | HL81: 30 | HM81: 24 | HN81: 383 | HO81: 2657 | HP81: 2225 | HQ81: 317 | HR81: 115 | HS81: 3040 | HT81: =FY26_FE_Data_April15[[#This Row],[Oct 1, 2026 (CDC) - K]]+FY26_FE_Data_April15[[#This Row],[Oct 1, 2026 (CDC) - Grades 1-6]]+FY26_FE_Data_April15[[#This Row],[Oct 1, 2026 (CDC) - Grades 7-8]] -> 2925 | HU81: 0
A82: 2K | B82: 2K0 | C82: Utah Military Academy | D82: Charter | E82: Yes | F82: Yes | H82: 154.75556 | I82: 4.9666667 | J82: 159.72222 | K82: 0 | L82: 0 | M82: 307 | N82: 605 | O82: 912 | P82: 912 | Q82: 307 | R82: 6 | S82: 0 | T82: 0 | U82: 0 | V82: 0 | W82: 0 | X82: 0 | Y82: 0 | Z82: 138.13889 | AA82: 151.65556 | AB82: 170.19444 | AC82: 145.63333 | AD82: 144.23333 | AE82: 117.48333 | AF82: 0 | AG82: 289.79444 | AH82: 577.54444 | AI82: 289.79444 | AJ82: 867.33889 | AK82: 867.33889 | AL82: 147.02778 | AM82: 5.7333333 | AN82: 152.76111 | AO82: 873.07222 | AP82: 0 | AQ82: 0 | AR82: 0 | AS82: 0 | AT82: 0 | AU82: 0 | AV82: 0 | AW82: 147 | AX82: 153 | AY82: 182 | AZ82: 166 | BA82: 132 | BB82: 126 | BC82: 0 | BD82: 300 | BE82: 606 | BF82: 300 | BG82: 906 | BH82: 906 | BI82: 0 | BJ82: 0 | BK82: 0 | BL82: 298 | BM82: 150 | BN82: 6 | BO82: 156 | BP82: 145 | BQ82: 0.079091166 | BR82: 67.16 | BS82: 64.16 | BT82: 63.66 | BU82: 68.16 | BV82: 0 | BW82: 0 | BX82: 0 | BY82: 0 | BZ82: 0 | CA82: 0 | CB82: 0 | CC82: 0 | CD82: 0 | CE82: 0 | CF82: 0 | CG82: 0 | CH82: 136.11111 | CI82: 144.05556 | CJ82: 170.63333 | CK82: 157.34444 | CL82: 121.7 | CM82: 119.22222 | CN82: 0 | CO82: 280.16667 | CP82: 568.9 | CQ82: 280.16667 | CR82: 849.06667 | CS82: 849.06667 | CT82: 133.55556 | CU82: 5.2444444 | CV82: 138.8 | CW82: 854.31111 | CX82: 0 | CY82: 0 | CZ82: 0 | DA82: 0 | DB82: 0 | DC82: 0 | DD82: 0 | DE82: 0 | DF82: 0 | DG82: 0 | DH82: 161 | DI82: 184 | DJ82: 175 | DK82: 171 | DL82: 152 | DM82: 111 | DN82: 0 | DO82: 345 | DP82: 609 | DQ82: 345 | DR82: 954 | DS82: 954 | DT82: 0 | DU82: 264 | DV82: 145 | DW82: 3 | DX82: 148 | DY82: 957 | DZ82: 146 | EA82: 65.9 | EB82: 60 | EC82: 0.6 | ED82: 52.2 | EE82: 0 | EF82: 66.4 | EG82: 0.090181134 | EI82: 0 | EJ82: 954 | EK82: 0 | EL82: 305 | EM82: 649 | EN82: 954 | EO82: 0 | EP82: 143 | EQ82: 143 | ER82: 140 | ES82: 3 | ET82: 6 | EU82: 18 | EV82: 0 | EW82: 0 | EX82: 2.538 | EY82: 8.11 | EZ82: 28.648 | FA82: 0 | FB82: 0 | FC82: 0 | FD82: 0 | FE82: 0 | FF82: 0 | FG82: 0 | FH82: 0 | FI82: 0 | FJ82: 155.65 | FK82: 182.47222 | FL82: 167.96667 | FM82: 167.11667 | FN82: 149.72778 | FO82: 109.82222 | FP82: 0 | FQ82: 338.12222 | FR82: 594.63333 | FS82: 338.12222 | FT82: 932.75556 | FU82: 932.75556 | FV82: 142.16111 | FW82: 1.5 | FX82: 143.66111 | FY82: 934.25556 | FZ82: 0 | GA82: 0 | GB82: 0 | GC82: 0 | GD82: 0 | GE82: 0 | GF82: 0 | GG82: 0 | GH82: 41 | GI82: 152 | GJ82: 210 | GK82: 248 | GL82: 202 | GM82: 171 | GN82: 139 | GO82: 41 | GP82: 362 | GQ82: 760 | GR82: 403 | GS82: 1163 | GT82: 1163 | GU82: 0 | GV82: 326 | GW82: 175 | GX82: 9 | GY82: 184 | GZ82: 1172 | HA82: 167 | HB82: 73.05 | HC82: 69.15 | HD82: 1.6 | HE82: 60.525 | HG82: 74.85 | HH82: 0 | HI82: 178 | HJ82: 178 | HK82: 177 | HL82: 1 | HM82: 2 | HN82: 0 | HO82: 1200 | HP82: 0 | HQ82: 600 | HR82: 600 | HS82: 1200 | HT82: =FY26_FE_Data_April15[[#This Row],[Oct 1, 2026 (CDC) - K]]+FY26_FE_Data_April15[[#This Row],[Oct 1, 2026 (CDC) - Grades 1-6]]+FY26_FE_Data_April15[[#This Row],[Oct 1, 2026 (CDC) - Grades 7-8]] -> 600 | HU82: 0
A83: 2L | B83: 2L0 | C83: Center For Creativity Innovation And Dicovery | D83: Charter | E83: Yes | F83: Yes | H83: 93.188889 | I83: 1.0777778 | J83: 94.266667 | K83: 50 | L83: 313 | M83: 101 | N83: 0 | O83: 464 | P83: 414 | Q83: 464 | R83: 2 | S83: 46.283333 | T83: 47.1 | U83: 48.294444 | V83: 46.422222 | W83: 52.172222 | X83: 49.316667 | Y83: 54.238889 | Z83: 45.522222 | AA83: 54.694444 | AB83: 0 | AC83: 0 | AD83: 0 | AE83: 0 | AF83: 297.54444 | AG83: 100.21667 | AH83: 0 | AI83: 444.04444 | AJ83: 397.76111 | AK83: 444.04444 | AL83: 90.583333 | AM83: 0 | AN83: 90.583333 | AO83: 444.04444 | AP83: 33 | AQ83: 38 | AR83: 36 | AS83: 39 | AT83: 43 | AU83: 48 | AV83: 53 | AW83: 41 | AX83: 34 | AY83: 0 | AZ83: 0 | BA83: 0 | BB83: 0 | BC83: 257 | BD83: 75 | BE83: 0 | BF83: 365 | BG83: 332 | BH83: 365 | BI83: 33 | BJ83: 0 | BK83: 0 | BL83: 117 | BM83: 70 | BN83: 0 | BO83: 70 | BP83: 2 | BQ83: 0.071303547 | BR83: 27.31 | BS83: 25.21 | BT83: 24.21 | BU83: 29.31 | BV83: 0 | BW83: 0 | BX83: 0 | BY83: 0 | BZ83: 31.605555 | CA83: 31.605556 | CB83: 34.266667 | CC83: 33.138889 | CD83: 34.944444 | CE83: 40.522222 | CF83: 44.894444 | CG83: 47.716667 | CH83: 41.044444 | CI83: 32.561111 | CJ83: 0 | CK83: 0 | CL83: 0 | CM83: 0 | CN83: 235.48333 | CO83: 73.605556 | CP83: 0 | CQ83: 340.69444 | CR83: 309.08889 | CS83: 340.69444 | CT83: 55.627778 | CU83: 0.63333333 | CV83: 56.261111 | CW83: 341.32778 | CX83: 0 | CY83: 26 | CZ83: 0 | DA83: 26 | DB83: 26 | DC83: 28 | DD83: 36 | DE83: 36 | DF83: 38 | DG83: 51 | DH83: 38 | DI83: 53 | DJ83: 0 | DK83: 0 | DL83: 0 | DM83: 0 | DN83: 215 | DO83: 91 | DP83: 0 | DQ83: 332 | DR83: 306 | DS83: 332 | DT83: 0 | DU83: 110 | DV83: 75 | DW83: 2 | DX83: 77 | DY83: 334 | DZ83: 10 | EA83: 25.1 | EB83: 23 | EC83: 15.3 | ED83: 5.7 | EE83: 0 | EF83: 26.1 | EG83: 0.062986192 | EI83: 25 | EJ83: 307 | EK83: 218 | EL83: 89 | EM83: 0 | EN83: 332 | EO83: 0 | EP83: 85 | EQ83: 85 | ER83: 83 | ES83: 2 | ET83: 17 | EU83: 5.5 | EV83: 0 | EW83: 2 | EX83: 2 | EY83: 4.5 | EZ83: 14 | FA83: 0 | FB83: 23.933333 | FC83: 23.933333 | FD83: 25.855556 | FE83: 24.722222 | FF83: 34.416667 | FG83: 32.677778 | FH83: 34.933333 | FI83: 50.172222 | FJ83: 36.555556 | FK83: 47.45 | FL83: 0 | FM83: 0 | FN83: 0 | FO83: 0 | FP83: 202.77778 | FQ83: 84.005556 | FR83: 0 | FS83: 310.71667 | FT83: 286.78333 | FU83: 310.71667 | FV83: 77.838889 | FW83: 2.2388889 | FX83: 80.077778 | FY83: 312.95556 | FZ83: 0 | GA83: 28 | GB83: 28 | GC83: 22 | GD83: 27 | GE83: 20 | GF83: 36 | GG83: 30 | GH83: 36 | GI83: 54 | GJ83: 26 | GK83: 0 | GL83: 0 | GM83: 0 | GN83: 0 | GO83: 171 | GP83: 80 | GQ83: 0 | GR83: 279 | GS83: 251 | GT83: 279 | GU83: 0 | GV83: 116 | GW83: 68 | GX83: 3 | GY83: 71 | GZ83: 282 | HA83: 6 | HB83: 22.1 | HC83: 20.25 | HD83: 11.88 | HE83: 7.47 | HG83: 22.1 | HH83: 0 | HI83: 69 | HJ83: 69 | HK83: 66 | HL83: 3 | HM83: 1 | HN83: 28 | HO83: 251 | HP83: 173 | HQ83: 78 | HR83: 0 | HS83: 279 | HT83: =FY26_FE_Data_April15[[#This Row],[Oct 1, 2026 (CDC) - K]]+FY26_FE_Data_April15[[#This Row],[Oct 1, 2026 (CDC) - Grades 1-6]]+FY26_FE_Data_April15[[#This Row],[Oct 1, 2026 (CDC) - Grades 7-8]] -> 279 | HU83: 0
... A89: 3G | B89: 3G0 | C89: Bear River Charter School | D89: Charter | E89: Yes | F89: Yes | H89: 22.988889 | I89: 1 | J89: 23.988889 | K89: 20 | L89: 125 | M89: 25 | N89: 0 | O89: 170 | P89: 150 | Q89: 170 | R89: 1 | S89: 18.816667 | T89: 19.633333 | U89: 20.144444 | V89: 21 | W89: 21 | X89: 20.827778 | Y89: 19.977778 | Z89: 12.644444 | AA89: 9.9111111 | AB89: 0 | AC89: 0 | AD89: 0 | AE89: 0 | AF89: 122.58333 | AG89: 22.555556 | AH89: 0 | AI89: 163.95556 | AJ89: 145.13889 | AK89: 163.95556 | AL89: 29.066667 | AM89: 0.33888889 | AN89: 29.405556 | AO89: 164.29444 | AP89: 19 | AQ89: 15 | AR89: 19 | AS89: 19 | AT89: 20 | AU89: 20 | AV89: 20 | AW89: 20 | AX89: 14 | AY89: 0 | AZ89: 0 | BA89: 0 | BB89: 0 | BC89: 113 | BD89: 34 | BE89: 0 | BF89: 166 | BG89: 147 | BH89: 166 | BI89: 19 | BJ89: 0 | BK89: 0 | BL89: 31 | BM89: 33 | BN89: 2 | BO89: 35 | BP89: 6 | BQ89: 0.059722222 | BR89: 7.65 | BS89: 7.65 | BT89: 6.25 | BU89: 8.65 | BV89: 0 | BW89: 0 | BX89: 0 | BY89: 0 | BZ89: 19.383333 | CA89: 19.383333 | CB89: 14.477778 | CC89: 18.644444 | CD89: 19.2 | CE89: 20 | CF89: 20.344444 | CG89: 19.116667 | CH89: 18.183333 | CI89: 13.811111 | CJ89: 0 | CK89: 0 | CL89: 0 | CM89: 0 | CN89: 111.78333 | CO89: 31.994444 | CP89: 0 | CQ89: 163.16111 | CR89: 143.77778 | CS89: 163.16111 | CT89: 29.722222 | CU89: 1.95 | CV89: 31.672222 | CW89: 165.11111 | CX89: 0 | CY89: 34 | CZ89: 0 | DA89: 34 | DB89: 23 | DC89: 22 | DD89: 22 | DE89: 23 | DF89: 22 | DG89: 16 | DH89: 0 | DI89: 0 | DJ89: 0 | DK89: 0 | DL89: 0 | DM89: 0 | DN89: 128 | DO89: 0 | DP89: 0 | DQ89: 162 | DR89: 128 | DS89: 162 | DT89: 0 | DU89: 43 | DV89: 24 | DW89: 0 | DX89: 24 | DY89: 162 | DZ89: 6 | EA89: 13.45 | EB89: 12.45 | EC89: 10.55 | ED89: 0 | EE89: 0 | EF89: 13.45 | EG89: 0.054722222 | EI89: 36 | EJ89: 134 | EK89: 134 | EL89: 0 | EM89: 0 | EN89: 170 | EO89: 0 | EP89: 26 | EQ89: 26 | ER89: 26 | ES89: 0 | ET89: 0 | EU89: 7.8 | EV89: 0 | EW89: 0.8 | EX89: 1.2 | EY89: 1.3 | EZ89: 11.1 | FA89: 0 | FB89: 33.283333 | FC89: 33.283333 | FD89: 23 | FE89: 21.555556 | FF89: 21.822222 | FG89: 23 | FH89: 21.983333 | FI89: 16.611111 | FJ89: 0 | FK89: 0 | FL89: 0 | FM89: 0 | FN89: 0 | FO89: 0 | FP89: 127.97222 | FQ89: 0 | FR89: 0 | FS89: 161.25556 | FT89: 127.97222 | FU89: 161.25556 | FV89: 26.088889 | FW89: 0 | FX89: 26.088889 | FY89: 161.25556 | FZ89: 0 | GA89: 43 | GB89: 43 | GC89: 34 | GD89: 22 | GE89: 21 | GF89: 22 | GG89: 23 | GH89: 22 | GI89: 0 | GJ89: 0 | GK89: 0 | GL89: 0 | GM89: 0 | GN89: 0 | GO89: 144 | GP89: 0 | GQ89: 0 | GR89: 187 | GS89: 144 | GT89: 187 | GU89: 0 | GV89: 42 | GW89: 20 | GX89: 0 | GY89: 20 | GZ89: 187 | HA89: 6 | HB89: 14.45 | HC89: 13.45 | HD89: 11.55 | HE89: 0 | HG89: 14.45 | HH89: 0 | HI89: 23 | HJ89: 23 | HK89: 23 | HL89: 0 | HM89: 0 | HN89: 28 | HO89: 173 | HP89: 173 | HQ89: 0 | HR89: 0 | HS89: 201 | HT89: =FY26_FE_Data_April15[[#This Row],[Oct 1, 2026 (CDC) - K]]+FY26_FE_Data_April15[[#This Row],[Oct 1, 2026 (CDC) - Grades 1-6]]+FY26_FE_Data_April15[[#This Row],[Oct 1, 2026 (CDC) - Grades 7-8]] -> 201 | HU89: 0
